Workbook
Name EQUIPTOS: '[1]Equipamentos e material'!#REF!
Name EQUIPTOS: '[1]Equipamentos e material'!#REF!
Name EQUIPTOS: '[1]Equipamentos e material'!#REF!
Name EQUIPTOS: '[1]Equipamentos e material'!#REF!
Name EQUIPTOS: '[1]Equipamentos e material'!#REF!
Name EQUIPTOS: '[1]Equipamentos e material'!#REF!
Name EQUIPTOS: '[1]Equipamentos e material'!#REF!
Name EQUIPTOS: '[1]Equipamentos e material'!#REF!
Name EQUIPTOS: '[1]Equipamentos e material'!#REF!
Name EQUIPTOS: '[1]Equipamentos e material'!#REF!
Name EQUIPTOS: '[1]Equipamentos e material'!#REF!
Name EQUIPTOS: '[1]Equipamentos e material'!#REF!
Name EQUIPTOS: '[1]Equipamentos e material'!#REF!
Name EQUIPTOS: '[1]Equipamentos e material'!#REF!
Name EQUIPTOS: '[1]Equipamentos e material'!#REF!
Name EQUIPTOS: '[1]Equipamentos e material'!#REF!
Name EQUIPTOS: '[1]Equipamentos e material'!#REF!
Name EQUIPTOS: '[1]Equipamentos e material'!#REF!
Name EQUIPTOS: '[1]Equipamentos e material'!#REF!
Name Excel_BuiltIn_Print_Area_1: #REF!
Name Excel_BuiltIn_Print_Area_1: #REF!
Name Excel_BuiltIn_Print_Area_1: #REF!
Name Excel_BuiltIn_Print_Area_1: #REF!
Name Excel_BuiltIn_Print_Area_1: #REF!
Name Excel_BuiltIn_Print_Area_1: #REF!
Name Excel_BuiltIn_Print_Area_1: #REF!
Name Excel_BuiltIn_Print_Area_1: #REF!
Name Excel_BuiltIn_Print_Area_1: #REF!
Name Excel_BuiltIn_Print_Area_1: #REF!
Name Excel_BuiltIn_Print_Area_1: #REF!
Name Excel_BuiltIn_Print_Area_1: #REF!
Name Excel_BuiltIn_Print_Area_1: #REF!
Name Excel_BuiltIn_Print_Area_1: #REF!
Name Excel_BuiltIn_Print_Area_1: #REF!
Name Excel_BuiltIn_Print_Area_1: #REF!
Name Excel_BuiltIn_Print_Area_1: #REF!
Name Excel_BuiltIn_Print_Area_1: #REF!
Name Excel_BuiltIn_Print_Area_1: #REF!
Name Excel_BuiltIn_Print_Area_2: #REF!
Name Excel_BuiltIn_Print_Area_2: #REF!
Name Excel_BuiltIn_Print_Area_2: #REF!
Name Excel_BuiltIn_Print_Area_2: #REF!
Name Excel_BuiltIn_Print_Area_2: #REF!
Name Excel_BuiltIn_Print_Area_2: #REF!
Name Excel_BuiltIn_Print_Area_2: #REF!
Name Excel_BuiltIn_Print_Area_2: #REF!
Name Excel_BuiltIn_Print_Area_2: #REF!
Name Excel_BuiltIn_Print_Area_2: #REF!
Name Excel_BuiltIn_Print_Area_2: #REF!
Name Excel_BuiltIn_Print_Area_2: #REF!
Name Excel_BuiltIn_Print_Area_2: #REF!
Name Excel_BuiltIn_Print_Area_2: #REF!
Name Excel_BuiltIn_Print_Area_2: #REF!
Name Excel_BuiltIn_Print_Area_2: #REF!
Name Excel_BuiltIn_Print_Area_2: #REF!
Name Excel_BuiltIn_Print_Area_2: #REF!
Name Excel_BuiltIn_Print_Area_2: #REF!

Sheet Observações
A1: OBSERVAÇÕES RELATIVAS AS PLANILHAS DE CUSTOS E FORMAÇÃO DE PREÇOS
A3: Planilhas Modelo | B3: 1 - DEVERÃO ser utilizadas as planilhas de custos e formação de preços conforme modelo do anexo II do edital; 2 - Solicita-se usar sistemática de arredondamento nas fórmulas, tanto para valores quanto para percentuais, utilizando sempre duas casas decimais para cálculo dos postos e valores: =ARRED(...;2), e nove casas decimais para o cálculo da produtividade: =ARRED(...;9) 3 - Sugere-se ainda, habilitar nas planilhas do Excel a opção "Habilitar cálculo interativo", esta ação contribui para o cálculo integrado dos diversos módulos da planilha, segue caminho: (ARQUIVO/Opções/Fórmulas/Habilitar cálculo interativo).
B4: 4 - Nas planilhas de insumos a periodicidade/mês e o quantitativo devem ser preenchidos conforme informações constantes no Edital
B5: 5 - Algumas células apresentam fórmulas multiplicadas por 0 (zero) destacadas na cor verde para manter a integridade dos cálculos, caso o conteúdo da célula seja aplicável a licitante sugere-se apagar o zero e manter a integridade do cálculo e/ou adaptar conforme a característica e particularidade da Licitante.
B6: 6 - Ao utilizar utilizar as planilhas Modelo editáveis da CEAGESP sugere-se seguir o preenchimento na ordem em que se encontram para facilitar a integração dos cálculos e manutenção das fórmulas
A7: CATEGORIA SINDICAL - Acordos e Convenções Coletivas | B7: A Licitante deverá indicar em campo específico qual o ano, a data base e a convenção coletiva de trabalho que está sendo utilizada para compor salários e benefícios em suas planilhas de custos e formação de preços. Os modelos constantes no Edital e no Portal CEAGESP deverão ser adaptados conforme as caracteristicas e particularidades de cada empresa licitante.
A9: Acordos e Convenções Coletivas | B9: Apresentar cópia dos Acordos e Convenções Coletivas que a Licitante utilizou para compor salários e benefícios na planilha de custos e formaão de preços
A10: Acordos e Convenções Coletivas - Mão de Obra | B10: Salários, benefícios e demais itens obrigatórios constantes nos acordos e convenções coletivas utilizadas pela Licitante que se aplicam a mão de obra deverão compor as planilhas de custos e formação de preços.
A11: Acordos e Convenções Coletivas - (Itens não permitidos) | B11: INSTRUÇÃO NORMATINA Nº 05/2017 Art. 6º A Administração não se vincula às disposições contidas em Acordos, Convenções ou Dissídios Coletivos de Trabalho que tratem de pagamento de participação dos trabalhadores nos lucros ou resultados da empresa contratada, de matéria não trabalhista, ou que estabeleçam direitos não previstos em lei, tais como valores ou índices obrigatórios de encargos sociais ou previdenciários, bem como de preços para os insumos relacionados ao exercício da atividade. Parágrafo único. É vedado ao órgão e entidade vincular-se às disposições previstas nos Acordos, Convenções ou Dissídios Coletivos de Trabalho que tratem de obrigações e direitos que somente se aplicam aos contratos com a Administração Pública.
A12: PLANILHA - INSUMOS DIVERSOS | B12: As planilhas constantes no edital são modelos e as empresas licitantes deverão atender aos dispositivos compostos no Edital, como por exemplo no Anexo I - Termo de Referência, Anexo II - Modelo de Planilhas, e demais condições do instrumento convocatório.
A13: MODULO 1 - COMPOSIÇÃO DA REMUNERAÇÃO | B13: Os salários e beneficios utilizados nos modelos de planilhas de custos e formação de preços constantes no Edital tem como base a Convenção Coletiva de Trabalho 2023 das referidas categorias dos postos de serviços. Observa-se ainda que funções não definidas em convenção coletiva serão corrigidas de acordo com o percentual de reajuste definido na convenção coletiva de trabalho utilizada pela licitante.
A15: Adicional de Insalubridade e Periculosidade | B15: Prever nas planilhas de custos conforme legislação vigente (se necessário)
A16: IMPORTANTE | B16: As planilhas de custos elaboradas pela CEAGESP tem como base o nosso histórico de contratações, sendo assim, as planilhas de custos da Licitante devem espelhar a sua realidade como por exemplo: sindicatos, percentuais de tributos, SAT, insumos, etc.
A17: Sub módulo 2.2 (Anexar junto com as planilhas) | B17: A Licitante deve anexar junto com as planilhas a memória de cálculo SAT (FAP x RAT) informando o percentual RAT conforme CNAE da empresa, bem como a comprovação do percentual do FAP (Fator Acidentario de Prevenção) através de competente documento o qual pode ser obtido em http://www.previdencia.gov.br/saude-e-seguranca-do-trabalhador/politicas-de-prevencao/fator-acidentario-de-prevencao-fap/ E cópia da página da GFIP-SEFIP onde consta o FAP e o RAT ajustado da empresa.
A18: Módulo 3 Item D (Custos não renováveis) | B18: Aviso Prévio Trabalhado: conforme orientações descritas no Acórdão nº 1.186/2017 TCU-Plenário e reafirmada no Acórdão nº 1.586/2018 TCU-Plenário, a parcela referente à esta rúbrica será excluída após o primeiro ano de contrato, e a cada ano adicional poderá ser incluído a parcela mensal no percentual máximo de até 0,194%.
A19: Submódulos 4.2 e 4.2.1 | B19: Cálculo dos Submódulos 4.2 e 4.2.1 somente se previstos no Instrumento Convocatório
A20: Submódulo 4.2.1 - Cobertura de Feriados, Dias Ponte, e outros (exceto para postos 12 x 36) | B20: Consideramos p/ este cálculo os feriados nacionais e estaduais durante o ano. A Licitante deverá prever em suas planilhas sua realidade e particularidade. OBSERVAÇÃO: O cálculo de dias utilizado pela licitante na fase licitatória referente a esta rubrica permanecerá até o término do contrato, portanto, a licitante deverá prever em seus custos eventuais diferenças quantitativas de dias ocorridas.
... A24: MEMÓRIA DE CÁLCULO | B24: A LICITANTE DEVERÁ APRESENTAR/DESCREVER A MEMÓRIA DE CÁLCULO UTILIZADA NOS DIVERSOS MÓDULOS DE SUAS PLANILHAS DE CUSTOS E JUSTIFICÁ-LAS QUANDO NECESSÁRIO.
A25: OBSERVAÇÕES GERAIS
A27: OBSERVAÇÃO 1: Caso o licitante tenha interesse em utilizar os modelos das planilhas de custo desenvolvidas pela Ceagesp, poderá acessá-la no endereço www.ceagesp.gov.br, opção acesso a informação (licitações e contratos). OBSERVAÇÃO 2: Os modelos disponibilizados encontram-se em Excel e possuem fórmulas que podem ser adaptadas conforme as características, legalmente aceitáveis, de cada licitante. OBSERVAÇÃO 3: A Ceagesp não se responsabilizará pela utilização incorreta das fórmulas disponibilizadas nas planilhas quando essas prejudicarem os preços ofertados pelos licitantes. Observa se ainda que a mesma pode ser adaptada pela licitante.

Sheet Insumos Diversos
A1: PROCESSO Nº 125/2025 (LOTE 02)
A2: INSUMOS DIVERSOS DE MÃO-DE-OBRA
A3: OBJETO: PRESTAÇÃO DE SERVIÇOS DE LIMPEZA, CONSERVAÇÃO E APOIO OPERACIONAL PARA ENTREPOSTOS DO INTERIOR
A4: MATERIAIS E UTENSÍLIOS - Limpeza e Conservação | B4: Periodicidade / Meses | C4: Valor Unitário | D4: CEGUA | F4: CEPIR | H4: CESJC | J4: CESOR
D5: Quantidade | E5: Valor | F5: Quantidade | G5: Valor | H5: Quantidade | I5: Valor | J5: Quantidade | K5: Valor
A6: Balde plástico com alças – 20 litros | B6: 6 | C6: 0 | D6: 1 | E6: =ROUND((C6*D6)/B6,2) -> 0 | F6: 6 | G6: =ROUND((C6*F6)/B6,2) -> 0 | H6: 4 | I6: =ROUND((C6*H6)/B6,2) -> 0 | J6: 4 | K6: =ROUND((C6*J6)/B6,2) -> 0
A7: Colher de Pedreiro - 8 polegadas | B7: 12 | C7: 0 | D7: 1 | E7: =ROUND((C7*D7)/B7,2) -> 0 | F7: 1 | G7: =ROUND((C7*F7)/B7,2) -> 0 | H7: 1 | I7: =ROUND((C7*H7)/B7,2) -> 0 | J7: 1 | K7: =ROUND((C7*J7)/B7,2) -> 0
A8: Cone de sinalização com 75 cm de altura, 2 faixas refletivas e orifício na parte supeior | B8: 6 | C8: 0 | D8: 10 | E8: =ROUND((C8*D8)/B8,2) -> 0 | F8: 2 | G8: =ROUND((C8*F8)/B8,2) -> 0 | H8: 6 | I8: =ROUND((C8*H8)/B8,2) -> 0 | J8: 5 | K8: =ROUND((C8*J8)/B8,2) -> 0
A9: Conjunto MOP úmido profissional (ou similar) | B9: 12 | C9: 0 | D9: 0 | E9: =ROUND((C9*D9)/B9,2) -> 0 | F9: 1 | G9: =ROUND((C9*F9)/B9,2) -> 0 | H9: 1 | I9: =ROUND((C9*H9)/B9,2) -> 0 | J9: 1 | K9: =ROUND((C9*J9)/B9,2) -> 0
A10: Refil do Conjunto MOP úmido profissional (ou similar) | B10: 3 | C10: 0 | D10: 0 | E10: =ROUND((C10*D10)/B10,2) -> 0 | F10: 1 | G10: =ROUND((C10*F10)/B10,2) -> 0 | H10: 1 | I10: =ROUND((C10*H10)/B10,2) -> 0 | J10: 1 | K10: =ROUND((C10*J10)/B10,2) -> 0
A11: Escova de Limpeza Oval - Base Plástica | B11: 3 | C11: 0 | D11: 3 | E11: =ROUND((C11*D11)/B11,2) -> 0 | F11: 4 | G11: =ROUND((C11*F11)/B11,2) -> 0 | H11: 4 | I11: =ROUND((C11*H11)/B11,2) -> 0 | J11: 12 | K11: =ROUND((C11*J11)/B11,2) -> 0
A12: Escova para higienização de vaso sanitário | B12: 3 | C12: 0 | D12: 6 | E12: =ROUND((C12*D12)/B12,2) -> 0 | F12: 3 | G12: =ROUND((C12*F12)/B12,2) -> 0 | H12: 10 | I12: =ROUND((C12*H12)/B12,2) -> 0 | J12: 12 | K12: =ROUND((C12*J12)/B12,2) -> 0
A13: Espanador | B13: 6 | C13: 0 | D13: 0 | E13: =ROUND((C13*D13)/B13,2) -> 0 | F13: 4 | G13: =ROUND((C13*F13)/B13,2) -> 0 | H13: 1 | I13: =ROUND((C13*H13)/B13,2) -> 0 | J13: 1 | K13: =ROUND((C13*J13)/B13,2) -> 0
A14: Espátula | B14: 12 | C14: 0 | D14: 0 | E14: =ROUND((C14*D14)/B14,2) -> 0 | F14: 2 | G14: =ROUND((C14*F14)/B14,2) -> 0 | H14: 2 | I14: =ROUND((C14*H14)/B14,2) -> 0 | J14: 1 | K14: =ROUND((C14*J14)/B14,2) -> 0
A15: Esponja Dupla Face | B15: 1 | C15: 0 | D15: 5 | E15: =ROUND((C15*D15)/B15,2) -> 0 | F15: 20 | G15: =ROUND((C15*F15)/B15,2) -> 0 | H15: 20 | I15: =ROUND((C15*H15)/B15,2) -> 0 | J15: 12 | K15: =ROUND((C15*J15)/B15,2) -> 0
A16: Extensão elétrica 20m | B16: 12 | C16: 0 | D16: 1 | E16: =ROUND((C16*D16)/B16,2) -> 0 | F16: 2 | G16: =ROUND((C16*F16)/B16,2) -> 0 | H16: 2 | I16: =ROUND((C16*H16)/B16,2) -> 0 | J16: 2 | K16: =ROUND((C16*J16)/B16,2) -> 0
A17: Fita zebrada de filme polietileno 70mm x 200m | B17: 12 | C17: 0 | D17: 1 | E17: =ROUND((C17*D17)/B17,2) -> 0 | F17: 5 | G17: =ROUND((C17*F17)/B17,2) -> 0 | H17: 15 | I17: =ROUND((C17*H17)/B17,2) -> 0 | J17: 12 | K17: =ROUND((C17*J17)/B17,2) -> 0
... A68: Tambor de plástico - 200 litros | B68: 24 | C68: 0 | D68: 5 | E68: =ROUND((C68*D68)/B68,2) -> 0 | F68: 0 | G68: =ROUND((C68*F68)/B68,2) -> 0 | H68: 10 | I68: =ROUND((C68*H68)/B68,2) -> 0 | J68: 0 | K68: =ROUND((C68*J68)/B68,2) -> 0
A69: TOTAL MENSAL | E69: =SUM(E6:E68) -> 0 | G69: =SUM(G6:G68) -> 0 | I69: =SUM(I6:I68) -> 0 | K69: =SUM(K6:K68) -> 0
A71: MATERIAIS E UTENSÍLIOS - Jardinagem | B71: =B4 -> Periodicidade / Meses | C71: =C4 -> Valor Unitário | D71: =D4 -> CEGUA | F71: =F4 -> CEPIR | H71: =H4 -> CESJC | J71: =J4 -> CESOR
D72: =D5 -> Quantidade | E72: =E5 -> Valor | F72: =F5 -> Quantidade | G72: =G5 -> Valor | H72: =H5 -> Quantidade | I72: =I5 -> Valor | J72: =J5 -> Quantidade | K72: =K5 -> Valor
A73: Enxada com Cabo Longo | B73: 24 | C73: 0 | D73: 1 | E73: =ROUND((C73*D73)/B73,2) -> 0 | F73: 4 | G73: =ROUND((C73*F73)/B73,2) -> 0 | H73: 3 | I73: =ROUND((C73*H73)/B73,2) -> 0 | J73: 2 | K73: =ROUND((C73*J73)/B73,2) -> 0
A74: Enxadão com Cabo Longo | B74: 24 | C74: 0 | D74: 0 | E74: =ROUND((C74*D74)/B74,2) -> 0 | F74: 0 | G74: =ROUND((C74*F74)/B74,2) -> 0 | H74: 1 | I74: =ROUND((C74*H74)/B74,2) -> 0 | J74: 0 | K74: =ROUND((C74*J74)/B74,2) -> 0
A75: Escova de aço | B75: 12 | C75: 0 | D75: 0 | E75: =ROUND((C75*D75)/B75,2) -> 0 | F75: 0 | G75: =ROUND((C75*F75)/B75,2) -> 0 | H75: 0 | I75: =ROUND((C75*H75)/B75,2) -> 0 | J75: 0 | K75: =ROUND((C75*J75)/B75,2) -> 0
A76: Facão de corte - 18 polegadas | B76: 24 | C76: 0 | D76: 1 | E76: =ROUND((C76*D76)/B76,2) -> 0 | F76: 2 | G76: =ROUND((C76*F76)/B76,2) -> 0 | H76: 2 | I76: =ROUND((C76*H76)/B76,2) -> 0 | J76: 2 | K76: =ROUND((C76*J76)/B76,2) -> 0
A77: Cavadeira Articulada com Cabo Longo | B77: 24 | C77: 0 | D77: 1 | E77: =ROUND((C77*D77)/B77,2) -> 0 | F77: 2 | G77: =ROUND((C77*F77)/B77,2) -> 0 | H77: 1 | I77: =ROUND((C77*H77)/B77,2) -> 0 | J77: 2 | K77: =ROUND((C77*J77)/B77,2) -> 0
A78: Carrinho de mão pneu maciço (50 litros) | B78: 60 | C78: 0 | D78: 0 | E78: =ROUND((C78*D78)/B78,2) -> 0 | F78: 0 | G78: =ROUND((C78*F78)/B78,2) -> 0 | H78: 0 | I78: =ROUND((C78*H78)/B78,2) -> 0 | J78: 0 | K78: =ROUND((C78*J78)/B78,2) -> 0
A79: Girica com duas rodas e pneu automotivo 165 x 60 x 13 | B79: 60 | C79: 0 | D79: 0 | E79: =ROUND((C79*D79)/B79,2) -> 0 | F79: 0 | G79: =ROUND((C79*F79)/B79,2) -> 0 | H79: 0 | I79: =ROUND((C79*H79)/B79,2) -> 0 | J79: 0 | K79: =ROUND((C79*J79)/B79,2) -> 0
A80: Carrinho de mão tipo baleia com caçamba de polietileno e pneu maciço (200 litros) | B80: 60 | C80: 0 | D80: 0 | E80: =ROUND((C80*D80)/B80,2) -> 0 | F80: 0 | G80: =ROUND((C80*F80)/B80,2) -> 0 | H80: 0 | I80: =ROUND((C80*H80)/B80,2) -> 0 | J80: 0 | K80: =ROUND((C80*J80)/B80,2) -> 0
A81: Vanga com ponta e Cabo Longo | B81: 24 | C81: 0 | D81: 0 | E81: =ROUND((C81*D81)/B81,2) -> 0 | F81: 2 | G81: =ROUND((C81*F81)/B81,2) -> 0 | H81: 1 | I81: =ROUND((C81*H81)/B81,2) -> 0 | J81: 2 | K81: =ROUND((C81*J81)/B81,2) -> 0
A82: Garfo de 4 dentes com Cabo Longo | B82: 36 | C82: 0 | D82: 1 | E82: =ROUND((C82*D82)/B82,2) -> 0 | F82: 2 | G82: =ROUND((C82*F82)/B82,2) -> 0 | H82: 1 | I82: =ROUND((C82*H82)/B82,2) -> 0 | J82: 2 | K82: =ROUND((C82*J82)/B82,2) -> 0
A83: Foice | B83: 36 | C83: 0 | D83: 0 | E83: =ROUND((C83*D83)/B83,2) -> 0 | F83: 0 | G83: =ROUND((C83*F83)/B83,2) -> 0 | H83: 1 | I83: =ROUND((C83*H83)/B83,2) -> 0 | J83: 0 | K83: =ROUND((C83*J83)/B83,2) -> 0
A84: Rastelo Plástico de 22 dentes com Cabo Longo | B84: 36 | C84: 0 | D84: 1 | E84: =ROUND((C84*D84)/B84,2) -> 0 | F84: 0 | G84: =ROUND((C84*F84)/B84,2) -> 0 | H84: 5 | I84: =ROUND((C84*H84)/B84,2) -> 0 | J84: 2 | K84: =ROUND((C84*J84)/B84,2) -> 0
... A93: Vassoura de Metal de Jardinagem com Cabo Longo | B93: 12 | C93: 0 | D93: 0 | E93: =ROUND((C93*D93)/B93,2) -> 0 | F93: 0 | G93: =ROUND((C93*F93)/B93,2) -> 0 | H93: 0 | I93: =ROUND((C93*H93)/B93,2) -> 0 | J93: 0 | K93: =ROUND((C93*J93)/B93,2) -> 0
A94: TOTAL MÉDIA MENSAL | E94: =SUM(E73:E93) -> 0 | G94: =SUM(G73:G93) -> 0 | I94: =SUM(I73:I93) -> 0 | K94: =SUM(K73:K93) -> 0
A96: UTENSÍLIOS (Uso Geral) | B96: =B71 -> Periodicidade / Meses | C96: =C71 -> Valor Unitário | D96: =D71 -> CEGUA | F96: =F71 -> CEPIR | H96: =H71 -> CESJC | J96: =J71 -> CESOR
D97: =D72 -> Quantidade | E97: =E72 -> Valor | F97: =F72 -> Quantidade | G97: =G72 -> Valor | H97: =H72 -> Quantidade | I97: =I72 -> Valor | J97: =J72 -> Quantidade | K97: =K72 -> Valor
A98: Cone de sinalização - polietileno, base quadrada com 110x60x60 e faixas refletivas | B98: 6 | C98: 0 | D98: 10 | E98: =ROUND((C98*D98)/B98,2) -> 0 | F98: 2 | G98: =ROUND((C98*F98)/B98,2) -> 0 | H98: 3 | I98: =ROUND((C98*H98)/B98,2) -> 0 | J98: 5 | K98: =ROUND((C98*J98)/B98,2) -> 0
A99: Escada doméstica 5 degraus | B99: 36 | C99: 0 | D99: 0 | E99: =ROUND((C99*D99)/B99,2) -> 0 | F99: 1 | G99: =ROUND((C99*F99)/B99,2) -> 0 | H99: 1 | I99: =ROUND((C99*H99)/B99,2) -> 0 | J99: 1 | K99: =ROUND((C99*J99)/B99,2) -> 0
A100: Escada grande externa | B100: 36 | C100: 0 | D100: 1 | E100: =ROUND((C100*D100)/B100,2) -> 0 | F100: 1 | G100: =ROUND((C100*F100)/B100,2) -> 0 | H100: 1 | I100: =ROUND((C100*H100)/B100,2) -> 0 | J100: 1 | K100: =ROUND((C100*J100)/B100,2) -> 0
A101: Extensão elétrica cabo PP 10/20A – 30m | B101: 12 | C101: 0 | D101: 1 | E101: =ROUND((C101*D101)/B101,2) -> 0 | F101: 2 | G101: =ROUND((C101*F101)/B101,2) -> 0 | H101: 1 | I101: =ROUND((C101*H101)/B101,2) -> 0 | J101: 2 | K101: =ROUND((C101*J101)/B101,2) -> 0
A102: Mangueira doméstica de 50 m | B102: 12 | C102: 0 | D102: 1 | E102: =ROUND((C102*D102)/B102,2) -> 0 | F102: 2 | G102: =ROUND((C102*F102)/B102,2) -> 0 | H102: 2 | I102: =ROUND((C102*H102)/B102,2) -> 0 | J102: 2 | K102: =ROUND((C102*J102)/B102,2) -> 0
A103: TOTAL MENSAL | E103: =SUM(E98:E102) -> 0 | I103: =SUM(I98:I102) -> 0 | K103: =SUM(K98:K102) -> 0
A105: MÁQUINAS E EQUIPAMENTOS (Limpeza e Conservação) | B105: DEPRECIAÇÃO ANUAL % | C105: Valor Unitário | D105: =D96 -> CEGUA | F105: =F96 -> CEPIR | H105: =H96 -> CESJC | J105: =J96 -> CESOR
D106: =D97 -> Quantidade | E106: =E97 -> Valor | F106: =F97 -> Quantidade | G106: =G97 -> Valor | H106: =H97 -> Quantidade | I106: =I97 -> Valor | J106: =J97 -> Quantidade | K106: =K97 -> Valor
A107: Lavadora e secadora de piso elétrica, tensão 127V/220V, nova, do ano e modelo ofertados, em conformidade com a proposta comercial apresentada, equipada com tanque com capacidade mínima de 50 (cinquenta) litros, bateria com autonomia mínima de 5 (cinco) horas, escova acessória e desempenho operacional igual ou superior a 7.000 m²/h (sete mil metros quadrados por hora). | B107: 0.1 | C107: 0 | D107: 0 | E107: =ROUND(((C107*B107)*D107)/12,2) -> 0 | F107: 0 | G107: =ROUND(((C107*F107)*B107)/12,2) -> 0 | H107: 0 | I107: =ROUND(((B107*C107)*H107)/12,2) -> 0 | J107: 0 | K107: =ROUND(((B107*C107)*J107)/12,2) -> 0
A108: Máquina de Pressão VAP ou similar (Profissional) | B108: 0.1 | C108: 0 | D108: 1 | E108: =ROUND(((C108*B108)*D108)/12,2) -> 0 | F108: 1 | G108: =ROUND(((C108*F108)*B108)/12,2) -> 0 | H108: 1 | I108: =ROUND(((B108*C108)*H108)/12,2) -> 0 | J108: 1 | K108: =ROUND(((B108*C108)*J108)/12,2) -> 0
A109: Aspirador de pó para sólido e líquido | B109: 0.1 | C109: 0 | D109: 0 | E109: =ROUND(((C109*B109)*D109)/12,2) -> 0 | F109: 1 | G109: =ROUND(((C109*F109)*B109)/12,2) -> 0 | H109: 0 | I109: =ROUND(((B109*C109)*H109)/12,2) -> 0 | J109: 0 | K109: =ROUND(((B109*C109)*J109)/12,2) -> 0
A110: Carrinho tipo Lutocar plástico (polietileno) 100 litros | B110: 0.1 | C110: 0 | D110: 1 | E110: =ROUND(((C110*B110)*D110)/12,2) -> 0 | F110: 1 | G110: =ROUND(((C110*F110)*B110)/12,2) -> 0 | H110: 0 | I110: =ROUND(((B110*C110)*H110)/12,2) -> 0 | J110: 0 | K110: =ROUND(((B110*C110)*J110)/12,2) -> 0
A111: Carrinho tipo Lutocar plástico (polietileno) 240 litros | B111: 0.1 | C111: 0 | D111: 3 | E111: =ROUND(((C111*B111)*D111)/12,2) -> 0 | F111: 0 | G111: =ROUND(((C111*F111)*B111)/12,2) -> 0 | H111: 2 | I111: =ROUND(((B111*C111)*H111)/12,2) -> 0 | J111: 2 | K111: =ROUND(((B111*C111)*J111)/12,2) -> 0
A112: TOTAL MENSAL | E112: =SUM(E107:E111) -> 0 | G112: =SUM(G107:G111) -> 0 | I112: =SUM(I107:I111) -> 0 | K112: =SUM(K107:K111) -> 0
A114: MÁQUINAS E EQUIPAMENTOS (Jardinagem) | B114: DEPRECIAÇÃO ANUAL % | C114: Valor Unitário | D114: =D105 -> CEGUA | F114: =F105 -> CEPIR | H114: =H105 -> CESJC | J114: =J105 -> CESOR
D115: =D106 -> Quantidade | E115: =E106 -> Valor | F115: =F106 -> Quantidade | G115: =G106 -> Valor | H115: =H106 -> Quantidade | I115: =I106 -> Valor | J115: =J106 -> Quantidade | K115: =K106 -> Valor
A116: Podador a Altura a gasolina 2 Tempos 52 CC | B116: 0.1 | C116: 0 | D116: 0 | E116: =ROUND(((C116*B116)*D116)/12,2) -> 0 | F116: 0 | G116: =ROUND(((B116*C116)*F116)/12,2) -> 0 | H116: 0 | I116: =ROUND(((B116*C116)*H116)/12,2) -> 0 | J116: 0 | K116: =ROUND(((B116*C116)*J116)/12,2) -> 0
A117: Roçadeira costal movida a gasolina (profissional) | B117: 0.1 | C117: 0 | D117: 1 | E117: =ROUND(((C117*B117)*D117)/12,2) -> 0 | F117: 1 | G117: =ROUND(((B117*C117)*F117)/12,2) -> 0 | H117: 2 | I117: =ROUND(((B117*C117)*H117)/12,2) -> 0 | J117: 2 | K117: =ROUND(((B117*C117)*J117)/12,2) -> 0
A118: Soprador de folhas à gasolina 41,5 cc | B118: 0.1 | C118: 0 | D118: 0 | E118: =ROUND(((C118*B118)*D118)/12,2) -> 0 | F118: 0 | G118: =ROUND(((B118*C118)*F118)/12,2) -> 0 | H118: 1 | I118: =ROUND(((B118*C118)*H118)/12,2) -> 0 | J118: 0 | K118: =ROUND(((B118*C118)*J118)/12,2) -> 0
A119: Soprador de folha à gasolina 56,5 cc | B119: 0.1 | C119: 0 | D119: 0 | E119: =ROUND(((C119*B119)*D119)/12,2) -> 0 | F119: 0 | G119: =ROUND(((B119*C119)*F119)/12,2) -> 0 | H119: 0 | I119: =ROUND(((B119*C119)*H119)/12,2) -> 0 | J119: 0 | K119: =ROUND(((B119*C119)*J119)/12,2) -> 0
A120: Pulverizador costal ou similar com capacidade de 20 litros | B120: 0.1 | C120: 0 | D120: 1 | E120: =ROUND(((C120*B120)*D120)/12,2) -> 0 | F120: 1 | G120: =ROUND(((B120*C120)*F120)/12,2) -> 0 | H120: 1 | I120: =ROUND(((B120*C120)*H120)/12,2) -> 0 | J120: 1 | K120: =ROUND(((B120*C120)*J120)/12,2) -> 0
A121: TOTAL MENSAL | E121: =SUM(E116:E120) -> 0 | G121: =SUM(G116:G120) -> 0 | I121: =SUM(I116:I120) -> 0 | K121: =SUM(K116:K120) -> 0
A123: MÁQUINAS E EQUIPAMENTOS (Uso Geral) | B123: =C96 -> Valor Unitário | C123: DEPRECIAÇÃO ANUAL % | D123: =D96 -> CEGUA | F123: =F114 -> CEPIR | H123: =H96 -> CESJC | J123: =J96 -> CESOR
D124: =D97 -> Quantidade | E124: =E97 -> Valor | F124: =F97 -> Quantidade | G124: =G97 -> Valor | H124: =H97 -> Quantidade | I124: =I97 -> Valor | J124: =J97 -> Quantidade | K124: =K97 -> Valor
A125: Trator com potência mínima de 80hp, com até 10 anos de uso, em conformidade com a proposta comercial, ano e modelo ofertado, em bom estado de conservação, com os seguintes implementos novos: carreta de 2 rodas com capacidade mínima de 3 (três) toneladas e roçadeira, com concha frontal (sem lâmina) | B125: 0 | C125: 0.1 | D125: 0 | E125: =ROUND(((B125*C125)*D125)/12,2) -> 0 | F125: 0 | G125: =ROUND(((B125*C125)*F125)/12,2) -> 0 | H125: 0 | I125: =ROUND(((B125*C125)*H125)/12,2) -> 0 | J125: 1 | K125: =ROUND(((B125*C125)*J125)/12,2) -> 0
A126: Trator com potência mínima de 80hp, com até 10 anos de uso, em conformidade com a proposta comercial, ano e modelo ofertado, em bom estado de conservação, com os seguintes implementos novos: carreta, roçadeira e carreta tanque agrícola (pipa), capacidade mínima de 5.000 (cinco mil) litros, para água, com bomba abastecedora, com bomba/mangueira de 6 (seis) metros e esguicho regulável, canhão monitor 360º (trezentos e sessenta graus), bico regulável, com plataforma para operador | B126: 0 | C126: 0.1 | D126: 0 | E126: =ROUND(((C126*B126)*D126)/12,2) -> 0 | F126: 0 | G126: =ROUND(((B126*C126)*F126)/12,2) -> 0 | H126: 0 | I126: =ROUND(((B126*C126)*H126)/12,2) -> 0 | J126: 0 | K126: =ROUND(((B126*C126)*J126)/12,2) -> 0
A127: Mini carregadeira com potência mínima de 60hp, com até 5 (cinco) anos de uso, em conformidade com a proposta comercial, ano e modelo ofertado, em bom estado de conservação, com os seguintes implementos novos: caçamba dumper com capacidade mínima de 1.500 (mil e quinhentos) kg, vassoura recolhedora e concha frontal (sem lâmina) | B127: 0 | C127: 0.1 | D127: 0 | E127: =ROUND(((C127*B127)*D127)/12,2) -> 0 | F127: 0 | G127: =ROUND(((B127*C127)*F127)/12,2) -> 0 | H127: 0 | I127: =ROUND(((B127*C127)*H127)/12,2) -> 0 | J127: 0 | K127: =ROUND(((B127*C127)*J127)/12,2) -> 0
A128: Carrinho plataforma fechado em tela para carga, com 4 rodas maciças (1,5m x 0,80m) 100 litros | B128: 0 | C128: 0.1 | D128: 0 | E128: =ROUND(((C128*B128)*D128)/12,2) -> 0 | F128: 0 | G128: =ROUND(((B128*C128)*F128)/12,2) -> 0 | H128: 0 | I128: =ROUND(((B128*C128)*H128)/12,2) -> 0 | J128: 0 | K128: =ROUND(((B128*C128)*J128)/12,2) -> 0
A129: Carrinho de carga duas rodas tipo tubular para 200 kg | B129: 0 | C129: 0.1 | D129: 0 | E129: =ROUND(((C129*B129)*D129)/12,2) -> 0 | F129: 0 | G129: =ROUND(((B129*C129)*F129)/12,2) -> 0 | H129: 1 | I129: =ROUND(((B129*C129)*H129)/12,2) -> 0 | J129: 0 | K129: =ROUND(((B129*C129)*J129)/12,2) -> 0
A130: Carrinho de mão tipo carriola reforçada com pneu e câmara de ar (65 litros) | B130: 0 | C130: 0.1 | D130: 3 | E130: =ROUND(((C130*B130)*D130)/12,2) -> 0 | F130: 1 | G130: =ROUND(((B130*C130)*F130)/12,2) -> 0 | H130: 0 | I130: =ROUND(((B130*C130)*H130)/12,2) -> 0 | J130: 0 | K130: =ROUND(((B130*C130)*J130)/12,2) -> 0
A131: Girica duas rodas pneu automotivo 165x60x13 | B131: 0 | C131: 0.1 | D131: 1 | E131: =ROUND(((C131*B131)*D131)/12,2) -> 0 | F131: 2 | G131: =ROUND(((B131*C131)*F131)/12,2) -> 0 | H131: 12 | I131: =ROUND(((B131*C131)*H131)/12,2) -> 0 | J131: 6 | K131: =ROUND(((B131*C131)*J131)/12,2) -> 0
A132: Girica uma roda pneu automotivo 165x60x13 | B132: 0 | C132: 0.1 | D132: 0 | E132: =ROUND(((C132*B132)*D132)/12,2) -> 0 | F132: 0 | G132: =ROUND(((B132*C132)*F132)/12,2) -> 0 | H132: 0 | I132: =ROUND(((B132*C132)*H132)/12,2) -> 0 | J132: 0 | K132: =ROUND(((B132*C132)*J132)/12,2) -> 0
A133: Rádio Comunicador (HT) | B133: 0 | C133: 0.1 | D133: 0 | E133: =ROUND(((C133*B133)*D133)/12,2) -> 0 | F133: 0 | G133: =ROUND(((B133*C133)*F133)/12,2) -> 0 | H133: 2 | I133: =ROUND(((B133*C133)*H133)/12,2) -> 0 | J133: 1 | K133: =ROUND(((B133*C133)*J133)/12,2) -> 0
A134: TOTAL MENSAL | E134: =SUM(E125:E133) -> 0 | G134: =SUM(G125:G133) -> 0 | I134: =SUM(I125:I133) -> 0 | K134: =SUM(K125:K133) -> 0
A136: TOTAL MENSAL DOS INSUMOS DIVERSOS | D136: =SUM(E69,E94,E103,E112,E121,E134) -> 0 | F136: =SUM(G69,G94,G103,G112,G121,G134) -> 0 | H136: =SUM(I69,I94,I103,I112,I121,I134) -> 0 | J136: =SUM(K69,K94,K103,K112,K121,K134) -> 0
A138: MATERIAIS SOB EXPENSAS | B138: PERIODICIDADE/Meses | D138: =D123 -> CEGUA | F138: =F123 -> CEPIR | H138: =H123 -> CESJC | J138: =J123 -> CESOR
D139: Quantidade | F139: Quantidade | H139: Quantidade | J139: Quantidade
A140: Relógio Biométrico | B140: 60 | D140: 1 | F140: 1 | H140: 1 | J140: 1
A141: Armario Roupeiro para vestiário (1 porta para cada funcionário) | D141: 1 | F141: 1 | H141: 1 | J141: 1
A142: Bebedouro elétrico em rede de cano d`água ou galão | D142: 1 | F142: 1 | H142: 1 | J142: 1
A143: Forno micro-ondas | D143: 1 | F143: 1 | H143: 1 | J143: 1
A144: Geladeira (Refrigerador) - 240 Litros | D144: 1 | F144: 1 | H144: 1 | J144: 1
A145: Demais itens especificados no Termo de Referência

Sheet Uniformes e EPI's
A1: PROCESSO Nº 125/2025 (Lote 02)
A2: INSUMOS DIVERSOS DE MÃO-DE-OBRA
A3: OBJETO: PRESTAÇÃO DE SERVIÇOS DE LIMPEZA, CONSERVAÇÃO E APOIO OPERACIONAL PARA ENTREPOSTOS DO INTERIOR
A5: UNIFORMES | B5: Periodicidade / Meses | C5: Valor Unitário | D5: CEGUA | F5: CEPIR | H5: CESJC | J5: CESOR
D6: Quantidade | E6: Valor | F6: Quantidade | G6: Valor | H6: Quantidade | I6: Valor | J6: Quantidade | K6: Valor
A7: Camiseta de malha de algodão manga curta c/ emblema da empresa | B7: 6 | C7: 0 | D7: 4 | E7: =ROUND((C7*D7)/B7,2) -> 0 | F7: 4 | G7: =ROUND((C7*F7)/B7,2) -> 0 | H7: 4 | I7: =ROUND((C7*H7)/B7,2) -> 0 | J7: 4 | K7: =ROUND((C7*J7)/B7,2) -> 0
A8: Camiseta de malha de algodão manga longa c/ emblema da empresa | B8: 6 | C8: 0 | D8: 2 | E8: =ROUND((C8*D8)/B8,2) -> 0 | F8: 2 | G8: =ROUND((C8*F8)/B8,2) -> 0 | H8: 2 | I8: =ROUND((C8*H8)/B8,2) -> 0 | J8: 2 | K8: =ROUND((C8*J8)/B8,2) -> 0
A9: Calça comprida em tecido brim ou poliéster, com elástico, cordão e bolso (cargo) | B9: 6 | C9: 0 | D9: 3 | E9: =ROUND((C9*D9)/B9,2) -> 0 | F9: 3 | G9: =ROUND((C9*F9)/B9,2) -> 0 | H9: 3 | I9: =ROUND((C9*H9)/B9,2) -> 0 | J9: 3 | K9: =ROUND((C9*J9)/B9,2) -> 0
A10: Boné de brim com proteção de pescoço removível | B10: 6 | C10: 0 | D10: 1 | E10: =ROUND((C10*D10)/B10,2) -> 0 | F10: 1 | G10: =ROUND((C10*F10)/B10,2) -> 0 | H10: 1 | I10: =ROUND((C10*H10)/B10,2) -> 0 | J10: 1 | K10: =ROUND((C10*J10)/B10,2) -> 0
A11: Chapéu de aba larga | B11: 6 | C11: 0 | D11: 0 | E11: =ROUND((C11*D11)/B11,2) -> 0 | F11: 0 | G11: =ROUND((C11*F11)/B11,2) -> 0 | H11: 0 | I11: =ROUND((C11*H11)/B11,2) -> 0 | J11: 0 | K11: =ROUND((C11*J11)/B11,2) -> 0
A12: Meia de algodão | B12: 6 | C12: 0 | D12: 6 | E12: =ROUND((C12*D12)/B12,2) -> 0 | F12: 6 | G12: =ROUND((C12*F12)/B12,2) -> 0 | H12: 6 | I12: =ROUND((C12*H12)/B12,2) -> 0 | J12: 6 | K12: =ROUND((C12*J12)/B12,2) -> 0
A13: Agasalho/Jaqueta em moletom | B13: 6 | C13: 0 | D13: 2 | E13: =ROUND((C13*D13)/B13,2) -> 0 | F13: 2 | G13: =ROUND((C13*F13)/B13,2) -> 0 | H13: 2 | I13: =ROUND((C13*H13)/B13,2) -> 0 | J13: 2 | K13: =ROUND((C13*J13)/B13,2) -> 0
A14: Botina de couro com solado de borracha, palmilha de fibra não metálica resistente à perfuração e biqueira de composite | B14: 6 | C14: 0 | D14: 1 | E14: =ROUND((C14*D14)/B14,2) -> 0 | F14: 1 | G14: =ROUND((C14*F14)/B14,2) -> 0 | H14: 1 | I14: =ROUND((C14*H14)/B14,2) -> 0 | J14: 1 | K14: =ROUND((C14*J14)/B14,2) -> 0
A15: Botina de borracha impermeável de cano longo | B15: 6 | C15: 0 | D15: 1 | E15: =ROUND((C15*D15)/B15,2) -> 0 | F15: 1 | G15: =ROUND((C15*F15)/B15,2) -> 0 | H15: 1 | I15: =ROUND((C15*H15)/B15,2) -> 0 | J15: 1 | K15: =ROUND((C15*J15)/B15,2) -> 0
A16: Crachá de Identificação | B16: 12 | C16: 0 | D16: 1 | E16: =ROUND((C16*D16)/B16,2) -> 0 | F16: 1 | G16: =ROUND((C16*F16)/B16,2) -> 0 | H16: 1 | I16: =ROUND((C16*H16)/B16,2) -> 0 | J16: 1 | K16: =ROUND((C16*J16)/B16,2) -> 0
A17: TOTAL MENSAL | E17: =SUM(E7:E16) -> 0 | G17: =SUM(G7:G16) -> 0 | I17: =SUM(I7:I16) -> 0 | K17: =SUM(K7:K16) -> 0
A19: EPI's | B19: =B5 -> Periodicidade / Meses | C19: =C5 -> Valor Unitário | D19: =D5 -> CEGUA | F19: =F5 -> CEPIR | H19: =H5 -> CESJC | J19: =J5 -> CESOR
D20: =D6 -> Quantidade | E20: =E6 -> Valor | F20: =F6 -> Quantidade | G20: =G6 -> Valor | H20: =H6 -> Quantidade | I20: =I6 -> Valor | J20: =J6 -> Quantidade | K20: =K6 -> Valor
A21: Caneleira/perneira de proteção para roçadeira (par) | B21: 12 | C21: 0 | D21: 1 | E21: =ROUND((C21*D21)/B21,2) -> 0 | F21: 1 | G21: =ROUND((C21*F21)/B21,2) -> 0 | H21: 2 | I21: =ROUND((C21*H21)/B21,2) -> 0 | J21: 4 | K21: =ROUND((C21*J21)/B21,2) -> 0
A22: Capa Longa Impermeável com Capuz (amarela) | B22: 6 | C22: 0 | D22: 2 | E22: =ROUND((C22*D22)/B22,2) -> 0 | F22: 7 | G22: =ROUND((C22*F22)/B22,2) -> 0 | H22: 12 | I22: =ROUND((C22*H22)/B22,2) -> 0 | J22: 15 | K22: =ROUND((C22*J22)/B22,2) -> 0
A23: Colete de Proteção Refletivo | B23: 12 | C23: 0 | D23: 2 | E23: =ROUND((C23*D23)/B23,2) -> 0 | F23: 7 | G23: =ROUND((C23*F23)/B23,2) -> 0 | H23: 12 | I23: =ROUND((C23*H23)/B23,2) -> 0 | J23: 15 | K23: =ROUND((C23*J23)/B23,2) -> 0
A24: Luvas de Borracha para limpeza com Cano Longo (par) | B24: 3 | C24: 0 | D24: 2 | E24: =ROUND((C24*D24)/B24,2) -> 0 | F24: 7 | G24: =ROUND((C24*F24)/B24,2) -> 0 | H24: 12 | I24: =ROUND((C24*H24)/B24,2) -> 0 | J24: 15 | K24: =ROUND((C24*J24)/B24,2) -> 0
A25: Luvas de Vaqueta com Cano Curto (par) | B25: 12 | C25: 0 | D25: 2 | E25: =ROUND((C25*D25)/B25,2) -> 0 | F25: 6 | G25: =ROUND((C25*F25)/B25,2) -> 0 | H25: 12 | I25: =ROUND((C25*H25)/B25,2) -> 0 | J25: 15 | K25: =ROUND((C25*J25)/B25,2) -> 0
A26: Luvas para Operador de Motosserra (par) | B26: 12 | C26: 0 | D26: 0 | E26: =ROUND((C26*D26)/B26,2) -> 0 | F26: 0 | G26: =ROUND((C26*F26)/B26,2) -> 0 | H26: 0 | I26: =ROUND((C26*H26)/B26,2) -> 0 | J26: 0 | K26: =ROUND((C26*J26)/B26,2) -> 0
A27: Macacão ou Jardineira Impermeável | B27: 12 | C27: 0 | D27: 1 | E27: =ROUND((C27*D27)/B27,2) -> 0 | F27: 7 | G27: =ROUND((C27*F27)/B27,2) -> 0 | H27: 12 | I27: =ROUND((C27*H27)/B27,2) -> 0 | J27: 10 | K27: =ROUND((C27*J27)/B27,2) -> 0
A28: Óculos de Proteção com Armação de ampla visão e ventilação | B28: 6 | C28: 0 | D28: 2 | E28: =ROUND((C28*D28)/B28,2) -> 0 | F28: 7 | G28: =ROUND((C28*F28)/B28,2) -> 0 | H28: 12 | I28: =ROUND((C28*H28)/B28,2) -> 0 | J28: 15 | K28: =ROUND((C28*J28)/B28,2) -> 0
A29: Protetor solar hipoalergênico - FPS 60 | B29: 3 | C29: 0 | D29: 2 | E29: =ROUND((C29*D29)/B29,2) -> 0 | F29: 7 | G29: =ROUND((C29*F29)/B29,2) -> 0 | H29: 12 | I29: =ROUND((C29*H29)/B29,2) -> 0 | J29: 15 | K29: =ROUND((C29*J29)/B29,2) -> 0
A30: Repelente | B30: 3 | C30: 0 | D30: 2 | E30: =ROUND((C30*D30)/B30,2) -> 0 | F30: 7 | G30: =ROUND((C30*F30)/B30,2) -> 0 | H30: 12 | I30: =ROUND((C30*H30)/B30,2) -> 0 | J30: 15 | K30: =ROUND((C30*J30)/B30,2) -> 0
A31: Respirador descartável para poeira e gases (P2) | B31: 3 | C31: 0 | D31: 4 | E31: =ROUND((C31*D31)/B31,2) -> 0 | F31: 18 | G31: =ROUND((C31*F31)/B31,2) -> 0 | H31: 18 | I31: =ROUND((C31*H31)/B31,2) -> 0 | J31: 30 | K31: =ROUND((C31*J31)/B31,2) -> 0
A32: Abafador de Ruído Tipo Concha | B32: 12 | C32: 0 | D32: 0 | E32: =ROUND((C32*D32)/B32,2) -> 0 | F32: 0 | G32: =ROUND((C32*F32)/B32,2) -> 0 | H32: 0 | I32: =ROUND((C32*H32)/B32,2) -> 0 | J32: 0 | K32: =ROUND((C32*J32)/B32,2) -> 0
... A37: Protetor auricular | B37: 3 | C37: 0 | D37: 0 | E37: =ROUND((C37*D37)/B37,2) -> 0 | F37: 0 | G37: =ROUND((C37*F37)/B37,2) -> 0 | H37: 0 | I37: =ROUND((C37*H37)/B37,2) -> 0 | J37: 0 | K37: =ROUND((C37*J37)/B37,2) -> 0
A38: TOTAL MENSAL | E38: =SUM(E20:E36) -> 0 | G38: =SUM(G20:G36) -> 0 | I38: =SUM(I20:I36) -> 0 | K38: =SUM(K20:K36) -> 0
A39: TOTAL MENSAL POR POSTO | D39: =ROUND((E38/'Quadro Resumo M² - CEGUA'!F16),2) -> 0 | F39: =ROUND((G38/'Quadro Resumo M² - CEPIR'!F17),2) -> 0 | H39: =ROUND((I38/'Quadro Resumo M² - CESJC'!F18),2) -> 0 | J39: =ROUND((K38/'Quadro Resumo M² - CESOR'!F20),2) -> 0
E109: ='Uniformes e EPI''s'!I38 -> 0

Sheet Agente de Higienização_CEGUA
A1: PLANILHA DE CUSTO E FORMAÇÃO DE PREÇOS
A2: PROCESSO Nº 125/2025 | F2: LOTE 02
A3: OBJETO: PRESTAÇÃO DE SERVIÇOS DE LIMPEZA, CONSERVAÇÃO E HIGIENIZAÇÃO EM DIVERSOS ENTREPOSTO DO INTERIOR
A5: I - DISCRIMINAÇÃO DOS SERVIÇOS
A6: Data de Apresentação da Proposta:
A7: Município/UF: | F7: GUARATINGUETÁ/SP
A8: Sindicato: SEAC/SP SINDICATO DAS EMPRESAS DE ASSEIO E CONSERVAÇÃO NO ESTADO DE SAO PAULO e SIEMACO-SP - SINDICATO TRABALHADORES EMPRESAS PRESTACAO DE SERVICOS DE ASSEIO E CONSERVACAO E LIMPEZA URBANA DE SP
A10: Ano do acordo, convenção ou dissídio coletivo: | F10: 2025
A11: Tipo de serviço: | F11: LIMPEZA
A12: Unidade de Medida: | F12: Posto/Hora
A13: Período contratual: | F13: 12 MESES
A14: DADOS COMPLEMENTARES
A15: Salário mínimo oficial vigente: | F15: 1518
A16: Categoria Profissional: | F16: Agente de Higienização
A17: Classificação Brasileira de Ocupações (CBO): | F17: 5143-20
A18: Salário Normativo da Categoria Profissional: | F18: 1717.2
A19: Data Base da Categoria: | F19: 45658
A20: Posto de Trabalho: | F20: 44 HORAS SEMANAIS
A21: Quantidade de Pessoas por Posto: | F21: 1
A22: Quantidade de Postos: | F22: ='Quadro Resumo M² - CEGUA'!F8 -> 1
A23: Outras Informações: | F23: DIURNO
A24: Posto de Trabalho: 2ª a 6ª início às 06:00 / Sábado (4h) início às 08:00 - (com intervalo para refeição)
A25: MODULO 1 - COMPOSIÇÃO DA REMUNERAÇÃO
A26: 1 | B26: Composição da Remuneração | F26: Quant/Horas/Perc | G26: Valor Total
A27: A | B27: Salário Base | F27: 1 | G27: =F18*F27 -> 1717.2
A28: B | B28: Adicional Periculosidade | G28: =ROUND(F18*F28,2) -> 0
A29: C | B29: Adicional Insalubridade | F29: 0.4 | G29: =ROUND(F15*F29,2) -> 607.2
A30: D | B30: Adicional de Liderança | G30: =ROUND(F18*F30,2) -> 0
A31: E | B31: Adicional Noturno (Hora Noturna/Hora Reduzida) | F31: =ROUND((ROUND((0*15.22),2)/52.5)*60,2) -> 0 | G31: =ROUND((F18/192*0.2)*F31,2) -> 0
A32: F | B32: DSR Sobre Adicional Noturno | F32: =ROUND(SUM(F31)/25*5,2) -> 0 | G32: =ROUND((F18/192*0.2)*F32,2) -> 0
A33: G | B33: Outrros (especificar) | G33: 0
A34: Total da Remuneração/MÓDULO 1 | G34: =SUM(G27:G33) -> 2324.4
A35: MÓDULO 2 - ENCARGOS E BENEFÍCIOS ANUAIS, MENSAIS E DIÁRIOS
A36: Submódulo 2.1 - 13º Salário, Férias e Adicional de Férias
A37: A | B37: 13º Salário | F37: =ROUND((1/12),6) -> 0.0833 | G37: =ROUND(G$34*F37,2) -> 193.62
A38: B | B38: Ferias e terço constitucional | F38: =ROUND((1/11)+(1/11)/3, 3) -> 0.121 | G38: =ROUND(G$34*F38,2) -> 281.25
B39: Subtotal | F39: =SUM(F37:F38) -> 0.2043
A40: C | B40: Incidência do Submódulo 2.2 sobre o Submódulo 2.1 | F40: =ROUND((F51*F39),4) -> 0.0691 | G40: =ROUND(G$34*F40,2) -> 160.62
A41: Total do Submódulo 2.1 | F41: =ROUND(SUM(F39:F40),4) -> 0.2734 | G41: =SUM(G37:G40) -> 635.49 | H41: =ROUND(G34*F41,2) -> 635.49
A42: Submódulo 2.2 – Encargos Previdenciários (GPS), FGTS e Outras Contribuições | H42: =SUM(G41,G34) -> 2959.89
A43: A | B43: INSS | F43: 0.2 | G43: =ROUND((G$34)*F43,2) -> 464.88
A44: B | B44: Salário Educação | F44: 0.025 | G44: =ROUND((G$34)*F44,2) -> 58.11
A45: C | B45: SAT (Seguro Acidente de Trabalho) | F45: 0 | G45: =ROUND((G$34)*F45,2) -> 0
A46: D | B46: SESC ou SESI | F46: 0.015 | G46: =ROUND((G$34)*F46,2) -> 34.87
A47: E | B47: SENAI - SENAC | F47: 0.01 | G47: =ROUND((G$34)*F47,2) -> 23.24
A48: F | B48: SEBRAE | F48: 0.006 | G48: =ROUND((G$34)*F48,2) -> 13.95
A49: G | B49: INCRA | F49: 0.002 | G49: =ROUND((G$34)*F49,2) -> 4.65
A50: H | B50: FGTS | F50: 0.08 | G50: =ROUND((G$34)*F50,2) -> 185.95
A51: Total do Submódulo 2.2 | F51: =SUM(F43:F50) -> 0.338 | G51: =SUM(G43:G50) -> 785.65 | H51: =ROUND(G34*F51,2) -> 785.65
A52: Submódulo 2.3 – Benefícios Mensais e Diários
A53: A | B53: Transporte | E53: 0 | F53: 52 | G53: =IF(ROUND((E53*F53)-(G27*0.06),2)<0,0,ROUND((E53*F53)-(G27*0.06),2)) -> 0
A54: B | B54: Auxílio Refeição | E54: =20.76-1.39 -> 19.37 | F54: 26 | G54: =ROUND((E54*F54),2) -> 503.62
A55: C | B55: Auxílio Alimentação | E55: 144.68 | F55: 1 | G55: =ROUND((E55*F55),2) -> 144.68
A56: D | B56: Benefício Médico Ambulatorial e Odontológico | E56: 35.33 | F56: 1 | G56: =ROUND((E56*F56),2) -> 35.33
A57: E | B57: Auxílio Creche | E57: =ROUND((F18*30%)*5%,2)*0 -> 0 | F57: 1 | G57: =ROUND((E57*F57),2) -> 0
A58: F | B58: Dia Trabalhador em Asseio e Conservação | E58: =20.76 -> 20.76 | F58: 1 | G58: =ROUND((E58*F58)/12,2) -> 1.73
A59: G | B59: Benefício Social | E59: =15.96 -> 15.96 | F59: 1 | G59: =ROUND((E59*F59),2) -> 15.96
A60: H | B60: Prêmio Assiduidade | E60: 300 | F60: 1 | G60: =ROUND((E60*F60),2) -> 300
A61: I | B61: Outros (Especificar) | E61: 0 | F61: 1 | G61: =ROUND((E61*F61),2) -> 0
A62: J | B62: Outros (Especificar) | E62: 0 | F62: 1 | G62: 0
A63: Total do Submódulo 2.3 | G63: =SUM(G53:G62) -> 1001.32
A64: QUADRO RESUMO - MÓDULO 2
A65: 2.1 | B65: 13º Salário, Férias e Adicional de Férias | F65: =F41 -> 0.2734 | G65: =G41 -> 635.49
A66: 2.2 | B66: Encargos Previdenciários (GPS), FGTS e Outras Contribuições | F66: =F51 -> 0.338 | G66: =G51 -> 785.65
A67: 2.3 | B67: Benefícios Mensais e Diários | G67: =G63 -> 1001.32
A68: TOTAL MÓDULO 2 | G68: =SUM(G65:G67) -> 2422.46
A69: MÓDULO 3 - PROVISÃO PARA RESCISÃO
A70: 3 | B70: Provisão para Rescisão
A71: A | B71: Aviso Prévio Indenizado | F71: =ROUND((1/12)*0.05,4)*0 -> 0 | G71: =ROUND(G$34*F71,2) -> 0
A72: B | B72: Incidência do FGTS sobre Aviso Prévio Indenizado | F72: =ROUND((F71*F50),4)*0 -> 0 | G72: =ROUND(G$34*F72,2) -> 0
A73: C | B73: Multa do FGTS sobre o Aviso Prévio Indenizado | F73: =ROUND((0.08*0.4*0.9)*(1+0.09+0.09+0.3),2)*0 -> 0 | G73: =ROUND(G$34*F73,2) -> 0
A74: D | B74: Aviso Prévio Trabalhado | F74: =ROUND(100%/30*7/12*100%,4)*0 -> 0 | G74: =ROUND(G$34*F74,2) -> 0
A75: E | B75: Incidência de GPS, FGTS e outras contribuições sobre Aviso Prévio Trabalhado | F75: =ROUND(F74*F51,4) -> 0 | G75: =ROUND(G$34*F75,2) -> 0
A76: F | B76: Multa do FGTS sobre o Aviso Prévio Trabalhado. | F76: 0 | G76: =ROUND(G$34*F76,2) -> 0
A77: TOTAL MÓDULO 3 | F77: =SUM(F71:F76) -> 0 | G77: =SUM(G71:G76) -> 0 | H77: =ROUND(G34*F77,2) -> 0
A78: MÓDULO 4 - CUSTO DE REPOSIÇÃO DO PROFISSIONAL AUSENTE
A79: Submódulo 4.1 - Substituto nas Ausências Legais
A80: A | B80: Substituto na cobertura de Férias (Somente se não aportado no submódulo 2.1) | F80: 0 | G80: =ROUND(G$34*F80,2) -> 0
A81: B | B81: Substituto na cobertura de Ausências Legais | F81: =ROUND(((1/30)/12)*1,4)*0 -> 0 | G81: =ROUND(G$34*F81,2) -> 0
A82: C | B82: Substituto na cobertura de Licença Paternidade | F82: =ROUND((((1/30)/12)*5)*0.02,4)*0 -> 0 | G82: =ROUND(G$34*F82,2) -> 0
A83: D | B83: Substituto na cobertura de Ausência por Acidente de Trabalho | F83: =ROUND((((1/30)/12)*15)*0.05,4)*0 -> 0 | G83: =ROUND(G$34*F83,2) -> 0
A84: E | B84: Substituto na cobertura de Afastamento Maternidade (aportar no 4.1.1) | F84: 0 | G84: =ROUND(G$34*F84,2) -> 0
A85: F | B85: Substituto na cobertura de Outras Ausências | F85: =ROUND((((1/30)/12)*5)*0.5,4)*0 -> 0 | G85: =ROUND(G$34*F85,2) -> 0
A86: Total do Submódulo 4.1 | F86: =SUM(F80:F85) -> 0 | G86: =SUM(G80:G85) -> 0 | H86: =ROUND(G34*F86,2) -> 0
A87: Submódulo 4.1.1 - Afastamento Maternidade (120 dias)
A88: A | B88: Férias pagas ao substituto pelos 120 dias de reposição | F88: =ROUND((((ROUND((1/11)+(1/11)/3, 3))*4)/12)*1%,4)*0 -> 0 | G88: =ROUND(G$34*F88,2) -> 0
A89: B | B89: Incidência dos encargos do submódulo 2.2 sobre as férias pagas ao substituto | F89: =ROUND(F88*F51,4) -> 0 | G89: =ROUND(G$34*F89,2) -> 0
A90: C | B90: Incidencia do submódulo 2.2 s/ a remuneração e o 13º proporcionais aos 120 d | F90: =ROUND(ROUND(ROUND(((1+1/12)*4)/12,4)*1%,4)*F51,4)*0 -> 0 | G90: =ROUND(G$34*F90,2) -> 0
A91: D | B91: Outros | F91: 0 | G91: =ROUND(G$34*F91,2) -> 0
A92: Total do Submódulo 4.1.1 | F92: =SUM(F88:F91) -> 0 | G92: =SUM(G88:G91) -> 0 | H92: =ROUND(G34*F92,2) -> 0
A93: Submódulo 4.2 - Intrajornada
A94: A | B94: Cobertura de Intervalo para repouso ou alimentação | F94: =((1/220)*22)*0 -> 0 | G94: =ROUND(G$34*F94,2) -> 0
A95: B | B95: Incidência do Sub módulo 2.2 | F95: =F94*F51 -> 0 | G95: =ROUND(G$34*F95,2) -> 0
A96: Total do Submódulo 4.2 | F96: =SUM(F94:F95) -> 0 | G96: =SUM(G94:G95) -> 0 | H96: =ROUND(G34*F96,2) -> 0
A97: Submódulo 4.2.1 - Cobertura de Feriados, Dias Ponte, e outros (exceto para postos 12 x 36)
A98: A | B98: Cobertura Feriados, Dias Ponte, e outros (exceto para postos 12 x 36) | F98: =((((8*13)/12)/220)+((((8*13)/12)/220)*100%))*0 -> 0 | G98: =ROUND(G$34*F98,2) -> 0
A99: B | B99: Incidência do Sub módulo 2.2 | F99: =F98*F51 -> 0 | G99: =ROUND(G$34*F99,2) -> 0
A100: Total do Submódulo 4.2.1 | F100: =SUM(F98:F99) -> 0 | G100: =SUM(G98:G99) -> 0 | H100: =ROUND(G44*F100,2) -> 0
A101: QUADRO RESUMO - MÓDULO 4
A102: 4.1 | B102: Substituto nas Ausências Legais | F102: =F86 -> 0 | G102: =G86 -> 0
...

Sheet Jardineiro_CEGUA
A1: PLANILHA DE CUSTO E FORMAÇÃO DE PREÇOS
A2: PROCESSO Nº 125/2025 | F2: LOTE 02
A3: OBJETO: PRESTAÇÃO DE SERVIÇOS DE LIMPEZA, CONSERVAÇÃO E HIGIENIZAÇÃO EM DIVERSOS ENTREPOSTO DO INTERIOR
A5: I - DISCRIMINAÇÃO DOS SERVIÇOS
A6: Data de Apresentação da Proposta:
A7: Município/UF: | F7: GUARATINGUETÁ/SP
A8: Sindicato: SINDVERDE - SINDICATO DAS EMPRESAS DE MANUTENCAO E EXECUCAO DE AREAS VERDES PÚBLICAS E PRIVADAS DO ESTADO DE SÃO PAULO
A10: Ano do acordo, convenção ou dissídio coletivo: | F10: 2025/2026
A11: Tipo de serviço: | F11: LIMPEZA
A12: Unidade de Medida: | F12: Posto/Hora
A13: Período contratual: | F13: 12 MESES
A14: DADOS COMPLEMENTARES
A15: Salário mínimo oficial vigente: | F15: 1518
A16: Categoria Profissional: | F16: Jardineiro
A17: Classificação Brasileira de Ocupações (CBO): | F17: 6220-10
A18: Salário Normativo da Categoria Profissional: | F18: 1732.39
A19: Data Base da Categoria: | F19: 45717
A20: Posto de Trabalho: | F20: 44 HORAS SEMANAIS
A21: Quantidade de Pessoas por Posto: | F21: 1
A22: Quantidade de Postos: | F22: 1
A23: Outras Informações: | F23: DIURNO
A24: Posto de Trabalho: 2ª a 6ª início às 06:00 / Sábado (4h) início às 08:00 - (com intervalo para refeição)
A25: MODULO 1 - COMPOSIÇÃO DA REMUNERAÇÃO
A26: 1 | B26: Composição da Remuneração | F26: Quant/Horas/Perc | G26: Valor Total
A27: A | B27: Salário Base | F27: 1 | G27: =F18*F27 -> 1732.39
A28: B | B28: Adicional Periculosidade | G28: =ROUND(F18*F28,2) -> 0
A29: C | B29: Adicional Insalubridade | F29: 0.2 | G29: =ROUND(F15*F29,2) -> 303.6
A30: D | B30: Adicional de Liderança | G30: =ROUND(F18*F30,2) -> 0
A31: E | B31: Adicional Noturno (Hora Noturna/Hora Reduzida) | F31: =ROUND((ROUND((0*15.22),2)/52.5)*60,2) -> 0 | G31: =ROUND((F18/192*0.2)*F31,2) -> 0
A32: F | B32: DSR Sobre Adicional Noturno | F32: =ROUND(SUM(F31)/25*5,2) -> 0 | G32: =ROUND((F18/192*0.2)*F32,2) -> 0
A33: G | B33: Outrros (especificar) | G33: 0
A34: Total da Remuneração/MÓDULO 1 | G34: =SUM(G27:G33) -> 2035.99
A35: MÓDULO 2 - ENCARGOS E BENEFÍCIOS ANUAIS, MENSAIS E DIÁRIOS
A36: Submódulo 2.1 - 13º Salário, Férias e Adicional de Férias
A37: A | B37: 13º Salário | F37: =ROUND((1/12),6) -> 0.0833 | G37: =ROUND(G$34*F37,2) -> 169.6
A38: B | B38: Ferias e terço constitucional | F38: =ROUND((1/11)+(1/11)/3, 3) -> 0.121 | G38: =ROUND(G$34*F38,2) -> 246.35
B39: Subtotal | F39: =SUM(F37:F38) -> 0.2043
A40: C | B40: Incidência do Submódulo 2.2 sobre o Submódulo 2.1 | F40: =ROUND((F51*F39),4) -> 0.0691 | G40: =ROUND(G$34*F40,2) -> 140.69
A41: Total do Submódulo 2.1 | F41: =ROUND(SUM(F39:F40),4) -> 0.2734 | G41: =SUM(G37:G40) -> 556.64 | H41: =ROUND(G34*F41,2) -> 556.64
A42: Submódulo 2.2 – Encargos Previdenciários (GPS), FGTS e Outras Contribuições | H42: =SUM(G41,G34) -> 2592.63
A43: A | B43: INSS | F43: 0.2 | G43: =ROUND((G$34)*F43,2) -> 407.2
A44: B | B44: Salário Educação | F44: 0.025 | G44: =ROUND((G$34)*F44,2) -> 50.9
A45: C | B45: SAT (Seguro Acidente de Trabalho) | F45: 0 | G45: =ROUND((G$34)*F45,2) -> 0
A46: D | B46: SESC ou SESI | F46: 0.015 | G46: =ROUND((G$34)*F46,2) -> 30.54
A47: E | B47: SENAI - SENAC | F47: 0.01 | G47: =ROUND((G$34)*F47,2) -> 20.36
A48: F | B48: SEBRAE | F48: 0.006 | G48: =ROUND((G$34)*F48,2) -> 12.22
A49: G | B49: INCRA | F49: 0.002 | G49: =ROUND((G$34)*F49,2) -> 4.07
A50: H | B50: FGTS | F50: 0.08 | G50: =ROUND((G$34)*F50,2) -> 162.88
A51: Total do Submódulo 2.2 | F51: =SUM(F43:F50) -> 0.338 | G51: =SUM(G43:G50) -> 688.17 | H51: =ROUND(G34*F51,2) -> 688.16
A52: Submódulo 2.3 – Benefícios Mensais e Diários
A53: A | B53: Transporte | E53: 0 | F53: 52 | G53: =IF(ROUND((E53*F53)-(G27*0.06),2)<0,0,ROUND((E53*F53)-(G27*0.06),2)) -> 0
A54: B | B54: Auxílio Refeição | E54: =(12.5-1.4) -> 11.1 | F54: 26 | G54: =ROUND((E54*F54),2) -> 288.6
A55: C | B55: Auxílio Alimentação | E55: =138.6 -> 138.6 | F55: 1 | G55: =ROUND((E55*F55),2) -> 138.6
A56: D | B56: Auxílio Saúde | E56: 34.94 | F56: 1 | G56: =ROUND((E56*F56),2) -> 34.94
A57: E | B57: Auxílio Creche | E57: =ROUND((F18*30%)*5%,2)*0 -> 0 | F57: 1 | G57: =ROUND((E57*F57),2) -> 0
A58: F | B58: Dia Trabalhador | E58: =ROUND(((F18/220)*8)*1.5,2) -> 94.49 | F58: 1 | G58: =ROUND((E58*F58)/12,2) -> 7.87
A59: G | B59: Benefício Social | E59: =9.31 -> 9.31 | F59: 1 | G59: =ROUND((E59*F59),2) -> 9.31
A60: H | B60: Outros (Especificar) | E60: 0 | F60: 1 | G60: =ROUND((E60*F60)/12,2) -> 0
A61: I | B61: Outros (Especificar) | E61: 0 | F61: 1 | G61: =ROUND((E61*F61),2) -> 0
A62: J | B62: Outros (Especificar) | E62: 0 | F62: 1 | G62: 0
A63: Total do Submódulo 2.3 | G63: =SUM(G53:G62) -> 479.32
A64: QUADRO RESUMO - MÓDULO 2
A65: 2.1 | B65: 13º Salário, Férias e Adicional de Férias | F65: =F41 -> 0.2734 | G65: =G41 -> 556.64
A66: 2.2 | B66: Encargos Previdenciários (GPS), FGTS e Outras Contribuições | F66: =F51 -> 0.338 | G66: =G51 -> 688.17
A67: 2.3 | B67: Benefícios Mensais e Diários | G67: =G63 -> 479.32
A68: TOTAL MÓDULO 2 | G68: =SUM(G65:G67) -> 1724.13
A69: MÓDULO 3 - PROVISÃO PARA RESCISÃO
A70: 3 | B70: Provisão para Rescisão
A71: A | B71: Aviso Prévio Indenizado | F71: =ROUND((1/12)*0.05,4)*0 -> 0 | G71: =ROUND(G$34*F71,2) -> 0
A72: B | B72: Incidência do FGTS sobre Aviso Prévio Indenizado | F72: =ROUND((F71*F50),4)*0 -> 0 | G72: =ROUND(G$34*F72,2) -> 0
A73: C | B73: Multa do FGTS sobre o Aviso Prévio Indenizado | F73: =ROUND((0.08*0.4*0.9)*(1+0.09+0.09+0.3),2)*0 -> 0 | G73: =ROUND(G$34*F73,2) -> 0
A74: D | B74: Aviso Prévio Trabalhado | F74: =ROUND(100%/30*7/12*100%,4)*0 -> 0 | G74: =ROUND(G$34*F74,2) -> 0
A75: E | B75: Incidência de GPS, FGTS e outras contribuições sobre Aviso Prévio Trabalhado | F75: =ROUND(F74*F51,4) -> 0 | G75: =ROUND(G$34*F75,2) -> 0
A76: F | B76: Multa do FGTS sobre o Aviso Prévio Trabalhado. | F76: 0 | G76: =ROUND(G$34*F76,2) -> 0
A77: TOTAL MÓDULO 3 | F77: =SUM(F71:F76) -> 0 | G77: =SUM(G71:G76) -> 0 | H77: =ROUND(G34*F77,2) -> 0
A78: MÓDULO 4 - CUSTO DE REPOSIÇÃO DO PROFISSIONAL AUSENTE
A79: Submódulo 4.1 - Substituto nas Ausências Legais
A80: A | B80: Substituto na cobertura de Férias (Somente se não aportado no submódulo 2.1) | F80: 0 | G80: =ROUND(G$34*F80,2) -> 0
A81: B | B81: Substituto na cobertura de Ausências Legais | F81: =ROUND(((1/30)/12)*1,4)*0 -> 0 | G81: =ROUND(G$34*F81,2) -> 0
A82: C | B82: Substituto na cobertura de Licença Paternidade | F82: =ROUND((((1/30)/12)*5)*0.02,4)*0 -> 0 | G82: =ROUND(G$34*F82,2) -> 0
A83: D | B83: Substituto na cobertura de Ausência por Acidente de Trabalho | F83: =ROUND((((1/30)/12)*15)*0.05,4)*0 -> 0 | G83: =ROUND(G$34*F83,2) -> 0
A84: E | B84: Substituto na cobertura de Afastamento Maternidade (aportar no 4.1.1) | F84: 0 | G84: =ROUND(G$34*F84,2) -> 0
A85: F | B85: Substituto na cobertura de Outras Ausências | F85: =ROUND((((1/30)/12)*5)*0.5,4)*0 -> 0 | G85: =ROUND(G$34*F85,2) -> 0
A86: Total do Submódulo 4.1 | F86: =SUM(F80:F85) -> 0 | G86: =SUM(G80:G85) -> 0 | H86: =ROUND(G34*F86,2) -> 0
A87: Submódulo 4.1.1 - Afastamento Maternidade (120 dias)
A88: A | B88: Férias pagas ao substituto pelos 120 dias de reposição | F88: =ROUND((((ROUND((1/11)+(1/11)/3, 3))*4)/12)*1%,4)*0 -> 0 | G88: =ROUND(G$34*F88,2) -> 0
A89: B | B89: Incidência dos encargos do submódulo 2.2 sobre as férias pagas ao substituto | F89: =ROUND(F88*F51,4) -> 0 | G89: =ROUND(G$34*F89,2) -> 0
A90: C | B90: Incidencia do submódulo 2.2 s/ a remuneração e o 13º proporcionais aos 120 d | F90: =ROUND(ROUND(ROUND(((1+1/12)*4)/12,4)*1%,4)*F51,4)*0 -> 0 | G90: =ROUND(G$34*F90,2) -> 0
A91: D | B91: Outros | F91: 0 | G91: =ROUND(G$34*F91,2) -> 0
A92: Total do Submódulo 4.1.1 | F92: =SUM(F88:F91) -> 0 | G92: =SUM(G88:G91) -> 0 | H92: =ROUND(G34*F92,2) -> 0
A93: Submódulo 4.2 - Intrajornada
A94: A | B94: Cobertura de Intervalo para repouso ou alimentação | F94: =((1/220)*22)*0 -> 0 | G94: =ROUND(G$34*F94,2) -> 0
A95: B | B95: Incidência do Sub módulo 2.2 | F95: =F94*F51 -> 0 | G95: =ROUND(G$34*F95,2) -> 0
A96: Total do Submódulo 4.2 | F96: =SUM(F94:F95) -> 0 | G96: =SUM(G94:G95) -> 0 | H96: =ROUND(G34*F96,2) -> 0
A97: Submódulo 4.2.1 - Cobertura de Feriados, Dias Ponte, e outros (exceto para postos 12 x 36)
A98: A | B98: Cobertura Feriados, Dias Ponte, e outros (exceto para postos 12 x 36) | F98: =((((8*13)/12)/220)+((((8*13)/12)/220)*100%))*0 -> 0 | G98: =ROUND(G$34*F98,2) -> 0
A99: B | B99: Incidência do Sub módulo 2.2 | F99: =F98*F51 -> 0 | G99: =ROUND(G$34*F99,2) -> 0
A100: Total do Submódulo 4.2.1 | F100: =SUM(F98:F99) -> 0 | G100: =SUM(G98:G99) -> 0 | H100: =ROUND(G44*F100,2) -> 0
A101: QUADRO RESUMO - MÓDULO 4
A102: 4.1 | B102: Substituto nas Ausências Legais | F102: =F86 -> 0 | G102: =G86 -> 0
...

Sheet Quadro Resumo M² - CEGUA
B1: PROCESSO Nº 125/2025 - LOTE 2
B2: QUADRO RESUMO LICITANTE - CÁLCULO VALOR M²
B3: OBJETO: PRESTAÇÃO DE SERVIÇOS DE LIMPEZA, CONSERVAÇÃO E HIGIENIZAÇÃO EM DIVERSOS ENTREPOSTO DO INTERIOR
B4: ENTRADA DE DADOS
B6: Áreas reais da unidade (em M²) | C6: GUARATINGUETÁ/SP
B7: Tipos de Áreas (1) | C7: TOTAL (M²) | D7: Produtividade/ M² | E7: Dimensionamento de Pessoas | F7: Quant. Mínimo conforme Termo de Referência
B8: ÁREAS INTERNAS | C8: 273.97 | D8: 800 | E8: =C8/D8 -> 0.34 | F8: =ROUNDDOWN(SUM(E8:E12),0) -> 1
B9: AREAS EXTERNAS | C9: 9323.57 | D9: 35000 | E9: =C9/D9 -> 0.27
B10: ÁREAS ENVIDRAÇADAS | C10: 43.93 | D10: 300 | E10: =C10/D10 -> 0.15
B11: SANITÁRIOS | C11: 52.35 | D11: 200 | E11: =C11/D11 -> 0.26
B12: SANITÁRIOS (Diuturno) | C12: 0 | D12: 200 | E12: =C12/D12 -> 0
B13: AREAS VERDES | C13: 11100 | D13: 9000 | E13: =C13/D13 -> 1.23 | F13: =ROUNDDOWN(E13,0) -> 1
B14: Agente de Higienização | F14: ='Agente de Higienização_CEGUA'!F22 -> 1
B15: Jardineiro | F15: =Jardineiro_CEGUA!F22 -> 1
B16: Quantidade mínimo de pessoas conforme Termo de Referência | F16: =SUM(F14:F15) -> 2
B18: Preço do homem-mês (2) : | C18: Valor m.o./ mês
B19: ='Agente de Higienização_CEGUA'!F16 -> Agente de Higienização | C19: ='Agente de Higienização_CEGUA'!G140 -> 4893.67
B20: Jardineiro | C20: =Jardineiro_CEGUA!G140 -> 3876.41
B22: Tipo de área | C22: Produtividade ( I ) (1/M²) (1) | D22: Preço do homem-mês ( II ) | E22: Subtotal (R$/M²) ( I ) x ( II )
B23: área interna
B24: =B19 -> Agente de Higienização | C24: =ROUND(1/(26*D8),9) -> 4.8077e-05 | D24: =C19 -> 4893.67 | E24: =ROUND(D24*C24,2) -> 0.24
C25: preço por m² total - área interna | E25: =SUM(E24:E24) -> 0.24
B26: Tipo de área | C26: Produtividade ( I ) (1/M²) (1) | D26: Preço do homem-mês ( II ) | E26: Subtotal (R$/M²) ( I ) x ( II )
B27: área externa | I27: CONSIDERAR LIMPEZA EXTERNA SEMANALMENTE
B28: =B19 -> Agente de Higienização | C28: =ROUND(1/(D9),9) -> 2.8571e-05 | D28: =C19 -> 4893.67 | E28: =ROUND(D28*C28,2) -> 0.14
C29: preço por m² total - área externa | E29: =SUM(E28:E28) -> 0.14
B30: sanitários
B31: =B19 -> Agente de Higienização | C31: =ROUND(1/(26*D11),9) -> 0.000192308 | D31: =C19 -> 4893.67 | E31: =ROUND(D31*C31,2) -> 0.94
C32: preço por m² total - sanitários | E32: =SUM(E31) -> 0.94
B34: Tipo de área | C34: Produtividade ( I ) (1/M²) (1) | D34: Frequência mês (II) (em horas) | E34: Jornada no mês (III) (em horas) | F34: Coeficiente (ki) ( I )x( II )x( III )=( IV ) | G34: Preço do homem-mês ( V ) | H34: Subtotal(R$/M²) ( IV )x( V )
B36: vidros- fachada interna e externa (3)
B37: =B19 -> Agente de Higienização | C37: =ROUND(1/D10,9) -> 0.003333333 | D37: =((C10/D10)*8) -> 1 | E37: =ROUND(1/188.76,9) -> 0.005297733 | F37: =ROUND(((C37)*(E37)*(D37)),9) -> 1.7659e-05 | G37: =C19 -> 4893.67 | H37: =ROUND(G37*F37,2) -> 0.09
G38: preço por m² total - esquadria interna e externa | H38: =ROUND(SUM(H37:H37),2) -> 0.09
B40: Tipo de área | C40: Produtividade ( I ) (1/M²) (1) | D40: Preço do homem-mês ( II ) | E40: Subtotal (R$/M²) ( I ) x ( II )
B41: área verde
B42: =B19 -> Agente de Higienização | C42: =ROUND(1/(26*D13),9) -> 4.274e-06 | D42: =C19 -> 4893.67 | E42: =ROUND(D42*C42,2) -> 0.02
B43: =B20 -> Jardineiro | C43: =ROUND(1/(D13),9) -> 0.000111111 | D43: =C20 -> 3876.41 | E43: =ROUND(D43*C43,2) -> 0.43
C44: preço por m² total - área verde | E44: =SUM(E42:E43) -> 0.45
B46: Tipo de área | C46: Preço por M² Mensal (R$/M²) | D46: Área (M²) / Mês | E46: Limite por tipo de Área(R$) / Mês | F46: Área (M²) / 12 Meses | G46: Limite por tipo de Área (R$) 12 Meses
B48: área interna | C48: =E25 -> 0.24 | D48: =C8 -> 273.97 | E48: =ROUND(D48*C48,2) -> 65.75 | F48: =D48*12 -> 3287.64 | G48: =E48*12 -> 789
B49: área externa | C49: =E29 -> 0.14 | D49: =C9 -> 9323.57 | E49: =ROUND(D49*C49,2) -> 1305.3 | F49: =D49*12 -> 111882.84 | G49: =E49*12 -> 15663.6
B50: áreas envidraçadas | C50: =H38 -> 0.09 | D50: =C10 -> 43.93 | E50: =ROUND(D50*C50,2) -> 3.95 | F50: =D50*12 -> 527.16 | G50: =E50*12 -> 47.4
B51: sanitários | C51: =E32 -> 0.94 | D51: =C11 -> 52.35 | E51: =ROUND(D51*C51,2) -> 49.21 | F51: =D51*12 -> 628.2 | G51: =E51*12 -> 590.52
B52: sanitários (diuturno) | C52: 0 | D52: =C12 -> 0 | E52: =ROUND(D52*C52,2) -> 0 | F52: =D52*12 -> 0 | G52: =E52*12 -> 0
B53: áreas verdes | C53: =E44 -> 0.45 | D53: =C13 -> 11100 | E53: =ROUND(D53*C53,2) -> 4995 | F53: =D53*12 -> 133200 | G53: =E53*12 -> 59940
A54: % | B54: Limite Máximo Contratação por Tipo de Área mensal (R$) | G54: =SUM(E48:E53) -> 6419.21
B55: Limite Máximo Contratação por Tipo de Área - Período de 12 Meses (R$) | G55: =SUM(G48:G54) -> 83449.73
B56: Insumos Diversos Mensal (R$) | G56: ='Insumos Diversos'!D136 -> 0
B57: Insumos Diversos - Período de 12 Meses (R$) | G57: =G56*12 -> 0
B58: TOTAL MENSAL MÃO DE OBRA + INSUMOS DIVERSOS | G58: =SUM(G56,G54) -> 6419.21
B59: TOTAL POR 12 MESES DA MÃO DE OBRA + INSUMOS DIVERSOS | G59: =G58*12 -> 77030.52
B60: Observações:
B61: (1) Produtividades auferidas de acordo com o Termo de Referência e informações enviadas pela área gestora.
B62: (2) O preço do homem-mês está acrescido da provisão dos insumos diversos.
B63: (3) Freqüência em horas por mês, no caso da área de vidros - fachada externa.
B64: (4) Freqüência em horas por mês, no caso da área de vidros - fachada interna.
B65: Os valores contidos neste quadro devem espelhar a PROPOSTA COMERCIAL.

Sheet Agente de Higienização_CEPIR
A1: PLANILHA DE CUSTO E FORMAÇÃO DE PREÇOS
A2: PROCESSO Nº 125/2025 | F2: LOTE 02
A3: OBJETO: PRESTAÇÃO DE SERVIÇOS DE LIMPEZA, CONSERVAÇÃO E HIGIENIZAÇÃO EM DIVERSOS ENTREPOSTO DO INTERIOR
A5: I - DISCRIMINAÇÃO DOS SERVIÇOS
A6: Data de Apresentação da Proposta:
A7: Município/UF: | F7: PIRACICABA/SP
A8: Sindicato: SEAC/SP SINDICATO DAS EMPRESAS DE ASSEIO E CONSERVAÇÃO NO ESTADO DE SAO PAULO e SIEMACO-SP - SINDICATO TRABALHADORES EMPRESAS PRESTACAO DE SERVICOS DE ASSEIO E CONSERVACAO E LIMPEZA URBANA DE SP
A10: Ano do acordo, convenção ou dissídio coletivo: | F10: 2025
A11: Tipo de serviço: | F11: LIMPEZA
A12: Unidade de Medida: | F12: Posto/Hora
A13: Período contratual: | F13: 12 MESES
A14: DADOS COMPLEMENTARES
A15: Salário mínimo oficial vigente: | F15: 1518
A16: Categoria Profissional: | F16: Agente de Higienização
A17: Classificação Brasileira de Ocupações (CBO): | F17: 5143-20
A18: Salário Normativo da Categoria Profissional: | F18: 1766.58
A19: Data Base da Categoria: | F19: 45658
A20: Posto de Trabalho: | F20: 44 HORAS SEMANAIS
A21: Quantidade de Pessoas por Posto: | F21: 1
A22: Quantidade de Postos: | F22: 5
A23: Outras Informações: | F23: DIURNO
A24: Posto de trabalho: 2ª à 6ª início às 07:00 (com intervalo para refeição)
A25: MODULO 1 - COMPOSIÇÃO DA REMUNERAÇÃO
A26: 1 | B26: Composição da Remuneração | F26: Quant/Horas/Perc | G26: Valor Total
A27: A | B27: Salário Base | F27: 1 | G27: =F18*F27 -> 1766.58
A28: B | B28: Adicional Periculosidade | G28: =ROUND(F18*F28,2) -> 0
A29: C | B29: Adicional Insalubridade | F29: 0.4 | G29: =ROUND(F15*F29,2) -> 607.2
A30: D | B30: Adicional de Liderança | G30: =ROUND(F18*F30,2) -> 0
A31: E | B31: Adicional Noturno (Hora Noturna/Hora Reduzida) | F31: =ROUND((ROUND((0*15.22),2)/52.5)*60,2) -> 0 | G31: =ROUND((F18/192*0.2)*F31,2) -> 0
A32: F | B32: DSR Sobre Adicional Noturno | F32: =ROUND(SUM(F31)/25*5,2) -> 0 | G32: =ROUND((F18/192*0.2)*F32,2) -> 0
A33: G | B33: Outrros (especificar) | G33: 0
A34: Total da Remuneração/MÓDULO 1 | G34: =SUM(G27:G33) -> 2373.78
A35: MÓDULO 2 - ENCARGOS E BENEFÍCIOS ANUAIS, MENSAIS E DIÁRIOS
A36: Submódulo 2.1 - 13º Salário, Férias e Adicional de Férias
A37: A | B37: 13º Salário | F37: =ROUND((1/12),6) -> 0.0833 | G37: =ROUND(G$34*F37,2) -> 197.74
A38: B | B38: Ferias e terço constitucional | F38: =ROUND((1/11)+(1/11)/3, 3) -> 0.121 | G38: =ROUND(G$34*F38,2) -> 287.23
B39: Subtotal | F39: =SUM(F37:F38) -> 0.2043
A40: C | B40: Incidência do Submódulo 2.2 sobre o Submódulo 2.1 | F40: =ROUND((F51*F39),4) -> 0.0691 | G40: =ROUND(G$34*F40,2) -> 164.03
A41: Total do Submódulo 2.1 | F41: =ROUND(SUM(F39:F40),4) -> 0.2734 | G41: =SUM(G37:G40) -> 649 | H41: =ROUND(G34*F41,2) -> 648.99
A42: Submódulo 2.2 – Encargos Previdenciários (GPS), FGTS e Outras Contribuições | H42: =SUM(G41,G34) -> 3022.78
A43: A | B43: INSS | F43: 0.2 | G43: =ROUND((G$34)*F43,2) -> 474.76
A44: B | B44: Salário Educação | F44: 0.025 | G44: =ROUND((G$34)*F44,2) -> 59.34
A45: C | B45: SAT (Seguro Acidente de Trabalho) | F45: 0 | G45: =ROUND((G$34)*F45,2) -> 0
A46: D | B46: SESC ou SESI | F46: 0.015 | G46: =ROUND((G$34)*F46,2) -> 35.61
A47: E | B47: SENAI - SENAC | F47: 0.01 | G47: =ROUND((G$34)*F47,2) -> 23.74
A48: F | B48: SEBRAE | F48: 0.006 | G48: =ROUND((G$34)*F48,2) -> 14.24
A49: G | B49: INCRA | F49: 0.002 | G49: =ROUND((G$34)*F49,2) -> 4.75
A50: H | B50: FGTS | F50: 0.08 | G50: =ROUND((G$34)*F50,2) -> 189.9
A51: Total do Submódulo 2.2 | F51: =SUM(F43:F50) -> 0.338 | G51: =SUM(G43:G50) -> 802.34 | H51: =ROUND(G34*F51,2) -> 802.34
A52: Submódulo 2.3 – Benefícios Mensais e Diários
A53: A | B53: Transporte | E53: 0 | F53: 42 | G53: =IF(ROUND((E53*F53)-(G27*0.06),2)<0,0,ROUND((E53*F53)-(G27*0.06),2)) -> 0
A54: B | B54: Auxílio Refeição | E54: =20.76-1.39 -> 19.37 | F54: 21 | G54: =ROUND((E54*F54),2) -> 406.77
A55: C | B55: Auxílio Alimentação | E55: 144.68 | F55: 1 | G55: =ROUND((E55*F55),2) -> 144.68
A56: D | B56: Benefício Médico Ambulatorial e Odontológico | E56: 35.33 | F56: 1 | G56: =ROUND((E56*F56),2) -> 35.33
A57: E | B57: Auxílio Creche | E57: =ROUND((F18*30%)*5%,2)*0 -> 0 | F57: 1 | G57: =ROUND((E57*F57),2) -> 0
A58: F | B58: Dia Trabalhador em Asseio e Conservação | E58: =20.76 -> 20.76 | F58: 1 | G58: =ROUND((E58*F58)/12,2) -> 1.73
A59: G | B59: Benefício Social | E59: =15.96 -> 15.96 | F59: 1 | G59: =ROUND((E59*F59),2) -> 15.96
A60: H | B60: Prêmio Assiduidade | E60: 300 | F60: 1 | G60: =ROUND((E60*F60),2) -> 300
A61: I | B61: Outros (Especificar) | E61: 0 | F61: 1 | G61: =ROUND((E61*F61),2) -> 0
A62: J | B62: Outros (Especificar) | E62: 0 | F62: 1 | G62: 0
A63: Total do Submódulo 2.3 | G63: =SUM(G53:G62) -> 904.47
A64: QUADRO RESUMO - MÓDULO 2
A65: 2.1 | B65: 13º Salário, Férias e Adicional de Férias | F65: =F41 -> 0.2734 | G65: =G41 -> 649
A66: 2.2 | B66: Encargos Previdenciários (GPS), FGTS e Outras Contribuições | F66: =F51 -> 0.338 | G66: =G51 -> 802.34
A67: 2.3 | B67: Benefícios Mensais e Diários | G67: =G63 -> 904.47
A68: TOTAL MÓDULO 2 | G68: =SUM(G65:G67) -> 2355.81
A69: MÓDULO 3 - PROVISÃO PARA RESCISÃO
A70: 3 | B70: Provisão para Rescisão
A71: A | B71: Aviso Prévio Indenizado | F71: =ROUND((1/12)*0.05,4)*0 -> 0 | G71: =ROUND(G$34*F71,2) -> 0
A72: B | B72: Incidência do FGTS sobre Aviso Prévio Indenizado | F72: =ROUND((F71*F50),4)*0 -> 0 | G72: =ROUND(G$34*F72,2) -> 0
A73: C | B73: Multa do FGTS sobre o Aviso Prévio Indenizado | F73: =ROUND((0.08*0.4*0.9)*(1+0.09+0.09+0.3),2)*0 -> 0 | G73: =ROUND(G$34*F73,2) -> 0
A74: D | B74: Aviso Prévio Trabalhado | F74: =ROUND(100%/30*7/12*100%,4)*0 -> 0 | G74: =ROUND(G$34*F74,2) -> 0
A75: E | B75: Incidência de GPS, FGTS e outras contribuições sobre Aviso Prévio Trabalhado | F75: =ROUND(F74*F51,4) -> 0 | G75: =ROUND(G$34*F75,2) -> 0
A76: F | B76: Multa do FGTS sobre o Aviso Prévio Trabalhado. | F76: 0 | G76: =ROUND(G$34*F76,2) -> 0
A77: TOTAL MÓDULO 3 | F77: =SUM(F71:F76) -> 0 | G77: =SUM(G71:G76) -> 0 | H77: =ROUND(G34*F77,2) -> 0
A78: MÓDULO 4 - CUSTO DE REPOSIÇÃO DO PROFISSIONAL AUSENTE
A79: Submódulo 4.1 - Substituto nas Ausências Legais
A80: A | B80: Substituto na cobertura de Férias (Somente se não aportado no submódulo 2.1) | F80: 0 | G80: =ROUND(G$34*F80,2) -> 0
A81: B | B81: Substituto na cobertura de Ausências Legais | F81: =ROUND(((1/30)/12)*1,4)*0 -> 0 | G81: =ROUND(G$34*F81,2) -> 0
A82: C | B82: Substituto na cobertura de Licença Paternidade | F82: =ROUND((((1/30)/12)*5)*0.02,4)*0 -> 0 | G82: =ROUND(G$34*F82,2) -> 0
A83: D | B83: Substituto na cobertura de Ausência por Acidente de Trabalho | F83: =ROUND((((1/30)/12)*15)*0.05,4)*0 -> 0 | G83: =ROUND(G$34*F83,2) -> 0
A84: E | B84: Substituto na cobertura de Afastamento Maternidade (aportar no 4.1.1) | F84: 0 | G84: =ROUND(G$34*F84,2) -> 0
A85: F | B85: Substituto na cobertura de Outras Ausências | F85: =ROUND((((1/30)/12)*5)*0.5,4)*0 -> 0 | G85: =ROUND(G$34*F85,2) -> 0
A86: Total do Submódulo 4.1 | F86: =SUM(F80:F85) -> 0 | G86: =SUM(G80:G85) -> 0 | H86: =ROUND(G34*F86,2) -> 0
A87: Submódulo 4.1.1 - Afastamento Maternidade (120 dias)
A88: A | B88: Férias pagas ao substituto pelos 120 dias de reposição | F88: =ROUND((((ROUND((1/11)+(1/11)/3, 3))*4)/12)*1%,4)*0 -> 0 | G88: =ROUND(G$34*F88,2) -> 0
A89: B | B89: Incidência dos encargos do submódulo 2.2 sobre as férias pagas ao substituto | F89: =ROUND(F88*F51,4) -> 0 | G89: =ROUND(G$34*F89,2) -> 0
A90: C | B90: Incidencia do submódulo 2.2 s/ a remuneração e o 13º proporcionais aos 120 d | F90: =ROUND(ROUND(ROUND(((1+1/12)*4)/12,4)*1%,4)*F51,4)*0 -> 0 | G90: =ROUND(G$34*F90,2) -> 0
A91: D | B91: Outros | F91: 0 | G91: =ROUND(G$34*F91,2) -> 0
A92: Total do Submódulo 4.1.1 | F92: =SUM(F88:F91) -> 0 | G92: =SUM(G88:G91) -> 0 | H92: =ROUND(G34*F92,2) -> 0
A93: Submódulo 4.2 - Intrajornada
A94: A | B94: Cobertura de Intervalo para repouso ou alimentação | F94: =((1/220)*22)*0 -> 0 | G94: =ROUND(G$34*F94,2) -> 0
A95: B | B95: Incidência do Sub módulo 2.2 | F95: =F94*F51 -> 0 | G95: =ROUND(G$34*F95,2) -> 0
A96: Total do Submódulo 4.2 | F96: =SUM(F94:F95) -> 0 | G96: =SUM(G94:G95) -> 0 | H96: =ROUND(G34*F96,2) -> 0
A97: Submódulo 4.2.1 - Cobertura de Feriados, Dias Ponte, e outros (exceto para postos 12 x 36)
A98: A | B98: Cobertura Feriados, Dias Ponte, e outros (exceto para postos 12 x 36) | F98: =((((8*13)/12)/220)+((((8*13)/12)/220)*100%))*0 -> 0 | G98: =ROUND(G$34*F98,2) -> 0
A99: B | B99: Incidência do Sub módulo 2.2 | F99: =F98*F51 -> 0 | G99: =ROUND(G$34*F99,2) -> 0
A100: Total do Submódulo 4.2.1 | F100: =SUM(F98:F99) -> 0 | G100: =SUM(G98:G99) -> 0 | H100: =ROUND(G44*F100,2) -> 0
A101: QUADRO RESUMO - MÓDULO 4
A102: 4.1 | B102: Substituto nas Ausências Legais | F102: =F86 -> 0 | G102: =G86 -> 0
...

Sheet Jardineiro_CEPIR
A1: PLANILHA DE CUSTO E FORMAÇÃO DE PREÇOS
A2: PROCESSO Nº 125/2025 | F2: LOTE 02
A3: OBJETO: PRESTAÇÃO DE SERVIÇOS DE LIMPEZA, CONSERVAÇÃO E HIGIENIZAÇÃO EM DIVERSOS ENTREPOSTO DO INTERIOR
A5: I - DISCRIMINAÇÃO DOS SERVIÇOS
A6: Data de Apresentação da Proposta:
A7: Município/UF: | F7: PIRACICABA/SP
A8: Sindicato: SINDVERDE - SINDICATO DAS EMPRESAS DE MANUTENCAO E EXECUCAO DE AREAS VERDES PÚBLICAS E PRIVADAS DO ESTADO DE SÃO PAULO
A10: Ano do acordo, convenção ou dissídio coletivo: | F10: 2025 / 2026
A11: Tipo de serviço: | F11: LIMPEZA
A12: Unidade de Medida: | F12: Posto/Hora
A13: Período contratual: | F13: 12 MESES
A14: DADOS COMPLEMENTARES
A15: Salário mínimo oficial vigente: | F15: 1518
A16: Categoria Profissional: | F16: Jardineiro
A17: Classificação Brasileira de Ocupações (CBO): | F17: 6220-10
A18: Salário Normativo da Categoria Profissional: | F18: 1732.39
A19: Data Base da Categoria: | F19: 45717
A20: Posto de Trabalho: | F20: 44 HORAS SEMANAIS
A21: Quantidade de Pessoas por Posto: | F21: 1
A22: Quantidade de Postos: | F22: 1
A23: Outras Informações: | F23: DIURNO
A24: Posto de trabalho: 2ª à 6ª início às 07:00 (com intervalo para refeição)
A25: MODULO 1 - COMPOSIÇÃO DA REMUNERAÇÃO
A26: 1 | B26: Composição da Remuneração | F26: Quant/Horas/Perc | G26: Valor Total
A27: A | B27: Salário Base | F27: 1 | G27: =F18*F27 -> 1732.39
A28: B | B28: Adicional Periculosidade | G28: =ROUND(F18*F28,2) -> 0
A29: C | B29: Adicional Insalubridade | F29: 0.2 | G29: =ROUND(F15*F29,2) -> 303.6
A30: D | B30: Adicional de Liderança | G30: =ROUND(F18*F30,2) -> 0
A31: E | B31: Adicional Noturno (Hora Noturna/Hora Reduzida) | F31: =ROUND((ROUND((0*15.22),2)/52.5)*60,2) -> 0 | G31: =ROUND((F18/192*0.2)*F31,2) -> 0
A32: F | B32: DSR Sobre Adicional Noturno | F32: =ROUND(SUM(F31)/25*5,2) -> 0 | G32: =ROUND((F18/192*0.2)*F32,2) -> 0
A33: G | B33: Outrros (especificar) | G33: 0
A34: Total da Remuneração/MÓDULO 1 | G34: =SUM(G27:G33) -> 2035.99
A35: MÓDULO 2 - ENCARGOS E BENEFÍCIOS ANUAIS, MENSAIS E DIÁRIOS
A36: Submódulo 2.1 - 13º Salário, Férias e Adicional de Férias
A37: A | B37: 13º Salário | F37: =ROUND((1/12),6) -> 0.0833 | G37: =ROUND(G$34*F37,2) -> 169.6
A38: B | B38: Ferias e terço constitucional | F38: =ROUND((1/11)+(1/11)/3, 3) -> 0.121 | G38: =ROUND(G$34*F38,2) -> 246.35
B39: Subtotal | F39: =SUM(F37:F38) -> 0.2043
A40: C | B40: Incidência do Submódulo 2.2 sobre o Submódulo 2.1 | F40: =ROUND((F51*F39),4) -> 0.0691 | G40: =ROUND(G$34*F40,2) -> 140.69
A41: Total do Submódulo 2.1 | F41: =ROUND(SUM(F39:F40),4) -> 0.2734 | G41: =SUM(G37:G40) -> 556.64 | H41: =ROUND(G34*F41,2) -> 556.64
A42: Submódulo 2.2 – Encargos Previdenciários (GPS), FGTS e Outras Contribuições | H42: =SUM(G41,G34) -> 2592.63
A43: A | B43: INSS | F43: 0.2 | G43: =ROUND((G$34)*F43,2) -> 407.2
A44: B | B44: Salário Educação | F44: 0.025 | G44: =ROUND((G$34)*F44,2) -> 50.9
A45: C | B45: SAT (Seguro Acidente de Trabalho) | F45: 0 | G45: =ROUND((G$34)*F45,2) -> 0
A46: D | B46: SESC ou SESI | F46: 0.015 | G46: =ROUND((G$34)*F46,2) -> 30.54
A47: E | B47: SENAI - SENAC | F47: 0.01 | G47: =ROUND((G$34)*F47,2) -> 20.36
A48: F | B48: SEBRAE | F48: 0.006 | G48: =ROUND((G$34)*F48,2) -> 12.22
A49: G | B49: INCRA | F49: 0.002 | G49: =ROUND((G$34)*F49,2) -> 4.07
A50: H | B50: FGTS | F50: 0.08 | G50: =ROUND((G$34)*F50,2) -> 162.88
A51: Total do Submódulo 2.2 | F51: =SUM(F43:F50) -> 0.338 | G51: =SUM(G43:G50) -> 688.17 | H51: =ROUND(G34*F51,2) -> 688.16
A52: Submódulo 2.3 – Benefícios Mensais e Diários
A53: A | B53: Transporte | E53: 0 | F53: 44 | G53: =IF(ROUND((E53*F53)-(G27*0.06),2)<0,0,ROUND((E53*F53)-(G27*0.06),2)) -> 0
A54: B | B54: Auxílio Refeição | E54: =(12.5-1.4) -> 11.1 | F54: 22 | G54: =ROUND((E54*F54),2) -> 244.2
A55: C | B55: Auxílio Alimentação | E55: =138.6 -> 138.6 | F55: 1 | G55: =ROUND((E55*F55),2) -> 138.6
A56: D | B56: Auxílio Saúde | E56: 34.94 | F56: 1 | G56: =ROUND((E56*F56),2) -> 34.94
A57: E | B57: Auxílio Creche | E57: =ROUND((F18*30%)*5%,2)*0 -> 0 | F57: 1 | G57: =ROUND((E57*F57),2) -> 0
A58: F | B58: Dia Trabalhador | E58: =ROUND(((F18/220)*8)*1.5,2) -> 94.49 | F58: 1 | G58: =ROUND((E58*F58)/12,2) -> 7.87
A59: G | B59: Benefício Social | E59: =9.31 -> 9.31 | F59: 1 | G59: =ROUND((E59*F59),2) -> 9.31
A60: H | B60: Outros (Especificar) | E60: 0 | F60: 1 | G60: =ROUND((E60*F60),2) -> 0
A61: I | B61: Outros (Especificar) | E61: 0 | F61: 1 | G61: =ROUND((E61*F61),2) -> 0
A62: J | B62: Outros (Especificar) | E62: 0 | F62: 1 | G62: 0
A63: Total do Submódulo 2.3 | G63: =SUM(G53:G62) -> 434.92
A64: QUADRO RESUMO - MÓDULO 2
A65: 2.1 | B65: 13º Salário, Férias e Adicional de Férias | F65: =F41 -> 0.2734 | G65: =G41 -> 556.64
A66: 2.2 | B66: Encargos Previdenciários (GPS), FGTS e Outras Contribuições | F66: =F51 -> 0.338 | G66: =G51 -> 688.17
A67: 2.3 | B67: Benefícios Mensais e Diários | G67: =G63 -> 434.92
A68: TOTAL MÓDULO 2 | G68: =SUM(G65:G67) -> 1679.73
A69: MÓDULO 3 - PROVISÃO PARA RESCISÃO
A70: 3 | B70: Provisão para Rescisão
A71: A | B71: Aviso Prévio Indenizado | F71: =ROUND((1/12)*0.05,4)*0 -> 0 | G71: =ROUND(G$34*F71,2) -> 0
A72: B | B72: Incidência do FGTS sobre Aviso Prévio Indenizado | F72: =ROUND((F71*F50),4)*0 -> 0 | G72: =ROUND(G$34*F72,2) -> 0
A73: C | B73: Multa do FGTS sobre o Aviso Prévio Indenizado | F73: =ROUND((0.08*0.4*0.9)*(1+0.09+0.09+0.3),2)*0 -> 0 | G73: =ROUND(G$34*F73,2) -> 0
A74: D | B74: Aviso Prévio Trabalhado | F74: =ROUND(100%/30*7/12*100%,4)*0 -> 0 | G74: =ROUND(G$34*F74,2) -> 0
A75: E | B75: Incidência de GPS, FGTS e outras contribuições sobre Aviso Prévio Trabalhado | F75: =ROUND(F74*F51,4) -> 0 | G75: =ROUND(G$34*F75,2) -> 0
A76: F | B76: Multa do FGTS sobre o Aviso Prévio Trabalhado. | F76: 0 | G76: =ROUND(G$34*F76,2) -> 0
A77: TOTAL MÓDULO 3 | F77: =SUM(F71:F76) -> 0 | G77: =SUM(G71:G76) -> 0 | H77: =ROUND(G34*F77,2) -> 0
A78: MÓDULO 4 - CUSTO DE REPOSIÇÃO DO PROFISSIONAL AUSENTE
A79: Submódulo 4.1 - Substituto nas Ausências Legais
A80: A | B80: Substituto na cobertura de Férias (Somente se não aportado no submódulo 2.1) | F80: 0 | G80: =ROUND(G$34*F80,2) -> 0
A81: B | B81: Substituto na cobertura de Ausências Legais | F81: =ROUND(((1/30)/12)*1,4)*0 -> 0 | G81: =ROUND(G$34*F81,2) -> 0
A82: C | B82: Substituto na cobertura de Licença Paternidade | F82: =ROUND((((1/30)/12)*5)*0.02,4)*0 -> 0 | G82: =ROUND(G$34*F82,2) -> 0
A83: D | B83: Substituto na cobertura de Ausência por Acidente de Trabalho | F83: =ROUND((((1/30)/12)*15)*0.05,4)*0 -> 0 | G83: =ROUND(G$34*F83,2) -> 0
A84: E | B84: Substituto na cobertura de Afastamento Maternidade (aportar no 4.1.1) | F84: 0 | G84: =ROUND(G$34*F84,2) -> 0
A85: F | B85: Substituto na cobertura de Outras Ausências | F85: =ROUND((((1/30)/12)*5)*0.5,4)*0 -> 0 | G85: =ROUND(G$34*F85,2) -> 0
A86: Total do Submódulo 4.1 | F86: =SUM(F80:F85) -> 0 | G86: =SUM(G80:G85) -> 0 | H86: =ROUND(G34*F86,2) -> 0
A87: Submódulo 4.1.1 - Afastamento Maternidade (120 dias)
A88: A | B88: Férias pagas ao substituto pelos 120 dias de reposição | F88: =ROUND((((ROUND((1/11)+(1/11)/3, 3))*4)/12)*1%,4)*0 -> 0 | G88: =ROUND(G$34*F88,2) -> 0
A89: B | B89: Incidência dos encargos do submódulo 2.2 sobre as férias pagas ao substituto | F89: =ROUND(F88*F51,4) -> 0 | G89: =ROUND(G$34*F89,2) -> 0
A90: C | B90: Incidencia do submódulo 2.2 s/ a remuneração e o 13º proporcionais aos 120 d | F90: =ROUND(ROUND(ROUND(((1+1/12)*4)/12,4)*1%,4)*F51,4)*0 -> 0 | G90: =ROUND(G$34*F90,2) -> 0
A91: D | B91: Outros | F91: 0 | G91: =ROUND(G$34*F91,2) -> 0
A92: Total do Submódulo 4.1.1 | F92: =SUM(F88:F91) -> 0 | G92: =SUM(G88:G91) -> 0 | H92: =ROUND(G34*F92,2) -> 0
A93: Submódulo 4.2 - Intrajornada
A94: A | B94: Cobertura de Intervalo para repouso ou alimentação | F94: =((1/220)*22)*0 -> 0 | G94: =ROUND(G$34*F94,2) -> 0
A95: B | B95: Incidência do Sub módulo 2.2 | F95: =F94*F51 -> 0 | G95: =ROUND(G$34*F95,2) -> 0
A96: Total do Submódulo 4.2 | F96: =SUM(F94:F95) -> 0 | G96: =SUM(G94:G95) -> 0 | H96: =ROUND(G34*F96,2) -> 0
A97: Submódulo 4.2.1 - Cobertura de Feriados, Dias Ponte, e outros (exceto para postos 12 x 36)
A98: A | B98: Cobertura Feriados, Dias Ponte, e outros (exceto para postos 12 x 36) | F98: =((((8*13)/12)/220)+((((8*13)/12)/220)*100%))*0 -> 0 | G98: =ROUND(G$34*F98,2) -> 0
A99: B | B99: Incidência do Sub módulo 2.2 | F99: =F98*F51 -> 0 | G99: =ROUND(G$34*F99,2) -> 0
A100: Total do Submódulo 4.2.1 | F100: =SUM(F98:F99) -> 0 | G100: =SUM(G98:G99) -> 0 | H100: =ROUND(G44*F100,2) -> 0
A101: QUADRO RESUMO - MÓDULO 4
A102: 4.1 | B102: Substituto nas Ausências Legais | F102: =F86 -> 0 | G102: =G86 -> 0
...

Sheet Ajud. de Serv. Diversos_CEPIR
A1: PLANILHA DE CUSTO E FORMAÇÃO DE PREÇOS
A2: PROCESSO Nº 125/2025 | F2: LOTE 02
A3: OBJETO: PRESTAÇÃO DE SERVIÇOS DE LIMPEZA, CONSERVAÇÃO E HIGIENIZAÇÃO EM DIVERSOS ENTREPOSTO DO INTERIOR
A5: I - DISCRIMINAÇÃO DOS SERVIÇOS
A6: Data de Apresentação da Proposta:
A7: Município/UF: | F7: PIRACICABA/SP
A8: Sindicato: SEAC/SP SINDICATO DAS EMPRESAS DE ASSEIO E CONSERVAÇÃO NO ESTADO DE SAO PAULO e SIEMACO-SP - SINDICATO TRABALHADORES EMPRESAS PRESTACAO DE SERVICOS DE ASSEIO E CONSERVACAO E LIMPEZA URBANA DE SP
A10: Ano do acordo, convenção ou dissídio coletivo: | F10: 2025
A11: Tipo de serviço: | F11: Limpeza e Conservação
A12: Unidade de Medida: | F12: Posto/Hora
A13: Período contratual: | F13: 12 MESES
A14: DADOS COMPLEMENTARES
A15: Salário mínimo oficial vigente: | F15: 1518
A16: Categoria Profissional: | F16: Ajudante de Serviços Diversos
A17: Classificação Brasileira de Ocupações (CBO): | F17: 5143-25
A18: Salário Normativo da Categoria Profissional: | F18: 1766.58
A19: Data Base da Categoria: | F19: 45658
A20: Posto de Trabalho: | F20: 44 HORAS SEMANAIS
A21: Quantidade de Pessoas por Posto: | F21: 1
A22: Quantidade de Postos: | F22: 1
A23: Outras Informações: | F23: DIURNO
A24: Posto de trabalho: 2ª à 6ª início às 07:00 (com intervalo para refeição)
A25: MODULO 1 - COMPOSIÇÃO DA REMUNERAÇÃO
A26: 1 | B26: Composição da Remuneração | F26: Quant/Horas/Perc | G26: Valor Total
A27: A | B27: Salário | F27: 1 | G27: =F18*F27 -> 1766.58
A28: B | B28: Adicional Periculosidade | F28: 0 | G28: =ROUND(G27*F28,2) -> 0
A29: C | B29: Adicional Insalubridade | F29: 0.2 | G29: =ROUND(F15*F29,2) -> 303.6
A30: D | B30: Adicional de Liderança | F30: =ROUND((ROUND((0*15.22),2)/52.5)*60,2) -> 0 | G30: =ROUND(ROUND(ROUND((SUM(G27:G29)+G33)/220,2)*0.2,2)*F30,2) -> 0
A31: E | B31: Adicional Noturno (Hora Noturna/Hora Reduzida) | F31: 0
A32: F | B32: DSR Sobre Adicional Noturno | F32: =ROUND(SUM(F30)/15.22*5,2) -> 0 | G32: =ROUND(ROUND(ROUND((SUM(G27:G29)+G33)/220,2)*0.2,2)*F32,2) -> 0
A33: G | B33: Outrros (especificar) | F33: 0 | G33: =ROUND(F18*F33,2) -> 0
A34: Total da Remuneração/MÓDULO 1 | G34: =SUM(G27:G33) -> 2070.18
A35: MÓDULO 2 - ENCARGOS E BENEFÍCIOS ANUAIS, MENSAIS E DIÁRIOS
A36: Submódulo 2.1 - 13º Salário, Férias e Adicional de Férias
A37: A | B37: 13º Salário | F37: 0.0833 | G37: =ROUND(G$34*F37,2) -> 172.45
A38: B | B38: Ferias e terço constitucional | F38: =ROUND((1/11)+(1/11)/3, 3) -> 0.121 | G38: =ROUND(G$34*F38,2) -> 250.49
B39: Subtotal | F39: =SUM(F37:F38) -> 0.2043
A40: C | B40: Incidência do Submódulo 2.2 sobre o Submódulo 2.1 | F40: =ROUND((F51*F39),4) -> 0.0691 | G40: =ROUND(G$34*F40,2) -> 143.05
A41: Total do Submódulo 2.1 | F41: =ROUND(SUM(F39:F40),4) -> 0.2734 | G41: =SUM(G37:G40) -> 565.99 | H41: =ROUND(G34*F41,2) -> 565.99
A42: Submódulo 2.2 – Encargos Previdenciários (GPS), FGTS e Outras Contribuições
A43: A | B43: INSS | F43: 0.2 | G43: =ROUND(G$34*F43,2) -> 414.04
A44: B | B44: Salário Educação | F44: 0.025 | G44: =ROUND(G$34*F44,2) -> 51.75
A45: C | B45: SAT (Seguro Acidente de Trabalho) | F45: 0 | G45: =ROUND(G$34*F45,2) -> 0
A46: D | B46: SESC ou SESI | F46: 0.015 | G46: =ROUND(G$34*F46,2) -> 31.05
A47: E | B47: SENAI - SENAC | F47: 0.01 | G47: =ROUND(G$34*F47,2) -> 20.7
A48: F | B48: SEBRAE | F48: 0.006 | G48: =ROUND(G$34*F48,2) -> 12.42
A49: G | B49: INCRA | F49: 0.002 | G49: =ROUND(G$34*F49,2) -> 4.14
A50: H | B50: FGTS | F50: 0.08 | G50: =ROUND(G$34*F50,2) -> 165.61
A51: Total do Submódulo 2.2 | F51: =SUM(F43:F50) -> 0.338 | G51: =SUM(G43:G50) -> 699.71 | H51: =ROUND(G34*F51,2) -> 699.72
A52: Submódulo 2.3 – Benefícios Mensais e Diários
A53: A | B53: Transporte | E53: 0 | F53: 42 | G53: =IF(ROUND((E53*F53)-(G27*0.06),2)<0,0,ROUND((E53*F53)-(G27*0.06),2)) -> 0
A54: B | B54: Auxílio Refeição | E54: =20.76-1.39 -> 19.37 | F54: 21 | G54: =ROUND((E54*F54),2) -> 406.77
A55: C | B55: Auxílio Alimentação | E55: 144.68 | F55: 1 | G55: =ROUND((E55*F55),2) -> 144.68
A56: D | B56: Benefício Médico Ambulatorial e Odontológico | E56: 35.33 | F56: 1 | G56: =ROUND((E56*F56),2) -> 35.33
A57: E | B57: Auxílio Creche | E57: =ROUND((F18*30%)*5%,2)*0 -> 0 | F57: 1 | G57: =ROUND((E57*F57),2) -> 0
A58: F | B58: Dia Trabalhador em Asseio e Conservação | E58: =20.76 -> 20.76 | F58: 1 | G58: =ROUND((E58*F58),2) -> 20.76
A59: G | B59: Benefício Social | E59: =15.96 -> 15.96 | F59: 1 | G59: =ROUND((E59*F59),2) -> 15.96
A60: H | B60: Prêmio Assiduidade | E60: 300 | F60: 1 | G60: =ROUND((E60*F60),2) -> 300
A61: I | B61: Outros (Especificar) | E61: 0 | F61: 1 | G61: =ROUND((E61*F61),2) -> 0
A62: J | B62: Outros (Especificar) | E62: 0 | F62: 1 | G62: =ROUND((E62*F62),2) -> 0
A63: Total do Submódulo 2.3 | G63: =SUM(G53:G62) -> 923.5
A64: QUADRO RESUMO - MÓDULO 2
A65: 2.1 | B65: 13º Salário, Férias e Adicional de Férias | F65: =F41 -> 0.2734 | G65: =G41 -> 565.99
A66: 2.2 | B66: Encargos Previdenciários (GPS), FGTS e Outras Contribuições | F66: =F51 -> 0.338 | G66: =G51 -> 699.71
A67: 2.3 | B67: Benefícios Mensais e Diários | G67: =G63 -> 923.5
A68: TOTAL MÓDULO 2 | G68: =SUM(G65:G67) -> 2189.2
A69: MÓDULO 3 - PROVISÃO PARA RESCISÃO
A70: 3 | B70: Provisão para Rescisão
A71: A | B71: Aviso Prévio Indenizado | F71: =ROUND((1/12)*0.05,4)*0 -> 0 | G71: =ROUND(G$34*F71,2) -> 0
A72: B | B72: Incidência do FGTS sobre Aviso Prévio Indenizado | F72: =ROUND((F71*F50),4)*0 -> 0 | G72: =ROUND(G$34*F72,2) -> 0
A73: C | B73: Multa do FGTS sobre o Aviso Prévio Indenizado | F73: =ROUND((0.08*0.4*0.9)*(1+0.09+0.09+0.3),2)*0 -> 0 | G73: =ROUND(G$34*F73,2) -> 0
A74: D | B74: Aviso Prévio Trabalhado | F74: =ROUND(100%/30*7/12*100%,4)*0 -> 0 | G74: =ROUND(G$34*F74,2) -> 0
A75: E | B75: Incidência de GPS, FGTS e outras contribuições sobre Aviso Prévio Trabalhado | F75: =ROUND(F74*F51,4) -> 0 | G75: =ROUND(G$34*F75,2) -> 0
A76: F | B76: Multa do FGTS sobre o Aviso Prévio Trabalhado. | F76: 0 | G76: =ROUND(G$34*F76,2) -> 0
A77: TOTAL MÓDULO 3 | F77: =SUM(F71:F76) -> 0 | G77: =SUM(G71:G76) -> 0 | H77: =ROUND(G34*F77,2) -> 0
A78: MÓDULO 4 - CUSTO DE REPOSIÇÃO DO PROFISSIONAL AUSENTE
A79: Submódulo 4.1 - Substituto nas Ausências Legais
A80: A | B80: Substituto na cobertura de Férias (Somente se não aportado no submódulo 2.1) | F80: 0 | G80: =ROUND(G$34*F80,2) -> 0
A81: B | B81: Substituto na cobertura de Ausências Legais | F81: =ROUND(((1/30)/12)*1,4)*0 -> 0 | G81: =ROUND(G$34*F81,2) -> 0
A82: C | B82: Substituto na cobertura de Licença Paternidade | F82: =ROUND((((1/30)/12)*5)*0.02,4)*0 -> 0 | G82: =ROUND(G$34*F82,2) -> 0
A83: D | B83: Substituto na cobertura de Ausência por Acidente de Trabalho | F83: =ROUND((((1/30)/12)*15)*0.05,4)*0 -> 0 | G83: =ROUND(G$34*F83,2) -> 0
A84: E | B84: Substituto na cobertura de Afastamento Maternidade (aportar no 4.1.1) | F84: 0 | G84: =ROUND(G$34*F84,2) -> 0
A85: F | B85: Substituto na cobertura de Outras Ausências | F85: =ROUND((((1/30)/12)*5)*0.5,4)*0 -> 0 | G85: =ROUND(G$34*F85,2) -> 0
A86: Total do Submódulo 4.1 | F86: =SUM(F80:F85) -> 0 | G86: =SUM(G80:G85) -> 0 | H86: =ROUND(G34*F86,2) -> 0
A87: Submódulo 4.1.1 - Afastamento Maternidade (120 dias)
A88: A | B88: Férias pagas ao substituto pelos 120 dias de reposição | F88: =ROUND((((ROUND((1/11)+(1/11)/3, 3))*4)/12)*1%,4)*0 -> 0 | G88: =ROUND(G$34*F88,2) -> 0
A89: B | B89: Incidência dos encargos do submódulo 2.2 sobre as férias pagas ao substituto | F89: =ROUND(F88*F51,4) -> 0 | G89: =ROUND(G$34*F89,2) -> 0
A90: C | B90: Incidencia do submódulo 2.2 s/ a remuneração e o 13º proporcionais aos 120 d | F90: =ROUND(ROUND(ROUND(((1+1/12)*4)/12,4)*1%,4)*F51,4)*0 -> 0 | G90: =ROUND(G$34*F90,2) -> 0
A91: D | B91: Outros | F91: 0 | G91: =ROUND(G$34*F91,2) -> 0
A92: Total do Submódulo 4.1.1 | F92: =SUM(F88:F91) -> 0 | G92: =SUM(G88:G91) -> 0 | H92: =ROUND(G34*F92,2) -> 0
A93: Submódulo 4.2 - Intrajornada
A94: A | B94: Cobertura de Intervalo para repouso ou alimentação | F94: =((1/220)*22)*0 -> 0 | G94: =ROUND(G$34*F94,2) -> 0
A95: B | B95: Incidência do Sub módulo 2.2 | F95: =F94*F51 -> 0 | G95: =ROUND(G$34*F95,2) -> 0
A96: Total do Submódulo 4.2 | F96: =SUM(F94:F95) -> 0 | G96: =SUM(G94:G94) -> 0 | H96: =ROUND(G34*F96,2) -> 0
A97: Submódulo 4.2.1 - Cobertura de Feriados, Dias Ponte, e outros (exceto para postos 12 x 36)
A98: A | B98: Cobertura Feriados, Dias Ponte, e outros (exceto para postos 12 x 36) | F98: =((((8*13)/12)/220)+((((8*13)/12)/220)*100%))*0 -> 0 | G98: =ROUND(G$34*F98,2) -> 0
A99: B | B99: Incidência do Sub módulo 2.2 | F99: =F98*F51 -> 0 | G99: =ROUND(G$34*F99,2) -> 0
A100: Total do Submódulo 4.2.1 | F100: =SUM(F98:F99) -> 0 | G100: =SUM(G98:G98) -> 0 | H100: =ROUND(G44*F100,2) -> 0
A101: QUADRO RESUMO - MÓDULO 4
A102: 4.1 | B102: Substituto nas Ausências Legais | F102: =F86 -> 0 | G102: =G86 -> 0
...

Sheet Quadro Resumo M² - CEPIR
B1: PROCESSO Nº 125/2025 - LOTE 02
B2: QUADRO RESUMO LICITANTE - CÁLCULO VALOR M²
B3: OBJETO: PRESTAÇÃO DE SERVIÇOS DE LIMPEZA, CONSERVAÇÃO E HIGIENIZAÇÃO EM DIVERSOS ENTREPOSTO DO INTERIOR
B4: ENTRADA DE DADOS
B6: Áreas reais da unidade (em M²) | C6: PIRACICABA/SP
B7: Tipos de Áreas (1) | C7: TOTAL | D7: Produtividade/ m² | E7: Dimensionamento de Pessoas | F7: Quant. Mínimo conforme Termo de Referência
B8: ÁREAS INTERNAS | C8: 632.56 | D8: 800 | E8: =C8/D8 -> 0.79 | F8: =ROUNDDOWN(SUM(E8:E12),0) -> 5
B9: AREAS EXTERNAS | C9: 18822.37 | D9: 5000 | E9: =C9/D9 -> 3.76
B10: ÁREAS ENVIDRAÇADAS | C10: 65.71 | D10: 300 | E10: =C10/D10 -> 0.22
B11: SANITÁRIOS | C11: 54.58 | D11: 200 | E11: =C11/D11 -> 0.27
B12: SANITÁRIOS (Diuturno) | C12: 0 | D12: 200 | E12: =C12/D12 -> 0
B13: AREAS VERDES | C13: 22000 | D13: 20000 | E13: =C13/D13 -> 1.1 | F13: =ROUND((E13),0) -> 1
B14: Agente de Higienização | F14: ='Agente de Higienização_CEPIR'!F22 -> 5
B15: Jardineiro | F15: =Jardineiro_CEPIR!F22 -> 1
B16: ='Ajud. de Serv. Diversos_CEPIR'!F16 -> Ajudante de Serviços Diversos | F16: ='Ajud. de Serv. Diversos_CEPIR'!F22 -> 1
B17: Quantidade mínimo de pessoas conforme Termo de Referência | F17: =SUM(F14:F16) -> 7
B19: Preço do homem-mês (2) : | C19: Valor m.o./ mês
B20: ='Agente de Higienização_CEPIR'!F16 -> Agente de Higienização | C20: ='Agente de Higienização_CEPIR'!G140 -> 4978.52
B21: =Jardineiro_CEPIR!F16 -> Jardineiro | C21: =Jardineiro_CEPIR!G140 -> 3911.28
B22: ='Ajud. de Serv. Diversos_CEPIR'!F16 -> Ajudante de Serviços Diversos | C22: ='Ajud. de Serv. Diversos_CEPIR'!G140 -> 4483.56
B24: Tipo de área | C24: Produtividade ( I ) (1/m²) (1) | D24: Preço do homem-mês ( II ) | E24: Subtotal (R$/m²) ( I ) x ( II )
B25: área interna
B26: =B20 -> Agente de Higienização | C26: =ROUND(1/(21*D8),9) -> 5.9524e-05 | D26: =C20 -> 4978.52 | E26: =ROUND(D26*C26,2) -> 0.3
C27: preço por m² total - área interna | E27: =SUM(E26:E26) -> 0.3
B28: Tipo de área | C28: Produtividade ( I ) (1/m²) (1) | D28: Preço do homem-mês ( II ) | E28: Subtotal (R$/m²) ( I ) x ( II )
B29: área externa
B30: =B20 -> Agente de Higienização | C30: =ROUND(1/(2*D$9),9) -> 0.0001 | D30: =C20 -> 4978.52 | E30: =ROUND(D30*C30,2) -> 0.5
C31: preço por m² total - área externa | E31: =SUM(E30:E30) -> 0.5
B32: sanitários
B33: =B20 -> Agente de Higienização | C33: =ROUND(1/(21*D11),9) -> 0.000238095 | D33: =C20 -> 4978.52 | E33: =ROUND(D33*C33,2) -> 1.19
C34: preço por m² total - sanitários | E34: =SUM(E33:E33) -> 1.19
B35: sanitários (diuturno)
B36: =B20 -> Agente de Higienização | C36: =ROUND(1/(21*D12),9) -> 0.000238095 | D36: =C20*0 -> 0 | E36: =ROUND(D36*C36,2) -> 0
C37: preço por m² total - sanitários | E37: =SUM(E36:E36) -> 0
B39: Tipo de área | C39: Produtividade ( I ) (1/m²) (1) | D39: Frequência mês (II) (em horas) | E39: Jornada no mês (III) (em horas) | F39: Coeficiente (ki) ( I )x( II )x( III )=( IV ) | G39: Preço do homem-mês ( V ) | H39: Subtotal(R$/m²) ( IV )x( V )
B41: vidros- fachada interna e externa (3)
B42: =B20 -> Agente de Higienização | C42: =ROUND(1/D10,9) -> 0.003333333 | D42: =ROUNDUP(((C10/D10)*8),0) -> 2 | E42: =ROUND(1/188.76,9) -> 0.005297733 | F42: =ROUND(((C42)*(E42)*(D42)),9) -> 3.5318e-05 | G42: =C20 -> 4978.52 | H42: =ROUND(G42*F42,2) -> 0.18
G43: preço por m² total - esquadria interna e externa | H43: =ROUND(SUM(H42:H42),2) -> 0.18
B45: Tipo de área | C45: Produtividade ( I ) (1/m²) (1) | D45: Preço do homem-mês ( II ) | E45: Subtotal (R$/m²) ( I ) x ( II )
B46: área verde
B47: =B20 -> Agente de Higienização | C47: =ROUND(1/(21*D$13),9) -> 2.381e-06 | D47: =C20 -> 4978.52 | E47: =ROUND(D47*C47,2) -> 0.01
B48: =B21 -> Jardineiro | C48: =ROUND(1/(D$13),9) -> 5e-05 | D48: =C21 -> 3911.28 | E48: =ROUND(D48*C48,2) -> 0.2
C49: preço por m² total - área verde | E49: =SUM(E47:E48) -> 0.21
B51: Tipo de área | C51: Preço por m² mensal (R$/m²) | D51: Área (m²) / Mês | E51: Limite por tipo de área(R$) / Mês | F51: Área (M²) / 12 Meses | G51: Limite por tipo de Área (R$) 12 Meses
B53: área interna | C53: =E27 -> 0.3 | D53: =C8 -> 632.56 | E53: =ROUND(D53*C53,2) -> 189.77 | F53: =D53*12 -> 7590.72 | G53: =E53*12 -> 2277.24
B54: área externa | C54: =E31 -> 0.5 | D54: =C9 -> 18822.37 | E54: =ROUND(D54*C54,2) -> 9411.19 | F54: =D54*12 -> 225868.44 | G54: =E54*12 -> 112934.28
B55: áreas envidraçadas | C55: =H43 -> 0.18 | D55: =C10 -> 65.71 | E55: =ROUND(D55*C55,2) -> 11.83 | F55: =D55*12 -> 788.52 | G55: =E55*12 -> 141.96
B56: sanitários | C56: =E34 -> 1.19 | D56: =C11 -> 54.58 | E56: =ROUND(D56*C56,2) -> 64.95 | F56: =D56*12 -> 654.96 | G56: =E56*12 -> 779.4
B57: sanitários (diuturno) | C57: =E37 -> 0 | D57: =C12 -> 0 | E57: =ROUND(D57*C57,2) -> 0 | F57: =D57*12 -> 0 | G57: =E57*12 -> 0
B58: áreas verdes | C58: =E49 -> 0.21 | D58: =C13 -> 22000 | E58: =ROUND(D58*C58,2) -> 4620 | F58: =D58*12 -> 264000 | G58: =E58*12 -> 55440
A59: % | B59: Limite Máximo Contratação por Tipo de Área mensal (R$) | G59: =SUM(E53:E58) -> 14297.74
B60: Limite Máximo Contratação por Tipo de Área - Período de 12 Meses (R$) | G60: =G59*12 -> 171572.88
B61: Insumos Diversos Mensal (R$) | G61: ='Insumos Diversos'!F136 -> 0
B62: Insumos Diversos - Período de 12 Meses (R$) | G62: =G61*12 -> 0
B63: ='Ajud. de Serv. Diversos_CEPIR'!F16 -> Ajudante de Serviços Diversos | G63: ='Ajud. de Serv. Diversos_CEPIR'!G142 -> 4483.56
B64: Total do posto de Ajudante de Serviços Diversos - Período de 12 meses (R$) | G64: =G63*12 -> 53802.72
B65: TOTAL MENSAL MÃO DE OBRA + AJUDANTE DE SERVIVOS DIVERSOS + INSUMOS DIVERSOS | G65: =SUM(G59,G61,G63) -> 18781.3
B66: TOTAL POR 12 MESES DA MÃO DE OBRA + AJUDANTE DE SERVIÇOS DIVERSOS + INSUMOS DIVERSOS | G66: =G65*12 -> 225375.6
B67: Observações:
B68: (1) Produtividades auferidas de acordo com o Termo de Referência e informações enviadas pela área gestora.
B69: (2) O preço do homem-mês está acrescido da provisão dos insumos diversos.
B70: (3) Freqüência em horas por mês, no caso da área de vidros - fachada externa.
B71: (4) Freqüência em horas por mês, no caso da área de vidros - fachada interna.
B72: Os valores contidos neste quadro devem espelhar a PROPOSTA COMERCIAL.

Sheet Agente de Hig_CESJC_Diuturno
A1: PLANILHA DE CUSTO E FORMAÇÃO DE PREÇOS
A2: PROCESSO Nº 125/2025 | F2: LOTE 02
A3: OBJETO: PRESTAÇÃO DE SERVIÇOS DE LIMPEZA, CONSERVAÇÃO E HIGIENIZAÇÃO EM DIVERSOS ENTREPOSTO DO INTERIOR
A5: I - DISCRIMINAÇÃO DOS SERVIÇOS
A6: Data de Apresentação da Proposta:
A7: Município/UF: | F7: São José dos Campos/SP
A8: Sindicato: SEAC/SP SINDICATO DAS EMPRESAS DE ASSEIO E CONSERVAÇÃO NO ESTADO DE SAO PAULO e SIEMACO-SP - SINDICATO TRABALHADORES EMPRESAS PRESTACAO DE SERVICOS DE ASSEIO E CONSERVACAO E LIMPEZA URBANA DE SP
A10: Ano do acordo, convenção ou dissídio coletivo: | F10: 2025
A11: Tipo de serviço: | F11: LIMPEZA
A12: Unidade de Medida: | F12: Posto/Hora
A13: Período contratual: | F13: 12 MESES
A14: DADOS COMPLEMENTARES
A15: Salário mínimo oficial vigente: | F15: 1518
A16: Categoria Profissional: | F16: Agente de Higienização - Diuturno
A17: Classificação Brasileira de Ocupações (CBO): | F17: 5143-20
A18: Salário Normativo da Categoria Profissional: | F18: 1717.2
A19: Data Base da Categoria: | F19: 45658
A20: Posto de Trabalho: | F20: 44 HORAS SEMANAIS
A21: Quantidade de Pessoas por Posto: | F21: 1
A22: Quantidade de Postos: | F22: 2
A23: Outras Informações: | F23: DIUTURNO
A24: Posto de Trabalho: 2ª, 4ª e 6ª às 02:00hs - 3ª e 5ª às 06:00hs / Sábado (4h) às 07:00hs - (com intervalo para refeição)
A25: MODULO 1 - COMPOSIÇÃO DA REMUNERAÇÃO
A26: 1 | B26: Composição da Remuneração | F26: Quant/Horas/Perc | G26: Valor Total
A27: A | B27: Salário Base | F27: 1 | G27: =F18*F27 -> 1717.2
A28: B | B28: Adicional Periculosidade | G28: =ROUND(F18*F28,2) -> 0
A29: C | B29: Adicional Insalubridade | F29: 0.4 | G29: =ROUND(F15*F29,2) -> 607.2
A30: D | B30: Adicional de Liderança | G30: =ROUND(F18*F30,2) -> 0
A31: E | B31: Adicional Noturno (Hora Noturna/Hora Reduzida) | F31: =ROUND((ROUND((3*22),2)/52.5)*60,2) -> 75.43 | G31: =ROUND((F18/192*0.2)*F31,2) -> 134.93
A32: F | B32: DSR Sobre Adicional Noturno | F32: =ROUND(SUM(F31)/25*5,2) -> 15.09 | G32: =ROUND((F18/192*0.2)*F32,2) -> 26.99
A33: G | B33: Outrros (especificar) | G33: 0
A34: Total da Remuneração/MÓDULO 1 | G34: =SUM(G27:G33) -> 2486.32
A35: MÓDULO 2 - ENCARGOS E BENEFÍCIOS ANUAIS, MENSAIS E DIÁRIOS
A36: Submódulo 2.1 - 13º Salário, Férias e Adicional de Férias
A37: A | B37: 13º Salário | F37: =ROUND((1/12),6) -> 0.0833 | G37: =ROUND(G$34*F37,2) -> 207.11
A38: B | B38: Ferias e terço constitucional | F38: =ROUND((1/11)+(1/11)/3, 3) -> 0.121 | G38: =ROUND(G$34*F38,2) -> 300.84
B39: Subtotal | F39: =SUM(F37:F38) -> 0.2043
A40: C | B40: Incidência do Submódulo 2.2 sobre o Submódulo 2.1 | F40: =ROUND((F51*F39),4) -> 0.0691 | G40: =ROUND(G$34*F40,2) -> 171.8
A41: Total do Submódulo 2.1 | F41: =ROUND(SUM(F39:F40),4) -> 0.2734 | G41: =SUM(G37:G40) -> 679.75 | H41: =ROUND(G34*F41,2) -> 679.76
A42: Submódulo 2.2 – Encargos Previdenciários (GPS), FGTS e Outras Contribuições | H42: =SUM(G41,G34) -> 3166.07
A43: A | B43: INSS | F43: 0.2 | G43: =ROUND((G$34)*F43,2) -> 497.26
A44: B | B44: Salário Educação | F44: 0.025 | G44: =ROUND((G$34)*F44,2) -> 62.16
A45: C | B45: SAT (Seguro Acidente de Trabalho) | F45: 0 | G45: =ROUND((G$34)*F45,2) -> 0
A46: D | B46: SESC ou SESI | F46: 0.015 | G46: =ROUND((G$34)*F46,2) -> 37.29
A47: E | B47: SENAI - SENAC | F47: 0.01 | G47: =ROUND((G$34)*F47,2) -> 24.86
A48: F | B48: SEBRAE | F48: 0.006 | G48: =ROUND((G$34)*F48,2) -> 14.92
A49: G | B49: INCRA | F49: 0.002 | G49: =ROUND((G$34)*F49,2) -> 4.97
A50: H | B50: FGTS | F50: 0.08 | G50: =ROUND((G$34)*F50,2) -> 198.91
A51: Total do Submódulo 2.2 | F51: =SUM(F43:F50) -> 0.338 | G51: =SUM(G43:G50) -> 840.37 | H51: =ROUND(G34*F51,2) -> 840.38
A52: Submódulo 2.3 – Benefícios Mensais e Diários
A53: A | B53: Transporte | E53: 0 | F53: 52 | G53: =IF(ROUND((E53*F53)-(G27*0.06),2)<0,0,ROUND((E53*F53)-(G27*0.06),2)) -> 0
A54: B.1 | B54: Auxílio Refeição | E54: =20.76-1.39 -> 19.37 | F54: 26 | G54: =ROUND((E54*F54),2) -> 503.62
A55: B.2 | B55: Auxílio Alimentação | E55: 144.68 | F55: 1 | G55: =ROUND((E55*F55),2) -> 144.68
A56: C | B56: Benefício Médico Ambulatorial e Odontológico | E56: 35.33 | F56: 1 | G56: =ROUND((E56*F56),2) -> 35.33
A57: D | B57: Auxílio Creche | E57: =ROUND((F18*30%)*5%,2)*0 -> 0 | F57: 1 | G57: =ROUND((E57*F57),2) -> 0
A58: E | B58: Dia Trabalhador em Asseio e Conservação | E58: =20.76 -> 20.76 | F58: 1 | G58: =ROUND((E58*F58)/12,2) -> 1.73
A59: F | B59: Benefício Social | E59: =15.96 -> 15.96 | F59: 1 | G59: =ROUND((E59*F59),2) -> 15.96
A60: G | B60: Prêmio Assiduidade | E60: 300 | F60: 1 | G60: =ROUND((E60*F60),2) -> 300
A61: H | B61: Outros (Especificar) | E61: 0 | F61: 1 | G61: =ROUND((E61*F61),2) -> 0
A62: I | B62: Outros (Especificar) | E62: 0 | F62: 1 | G62: 0
A63: Total do Submódulo 2.3 | G63: =SUM(G53:G62) -> 1001.32
A64: QUADRO RESUMO - MÓDULO 2
A65: 2.1 | B65: 13º Salário, Férias e Adicional de Férias | F65: =F41 -> 0.2734 | G65: =G41 -> 679.75
A66: 2.2 | B66: Encargos Previdenciários (GPS), FGTS e Outras Contribuições | F66: =F51 -> 0.338 | G66: =G51 -> 840.37
A67: 2.3 | B67: Benefícios Mensais e Diários | G67: =G63 -> 1001.32
A68: TOTAL MÓDULO 2 | G68: =SUM(G65:G67) -> 2521.44
A69: MÓDULO 3 - PROVISÃO PARA RESCISÃO
A70: 3 | B70: Provisão para Rescisão
A71: A | B71: Aviso Prévio Indenizado | F71: =ROUND((1/12)*0.05,4)*0 -> 0 | G71: =ROUND(G$34*F71,2) -> 0
A72: B | B72: Incidência do FGTS sobre Aviso Prévio Indenizado | F72: =ROUND((F71*F50),4)*0 -> 0 | G72: =ROUND(G$34*F72,2) -> 0
A73: C | B73: Multa do FGTS sobre o Aviso Prévio Indenizado | F73: =ROUND((0.08*0.4*0.9)*(1+0.09+0.09+0.3),2)*0 -> 0 | G73: =ROUND(G$34*F73,2) -> 0
A74: D | B74: Aviso Prévio Trabalhado | F74: =ROUND(100%/30*7/12*100%,4)*0 -> 0 | G74: =ROUND(G$34*F74,2) -> 0
A75: E | B75: Incidência de GPS, FGTS e outras contribuições sobre Aviso Prévio Trabalhado | F75: =ROUND(F74*F51,4) -> 0 | G75: =ROUND(G$34*F75,2) -> 0
A76: F | B76: Multa do FGTS sobre o Aviso Prévio Trabalhado. | F76: 0 | G76: =ROUND(G$34*F76,2) -> 0
A77: TOTAL MÓDULO 3 | F77: =SUM(F71:F76) -> 0 | G77: =SUM(G71:G76) -> 0 | H77: =ROUND(G34*F77,2) -> 0
A78: MÓDULO 4 - CUSTO DE REPOSIÇÃO DO PROFISSIONAL AUSENTE
A79: Submódulo 4.1 - Substituto nas Ausências Legais
A80: A | B80: Substituto na cobertura de Férias (Somente se não aportado no submódulo 2.1) | F80: 0 | G80: =ROUND(G$34*F80,2) -> 0
A81: B | B81: Substituto na cobertura de Ausências Legais | F81: =ROUND(((1/30)/12)*1,4)*0 -> 0 | G81: =ROUND(G$34*F81,2) -> 0
A82: C | B82: Substituto na cobertura de Licença Paternidade | F82: =ROUND((((1/30)/12)*5)*0.02,4)*0 -> 0 | G82: =ROUND(G$34*F82,2) -> 0
A83: D | B83: Substituto na cobertura de Ausência por Acidente de Trabalho | F83: =ROUND((((1/30)/12)*15)*0.05,4)*0 -> 0 | G83: =ROUND(G$34*F83,2) -> 0
A84: E | B84: Substituto na cobertura de Afastamento Maternidade (aportar no 4.1.1) | F84: 0 | G84: =ROUND(G$34*F84,2) -> 0
A85: F | B85: Substituto na cobertura de Outras Ausências | F85: =ROUND((((1/30)/12)*5)*0.5,4)*0 -> 0 | G85: =ROUND(G$34*F85,2) -> 0
A86: Total do Submódulo 4.1 | F86: =SUM(F80:F85) -> 0 | G86: =SUM(G80:G85) -> 0 | H86: =ROUND(G34*F86,2) -> 0
A87: Submódulo 4.1.1 - Afastamento Maternidade (120 dias)
A88: A | B88: Férias pagas ao substituto pelos 120 dias de reposição | F88: =ROUND((((ROUND((1/11)+(1/11)/3, 3))*4)/12)*1%,4)*0 -> 0 | G88: =ROUND(G$34*F88,2) -> 0
A89: B | B89: Incidência dos encargos do submódulo 2.2 sobre as férias pagas ao substituto | F89: =ROUND(F88*F51,4) -> 0 | G89: =ROUND(G$34*F89,2) -> 0
A90: C | B90: Incidencia do submódulo 2.2 s/ a remuneração e o 13º proporcionais aos 120 d | F90: =ROUND(ROUND(ROUND(((1+1/12)*4)/12,4)*1%,4)*F51,4)*0 -> 0 | G90: =ROUND(G$34*F90,2) -> 0
A91: D | B91: Outros | F91: 0 | G91: =ROUND(G$34*F91,2) -> 0
A92: Total do Submódulo 4.1.1 | F92: =SUM(F88:F91) -> 0 | G92: =SUM(G88:G91) -> 0 | H92: =ROUND(G34*F92,2) -> 0
A93: Submódulo 4.2 - Intrajornada
A94: A | B94: Cobertura de Intervalo para repouso ou alimentação | F94: =((1/220)*22)*0 -> 0 | G94: =ROUND(G$34*F94,2) -> 0
A95: B | B95: Incidência do Sub módulo 2.2 | F95: =F94*F51 -> 0 | G95: =ROUND(G$34*F95,2) -> 0
A96: Total do Submódulo 4.2 | F96: =SUM(F94:F95) -> 0 | G96: =SUM(G94:G95) -> 0 | H96: =ROUND(G34*F96,2) -> 0
A97: Submódulo 4.2.1 - Cobertura de Feriados, Dias Ponte, e outros (exceto para postos 12 x 36)
A98: A | B98: Cobertura Feriados, Dias Ponte, e outros (exceto para postos 12 x 36) | F98: =((((8*13)/12)/220)+((((8*13)/12)/220)*100%))*0 -> 0 | G98: =ROUND(G$34*F98,2) -> 0
A99: B | B99: Incidência do Sub módulo 2.2 | F99: =F98*F51 -> 0 | G99: =ROUND(G$34*F99,2) -> 0
A100: Total do Submódulo 4.2.1 | F100: =SUM(F98:F99) -> 0 | G100: =SUM(G98:G99) -> 0 | H100: =ROUND(G44*F100,2) -> 0
A101: QUADRO RESUMO - MÓDULO 4
A102: 4.1 | B102: Substituto nas Ausências Legais | F102: =F86 -> 0 | G102: =G86 -> 0
...

Sheet Agente de Higienização_CESJC
A1: PLANILHA DE CUSTO E FORMAÇÃO DE PREÇOS
A2: PROCESSO Nº 125/2025 | F2: LOTE 02
A3: OBJETO: PRESTAÇÃO DE SERVIÇOS DE LIMPEZA, CONSERVAÇÃO E HIGIENIZAÇÃO EM DIVERSOS ENTREPOSTO DO INTERIOR
A5: I - DISCRIMINAÇÃO DOS SERVIÇOS
A6: Data de Apresentação da Proposta:
A7: Município/UF: | F7: São José dos Campos/SP
A8: Sindicato: SEAC/SP SINDICATO DAS EMPRESAS DE ASSEIO E CONSERVAÇÃO NO ESTADO DE SAO PAULO e SIEMACO-SP - SINDICATO TRABALHADORES EMPRESAS PRESTACAO DE SERVICOS DE ASSEIO E CONSERVACAO E LIMPEZA URBANA DE SP
A10: Ano do acordo, convenção ou dissídio coletivo: | F10: 2025
A11: Tipo de serviço: | F11: LIMPEZA
A12: Unidade de Medida: | F12: Posto/Hora
A13: Período contratual: | F13: 12 MESES
A14: DADOS COMPLEMENTARES
A15: Salário mínimo oficial vigente: | F15: 1518
A16: Categoria Profissional: | F16: Agente de Higienização
A17: Classificação Brasileira de Ocupações (CBO): | F17: 5143-20
A18: Salário Normativo da Categoria Profissional: | F18: 1717.2
A19: Data Base da Categoria: | F19: 45658
A20: Posto de Trabalho: | F20: 44 HORAS SEMANAIS
A21: Quantidade de Pessoas por Posto: | F21: 1
A22: Quantidade de Postos: | F22: 7
A23: Outras Informações: | F23: DIURNO
A24: Posto de trabalho: 2ª a 6ª feira - início as 08h00 e Sábado – 4 h - início as 07h00 (com intervalo para refeição)
A25: MODULO 1 - COMPOSIÇÃO DA REMUNERAÇÃO
A26: 1 | B26: Composição da Remuneração | F26: Quant/Horas/Perc | G26: Valor Total
A27: A | B27: Salário Base | F27: 1 | G27: =F18*F27 -> 1717.2
A28: B | B28: Adicional Periculosidade | G28: =ROUND(F18*F28,2) -> 0
A29: C | B29: Adicional Insalubridade | F29: 0.4 | G29: =ROUND(F15*F29,2) -> 607.2
A30: D | B30: Adicional de Liderança | G30: =ROUND(F18*F30,2) -> 0
A31: E | B31: Adicional Noturno (Hora Noturna/Hora Reduzida) | F31: =ROUND((ROUND((3*22),2)/52.5)*60,2)*0 -> 0 | G31: =ROUND((F18/192*0.2)*F31,2) -> 0
A32: F | B32: DSR Sobre Adicional Noturno | F32: =ROUND(SUM(F31)/25*5,2) -> 0 | G32: =ROUND((F18/192*0.2)*F32,2) -> 0
A33: G | B33: Outrros (especificar) | G33: 0
A34: Total da Remuneração/MÓDULO 1 | G34: =SUM(G27:G33) -> 2324.4
A35: MÓDULO 2 - ENCARGOS E BENEFÍCIOS ANUAIS, MENSAIS E DIÁRIOS
A36: Submódulo 2.1 - 13º Salário, Férias e Adicional de Férias
A37: A | B37: 13º Salário | F37: =ROUND((1/12),6) -> 0.0833 | G37: =ROUND(G$34*F37,2) -> 193.62
A38: B | B38: Ferias e terço constitucional | F38: =ROUND((1/11)+(1/11)/3, 3) -> 0.121 | G38: =ROUND(G$34*F38,2) -> 281.25
B39: Subtotal | F39: =SUM(F37:F38) -> 0.2043
A40: C | B40: Incidência do Submódulo 2.2 sobre o Submódulo 2.1 | F40: =ROUND((F51*F39),4) -> 0.0691 | G40: =ROUND(G$34*F40,2) -> 160.62
A41: Total do Submódulo 2.1 | F41: =ROUND(SUM(F39:F40),4) -> 0.2734 | G41: =SUM(G37:G40) -> 635.49 | H41: =ROUND(G34*F41,2) -> 635.49
A42: Submódulo 2.2 – Encargos Previdenciários (GPS), FGTS e Outras Contribuições | H42: =SUM(G41,G34) -> 2959.89
A43: A | B43: INSS | F43: 0.2 | G43: =ROUND((G$34)*F43,2) -> 464.88
A44: B | B44: Salário Educação | F44: 0.025 | G44: =ROUND((G$34)*F44,2) -> 58.11
A45: C | B45: SAT (Seguro Acidente de Trabalho) | F45: 0 | G45: =ROUND((G$34)*F45,2) -> 0
A46: D | B46: SESC ou SESI | F46: 0.015 | G46: =ROUND((G$34)*F46,2) -> 34.87
A47: E | B47: SENAI - SENAC | F47: 0.01 | G47: =ROUND((G$34)*F47,2) -> 23.24
A48: F | B48: SEBRAE | F48: 0.006 | G48: =ROUND((G$34)*F48,2) -> 13.95
A49: G | B49: INCRA | F49: 0.002 | G49: =ROUND((G$34)*F49,2) -> 4.65
A50: H | B50: FGTS | F50: 0.08 | G50: =ROUND((G$34)*F50,2) -> 185.95
A51: Total do Submódulo 2.2 | F51: =SUM(F43:F50) -> 0.338 | G51: =SUM(G43:G50) -> 785.65 | H51: =ROUND(G34*F51,2) -> 785.65
A52: Submódulo 2.3 – Benefícios Mensais e Diários
A53: A | B53: Transporte | E53: 0 | F53: 52 | G53: =IF(ROUND((E53*F53)-(G27*0.06),2)<0,0,ROUND((E53*F53)-(G27*0.06),2)) -> 0
A54: B.1 | B54: Auxílio Refeição | E54: =20.76-1.39 -> 19.37 | F54: 26 | G54: =ROUND((E54*F54),2) -> 503.62
A55: B.2 | B55: Auxílio Alimentação | E55: 144.68 | F55: 1 | G55: =ROUND((E55*F55),2) -> 144.68
A56: C | B56: Benefício Médico Ambulatorial e Odontológico | E56: 35.33 | F56: 1 | G56: =ROUND((E56*F56),2) -> 35.33
A57: D | B57: Auxílio Creche | E57: =ROUND((F18*30%)*5%,2)*0 -> 0 | F57: 1 | G57: =ROUND((E57*F57),2) -> 0
A58: E | B58: Dia Trabalhador em Asseio e Conservação | E58: =20.76 -> 20.76 | F58: 1 | G58: =ROUND((E58*F58)/12,2) -> 1.73
A59: F | B59: Benefício Social | E59: =15.96 -> 15.96 | F59: 1 | G59: =ROUND((E59*F59),2) -> 15.96
A60: G | B60: Prêmio Assiduidade | E60: 300 | F60: 1 | G60: =ROUND((E60*F60),2) -> 300
A61: H | B61: Outros (Especificar) | E61: 0 | F61: 1 | G61: =ROUND((E61*F61),2) -> 0
A62: I | B62: Outros (Especificar) | E62: 0 | F62: 1 | G62: 0
A63: Total do Submódulo 2.3 | G63: =SUM(G53:G62) -> 1001.32
A64: QUADRO RESUMO - MÓDULO 2
A65: 2.1 | B65: 13º Salário, Férias e Adicional de Férias | F65: =F41 -> 0.2734 | G65: =G41 -> 635.49
A66: 2.2 | B66: Encargos Previdenciários (GPS), FGTS e Outras Contribuições | F66: =F51 -> 0.338 | G66: =G51 -> 785.65
A67: 2.3 | B67: Benefícios Mensais e Diários | G67: =G63 -> 1001.32
A68: TOTAL MÓDULO 2 | G68: =SUM(G65:G67) -> 2422.46
A69: MÓDULO 3 - PROVISÃO PARA RESCISÃO
A70: 3 | B70: Provisão para Rescisão
A71: A | B71: Aviso Prévio Indenizado | F71: =ROUND((1/12)*0.05,4)*0 -> 0 | G71: =ROUND(G$34*F71,2) -> 0
A72: B | B72: Incidência do FGTS sobre Aviso Prévio Indenizado | F72: =ROUND((F71*F50),4)*0 -> 0 | G72: =ROUND(G$34*F72,2) -> 0
A73: C | B73: Multa do FGTS sobre o Aviso Prévio Indenizado | F73: =ROUND((0.08*0.4*0.9)*(1+0.09+0.09+0.3),2)*0 -> 0 | G73: =ROUND(G$34*F73,2) -> 0
A74: D | B74: Aviso Prévio Trabalhado | F74: =ROUND(100%/30*7/12*100%,4)*0 -> 0 | G74: =ROUND(G$34*F74,2) -> 0
A75: E | B75: Incidência de GPS, FGTS e outras contribuições sobre Aviso Prévio Trabalhado | F75: =ROUND(F74*F51,4) -> 0 | G75: =ROUND(G$34*F75,2) -> 0
A76: F | B76: Multa do FGTS sobre o Aviso Prévio Trabalhado. | F76: 0 | G76: =ROUND(G$34*F76,2) -> 0
A77: TOTAL MÓDULO 3 | F77: =SUM(F71:F76) -> 0 | G77: =SUM(G71:G76) -> 0 | H77: =ROUND(G34*F77,2) -> 0
A78: MÓDULO 4 - CUSTO DE REPOSIÇÃO DO PROFISSIONAL AUSENTE
A79: Submódulo 4.1 - Substituto nas Ausências Legais
A80: A | B80: Substituto na cobertura de Férias (Somente se não aportado no submódulo 2.1) | F80: 0 | G80: =ROUND(G$34*F80,2) -> 0
A81: B | B81: Substituto na cobertura de Ausências Legais | F81: =ROUND(((1/30)/12)*1,4)*0 -> 0 | G81: =ROUND(G$34*F81,2) -> 0
A82: C | B82: Substituto na cobertura de Licença Paternidade | F82: =ROUND((((1/30)/12)*5)*0.02,4)*0 -> 0 | G82: =ROUND(G$34*F82,2) -> 0
A83: D | B83: Substituto na cobertura de Ausência por Acidente de Trabalho | F83: =ROUND((((1/30)/12)*15)*0.05,4)*0 -> 0 | G83: =ROUND(G$34*F83,2) -> 0
A84: E | B84: Substituto na cobertura de Afastamento Maternidade (aportar no 4.1.1) | F84: 0 | G84: =ROUND(G$34*F84,2) -> 0
A85: F | B85: Substituto na cobertura de Outras Ausências | F85: =ROUND((((1/30)/12)*5)*0.5,4)*0 -> 0 | G85: =ROUND(G$34*F85,2) -> 0
A86: Total do Submódulo 4.1 | F86: =SUM(F80:F85) -> 0 | G86: =SUM(G80:G85) -> 0 | H86: =ROUND(G34*F86,2) -> 0
A87: Submódulo 4.1.1 - Afastamento Maternidade (120 dias)
A88: A | B88: Férias pagas ao substituto pelos 120 dias de reposição | F88: =ROUND((((ROUND((1/11)+(1/11)/3, 3))*4)/12)*1%,4)*0 -> 0 | G88: =ROUND(G$34*F88,2) -> 0
A89: B | B89: Incidência dos encargos do submódulo 2.2 sobre as férias pagas ao substituto | F89: =ROUND(F88*F51,4) -> 0 | G89: =ROUND(G$34*F89,2) -> 0
A90: C | B90: Incidencia do submódulo 2.2 s/ a remuneração e o 13º proporcionais aos 120 d | F90: =ROUND(ROUND(ROUND(((1+1/12)*4)/12,4)*1%,4)*F51,4)*0 -> 0 | G90: =ROUND(G$34*F90,2) -> 0
A91: D | B91: Outros | F91: 0 | G91: =ROUND(G$34*F91,2) -> 0
A92: Total do Submódulo 4.1.1 | F92: =SUM(F88:F91) -> 0 | G92: =SUM(G88:G91) -> 0 | H92: =ROUND(G34*F92,2) -> 0
A93: Submódulo 4.2 - Intrajornada
A94: A | B94: Cobertura de Intervalo para repouso ou alimentação | F94: =((1/220)*22)*0 -> 0 | G94: =ROUND(G$34*F94,2) -> 0
A95: B | B95: Incidência do Sub módulo 2.2 | F95: =F94*F51 -> 0 | G95: =ROUND(G$34*F95,2) -> 0
A96: Total do Submódulo 4.2 | F96: =SUM(F94:F95) -> 0 | G96: =SUM(G94:G95) -> 0 | H96: =ROUND(G34*F96,2) -> 0
A97: Submódulo 4.2.1 - Cobertura de Feriados, Dias Ponte, e outros (exceto para postos 12 x 36)
A98: A | B98: Cobertura Feriados, Dias Ponte, e outros (exceto para postos 12 x 36) | F98: =((((8*13)/12)/220)+((((8*13)/12)/220)*100%))*0 -> 0 | G98: =ROUND(G$34*F98,2) -> 0
A99: B | B99: Incidência do Sub módulo 2.2 | F99: =F98*F51 -> 0 | G99: =ROUND(G$34*F99,2) -> 0
A100: Total do Submódulo 4.2.1 | F100: =SUM(F98:F99) -> 0 | G100: =SUM(G98:G99) -> 0 | H100: =ROUND(G44*F100,2) -> 0
A101: QUADRO RESUMO - MÓDULO 4
A102: 4.1 | B102: Substituto nas Ausências Legais | F102: =F86 -> 0 | G102: =G86 -> 0
...

Sheet Jardineiro_CESJC
A1: PLANILHA DE CUSTO E FORMAÇÃO DE PREÇOS
A2: PROCESSO Nº 125/2025 | F2: LOTE 02
A3: OBJETO: PRESTAÇÃO DE SERVIÇOS DE LIMPEZA, CONSERVAÇÃO E HIGIENIZAÇÃO EM DIVERSOS ENTREPOSTO DO INTERIOR
A5: I - DISCRIMINAÇÃO DOS SERVIÇOS
A6: Data de Apresentação da Proposta:
A7: Município/UF: | F7: São José dos Campos/SP
A8: Sindicato: SINDVERDE - SINDICATO DAS EMPRESAS DE MANUTENCAO E EXECUCAO DE AREAS VERDES PÚBLICAS E PRIVADAS DO ESTADO DE SÃO PAULO
A10: Ano do acordo, convenção ou dissídio coletivo: | F10: 2025 / 2026
A11: Tipo de serviço: | F11: LIMPEZA
A12: Unidade de Medida: | F12: Posto/Hora
A13: Período contratual: | F13: 12 MESES
A14: DADOS COMPLEMENTARES
A15: Salário mínimo oficial vigente: | F15: 1518
A16: Categoria Profissional: | F16: Jardineiro
A17: Classificação Brasileira de Ocupações (CBO): | F17: 6220-10
A18: Salário Normativo da Categoria Profissional: | F18: 1732.39
A19: Data Base da Categoria: | F19: 45717
A20: Posto de Trabalho: | F20: 44 HORAS SEMANAIS
A21: Quantidade de Pessoas por Posto: | F21: 1
A22: Quantidade de Postos: | F22: 1
A23: Outras Informações: | F23: DIURNO
A24: Posto de trabalho: 2ª a 6ª feira - início as 08h00 e Sábado – 4 h - início as 07h00 (com intervalo para refeição)
A25: MODULO 1 - COMPOSIÇÃO DA REMUNERAÇÃO
A26: 1 | B26: Composição da Remuneração | F26: Quant/Horas/Perc | G26: Valor Total
A27: A | B27: Salário Base | F27: 1 | G27: =F18*F27 -> 1732.39
A28: B | B28: Adicional Periculosidade | G28: =ROUND(F18*F28,2) -> 0
A29: C | B29: Adicional Insalubridade | F29: 0.2 | G29: =ROUND(F15*F29,2) -> 303.6
A30: D | B30: Adicional de Liderança | G30: =ROUND(F18*F30,2) -> 0
A31: E | B31: Adicional Noturno (Hora Noturna/Hora Reduzida) | F31: =ROUND((ROUND((0*15.22),2)/52.5)*60,2) -> 0 | G31: =ROUND((F18/192*0.2)*F31,2) -> 0
A32: F | B32: DSR Sobre Adicional Noturno | F32: =ROUND(SUM(F31)/25*5,2) -> 0 | G32: =ROUND((F18/192*0.2)*F32,2) -> 0
A33: G | B33: Outrros (especificar) | G33: 0
A34: Total da Remuneração/MÓDULO 1 | G34: =SUM(G27:G33) -> 2035.99
A35: MÓDULO 2 - ENCARGOS E BENEFÍCIOS ANUAIS, MENSAIS E DIÁRIOS
A36: Submódulo 2.1 - 13º Salário, Férias e Adicional de Férias
A37: A | B37: 13º Salário | F37: =ROUND((1/12),6) -> 0.0833 | G37: =ROUND(G$34*F37,2) -> 169.6
A38: B | B38: Ferias e terço constitucional | F38: =ROUND((1/11)+(1/11)/3, 3) -> 0.121 | G38: =ROUND(G$34*F38,2) -> 246.35
B39: Subtotal | F39: =SUM(F37:F38) -> 0.2043
A40: C | B40: Incidência do Submódulo 2.2 sobre o Submódulo 2.1 | F40: =ROUND((F51*F39),4) -> 0.0691 | G40: =ROUND(G$34*F40,2) -> 140.69
A41: Total do Submódulo 2.1 | F41: =ROUND(SUM(F39:F40),4) -> 0.2734 | G41: =SUM(G37:G40) -> 556.64 | H41: =ROUND(G34*F41,2) -> 556.64
A42: Submódulo 2.2 – Encargos Previdenciários (GPS), FGTS e Outras Contribuições | H42: =SUM(G41,G34) -> 2592.63
A43: A | B43: INSS | F43: 0.2 | G43: =ROUND((G$34)*F43,2) -> 407.2
A44: B | B44: Salário Educação | F44: 0.025 | G44: =ROUND((G$34)*F44,2) -> 50.9
A45: C | B45: SAT (Seguro Acidente de Trabalho) | F45: 0 | G45: =ROUND((G$34)*F45,2) -> 0
A46: D | B46: SESC ou SESI | F46: 0.015 | G46: =ROUND((G$34)*F46,2) -> 30.54
A47: E | B47: SENAI - SENAC | F47: 0.01 | G47: =ROUND((G$34)*F47,2) -> 20.36
A48: F | B48: SEBRAE | F48: 0.006 | G48: =ROUND((G$34)*F48,2) -> 12.22
A49: G | B49: INCRA | F49: 0.002 | G49: =ROUND((G$34)*F49,2) -> 4.07
A50: H | B50: FGTS | F50: 0.08 | G50: =ROUND((G$34)*F50,2) -> 162.88
A51: Total do Submódulo 2.2 | F51: =SUM(F43:F50) -> 0.338 | G51: =SUM(G43:G50) -> 688.17 | H51: =ROUND(G34*F51,2) -> 688.16
A52: Submódulo 2.3 – Benefícios Mensais e Diários
A53: A | B53: Transporte | E53: 0 | F53: 52 | G53: =IF(ROUND((E53*F53)-(G27*0.06),2)<0,0,ROUND((E53*F53)-(G27*0.06),2)) -> 0
A54: B.1 | B54: Auxílio Refeição | E54: =(12.5-1.4) -> 11.1 | F54: 26 | G54: =ROUND((E54*F54),2) -> 288.6
A55: B.2 | B55: Auxílio Alimentação | E55: =138.6 -> 138.6 | F55: 1 | G55: =ROUND((E55*F55),2) -> 138.6
A56: C | B56: Auxílio Saúde | E56: 34.94 | F56: 1 | G56: =ROUND((E56*F56),2) -> 34.94
A57: D | B57: Auxílio Creche | E57: =ROUND((F18*30%)*5%,2)*0 -> 0 | F57: 1 | G57: =ROUND((E57*F57),2) -> 0
A58: E | B58: Dia Trabalhador | E58: =ROUND(((F18/220)*8)*1.5,2) -> 94.49 | F58: 1 | G58: =ROUND((E58*F58)/12,2) -> 7.87
A59: F | B59: Benefício Social | E59: =9.31 -> 9.31 | F59: 1 | G59: =ROUND((E59*F59),2) -> 9.31
A60: G | B60: Outros (Especificar) | E60: 0 | F60: 1 | G60: =ROUND((E60*F60),2) -> 0
A61: H | B61: Outros (Especificar) | E61: 0 | F61: 1 | G61: =ROUND((E61*F61),2) -> 0
A62: I | B62: Outros (Especificar) | E62: 0 | F62: 1 | G62: 0
A63: Total do Submódulo 2.3 | G63: =SUM(G53:G62) -> 479.32
A64: QUADRO RESUMO - MÓDULO 2
A65: 2.1 | B65: 13º Salário, Férias e Adicional de Férias | F65: =F41 -> 0.2734 | G65: =G41 -> 556.64
A66: 2.2 | B66: Encargos Previdenciários (GPS), FGTS e Outras Contribuições | F66: =F51 -> 0.338 | G66: =G51 -> 688.17
A67: 2.3 | B67: Benefícios Mensais e Diários | G67: =G63 -> 479.32
A68: TOTAL MÓDULO 2 | G68: =SUM(G65:G67) -> 1724.13
A69: MÓDULO 3 - PROVISÃO PARA RESCISÃO
A70: 3 | B70: Provisão para Rescisão
A71: A | B71: Aviso Prévio Indenizado | F71: =ROUND((1/12)*0.05,4)*0 -> 0 | G71: =ROUND(G$34*F71,2) -> 0
A72: B | B72: Incidência do FGTS sobre Aviso Prévio Indenizado | F72: =ROUND((F71*F50),4)*0 -> 0 | G72: =ROUND(G$34*F72,2) -> 0
A73: C | B73: Multa do FGTS sobre o Aviso Prévio Indenizado | F73: =ROUND((0.08*0.4*0.9)*(1+0.09+0.09+0.3),2)*0 -> 0 | G73: =ROUND(G$34*F73,2) -> 0
A74: D | B74: Aviso Prévio Trabalhado | F74: =ROUND(100%/30*7/12*100%,4)*0 -> 0 | G74: =ROUND(G$34*F74,2) -> 0
A75: E | B75: Incidência de GPS, FGTS e outras contribuições sobre Aviso Prévio Trabalhado | F75: =ROUND(F74*F51,4) -> 0 | G75: =ROUND(G$34*F75,2) -> 0
A76: F | B76: Multa do FGTS sobre o Aviso Prévio Trabalhado. | F76: 0 | G76: =ROUND(G$34*F76,2) -> 0
A77: TOTAL MÓDULO 3 | F77: =SUM(F71:F76) -> 0 | G77: =SUM(G71:G76) -> 0 | H77: =ROUND(G34*F77,2) -> 0
A78: MÓDULO 4 - CUSTO DE REPOSIÇÃO DO PROFISSIONAL AUSENTE
A79: Submódulo 4.1 - Substituto nas Ausências Legais
A80: A | B80: Substituto na cobertura de Férias (Somente se não aportado no submódulo 2.1) | F80: 0 | G80: =ROUND(G$34*F80,2) -> 0
A81: B | B81: Substituto na cobertura de Ausências Legais | F81: =ROUND(((1/30)/12)*1,4)*0 -> 0 | G81: =ROUND(G$34*F81,2) -> 0
A82: C | B82: Substituto na cobertura de Licença Paternidade | F82: =ROUND((((1/30)/12)*5)*0.02,4)*0 -> 0 | G82: =ROUND(G$34*F82,2) -> 0
A83: D | B83: Substituto na cobertura de Ausência por Acidente de Trabalho | F83: =ROUND((((1/30)/12)*15)*0.05,4)*0 -> 0 | G83: =ROUND(G$34*F83,2) -> 0
A84: E | B84: Substituto na cobertura de Afastamento Maternidade (aportar no 4.1.1) | F84: 0 | G84: =ROUND(G$34*F84,2) -> 0
A85: F | B85: Substituto na cobertura de Outras Ausências | F85: =ROUND((((1/30)/12)*5)*0.5,4)*0 -> 0 | G85: =ROUND(G$34*F85,2) -> 0
A86: Total do Submódulo 4.1 | F86: =SUM(F80:F85) -> 0 | G86: =SUM(G80:G85) -> 0 | H86: =ROUND(G34*F86,2) -> 0
A87: Submódulo 4.1.1 - Afastamento Maternidade (120 dias)
A88: A | B88: Férias pagas ao substituto pelos 120 dias de reposição | F88: =ROUND((((ROUND((1/11)+(1/11)/3, 3))*4)/12)*1%,4)*0 -> 0 | G88: =ROUND(G$34*F88,2) -> 0
A89: B | B89: Incidência dos encargos do submódulo 2.2 sobre as férias pagas ao substituto | F89: =ROUND(F88*F51,4) -> 0 | G89: =ROUND(G$34*F89,2) -> 0
A90: C | B90: Incidencia do submódulo 2.2 s/ a remuneração e o 13º proporcionais aos 120 d | F90: =ROUND(ROUND(ROUND(((1+1/12)*4)/12,4)*1%,4)*F51,4)*0 -> 0 | G90: =ROUND(G$34*F90,2) -> 0
A91: D | B91: Outros | F91: 0 | G91: =ROUND(G$34*F91,2) -> 0
A92: Total do Submódulo 4.1.1 | F92: =SUM(F88:F91) -> 0 | G92: =SUM(G88:G91) -> 0 | H92: =ROUND(G34*F92,2) -> 0
A93: Submódulo 4.2 - Intrajornada
A94: A | B94: Cobertura de Intervalo para repouso ou alimentação | F94: =((1/220)*22)*0 -> 0 | G94: =ROUND(G$34*F94,2) -> 0
A95: B | B95: Incidência do Sub módulo 2.2 | F95: =F94*F51 -> 0 | G95: =ROUND(G$34*F95,2) -> 0
A96: Total do Submódulo 4.2 | F96: =SUM(F94:F95) -> 0 | G96: =SUM(G94:G95) -> 0 | H96: =ROUND(G34*F96,2) -> 0
A97: Submódulo 4.2.1 - Cobertura de Feriados, Dias Ponte, e outros (exceto para postos 12 x 36)
A98: A | B98: Cobertura Feriados, Dias Ponte, e outros (exceto para postos 12 x 36) | F98: =((((8*13)/12)/220)+((((8*13)/12)/220)*100%))*0 -> 0 | G98: =ROUND(G$34*F98,2) -> 0
A99: B | B99: Incidência do Sub módulo 2.2 | F99: =F98*F51 -> 0 | G99: =ROUND(G$34*F99,2) -> 0
A100: Total do Submódulo 4.2.1 | F100: =SUM(F98:F99) -> 0 | G100: =SUM(G98:G99) -> 0 | H100: =ROUND(G44*F100,2) -> 0
A101: QUADRO RESUMO - MÓDULO 4
A102: 4.1 | B102: Substituto nas Ausências Legais | F102: =F86 -> 0 | G102: =G86 -> 0
...

Sheet Líder_CESJC
A1: PLANILHA DE CUSTO E FORMAÇÃO DE PREÇOS
A2: PROCESSO Nº 125/2025 | F2: LOTE 02
A3: OBJETO: PRESTAÇÃO DE SERVIÇOS DE LIMPEZA, CONSERVAÇÃO E HIGIENIZAÇÃO EM DIVERSOS ENTREPOSTO DO INTERIOR
A5: I - DISCRIMINAÇÃO DOS SERVIÇOS
A6: Data de Apresentação da Proposta:
A7: Município/UF: | F7: São José dos Campos/SP
A8: Sindicato: SEAC/SP SINDICATO DAS EMPRESAS DE ASSEIO E CONSERVAÇÃO NO ESTADO DE SAO PAULO e SIEMACO-SP - SINDICATO TRABALHADORES EMPRESAS PRESTACAO DE SERVICOS DE ASSEIO E CONSERVACAO E LIMPEZA URBANA DE SP
A10: Ano do acordo, convenção ou dissídio coletivo: | F10: 2025
A11: Tipo de serviço: | F11: LIMPEZA
A12: Unidade de Medida: | F12: Posto/Hora
A13: Período contratual: | F13: 12 MESES
A14: DADOS COMPLEMENTARES
A15: Salário mínimo oficial vigente: | F15: 1518
A16: Categoria Profissional: | F16: Agente de Higienização - Líder
A17: Classificação Brasileira de Ocupações (CBO): | F17: 4101-05
A18: Salário Normativo da Categoria Profissional: | F18: 1872.8
A19: Data Base da Categoria: | F19: 45658
A20: Posto de Trabalho: | F20: 44 HORAS SEMANAIS
A21: Quantidade de Pessoas por Posto: | F21: 1
A22: Quantidade de Postos: | F22: 1
A23: Outras Informações: | F23: DIURNO
A24: Posto de Trabalho: 2ª à 6ª início às 08:00 - (com intervalo para refeição)
A25: MODULO 1 - COMPOSIÇÃO DA REMUNERAÇÃO
A26: 1 | B26: Composição da Remuneração | F26: Quant/Horas/Perc | G26: Valor Total
A27: A | B27: Salário Base | F27: 1 | G27: =F18*F27 -> 1872.8
A28: B | B28: Adicional Periculosidade | G28: =ROUND(F18*F28,2) -> 0
A29: C | B29: Adicional Insalubridade | F29: 0.4 | G29: =ROUND(F15*F29,2) -> 607.2
A30: D | B30: Adicional de Liderança | F30: 0 | G30: =ROUND(F18*F30,2) -> 0
A31: E | B31: Adicional Noturno (Hora Noturna/Hora Reduzida) | F31: =ROUND((ROUND((0*15.22),2)/52.5)*60,2) -> 0 | G31: =ROUND((F18/192*0.2)*F31,2) -> 0
A32: F | B32: DSR Sobre Adicional Noturno | F32: =ROUND(SUM(F31)/25*5,2) -> 0 | G32: =ROUND((F18/192*0.2)*F32,2) -> 0
A33: G | B33: Outrros (especificar) | G33: 0
A34: Total da Remuneração/MÓDULO 1 | G34: =SUM(G27:G33) -> 2480
A35: MÓDULO 2 - ENCARGOS E BENEFÍCIOS ANUAIS, MENSAIS E DIÁRIOS
A36: Submódulo 2.1 - 13º Salário, Férias e Adicional de Férias
A37: A | B37: 13º Salário | F37: =ROUND((1/12),6) -> 0.0833 | G37: =ROUND(G$34*F37,2) -> 206.58
A38: B | B38: Ferias e terço constitucional | F38: =ROUND((1/11)+(1/11)/3, 3) -> 0.121 | G38: =ROUND(G$34*F38,2) -> 300.08
B39: Subtotal | F39: =SUM(F37:F38) -> 0.2043
A40: C | B40: Incidência do Submódulo 2.2 sobre o Submódulo 2.1 | F40: =ROUND((F51*F39),4) -> 0.0691 | G40: =ROUND(G$34*F40,2) -> 171.37
A41: Total do Submódulo 2.1 | F41: =ROUND(SUM(F39:F40),4) -> 0.2734 | G41: =SUM(G37:G40) -> 678.03 | H41: =ROUND(G34*F41,2) -> 678.03
A42: Submódulo 2.2 – Encargos Previdenciários (GPS), FGTS e Outras Contribuições | H42: =SUM(G41,G34) -> 3158.03
A43: A | B43: INSS | F43: 0.2 | G43: =ROUND((G$34)*F43,2) -> 496
A44: B | B44: Salário Educação | F44: 0.025 | G44: =ROUND((G$34)*F44,2) -> 62
A45: C | B45: SAT (Seguro Acidente de Trabalho) | F45: 0 | G45: =ROUND((G$34)*F45,2) -> 0
A46: D | B46: SESC ou SESI | F46: 0.015 | G46: =ROUND((G$34)*F46,2) -> 37.2
A47: E | B47: SENAI - SENAC | F47: 0.01 | G47: =ROUND((G$34)*F47,2) -> 24.8
A48: F | B48: SEBRAE | F48: 0.006 | G48: =ROUND((G$34)*F48,2) -> 14.88
A49: G | B49: INCRA | F49: 0.002 | G49: =ROUND((G$34)*F49,2) -> 4.96
A50: H | B50: FGTS | F50: 0.08 | G50: =ROUND((G$34)*F50,2) -> 198.4
A51: Total do Submódulo 2.2 | F51: =SUM(F43:F50) -> 0.338 | G51: =SUM(G43:G50) -> 838.24 | H51: =ROUND(G34*F51,2) -> 838.24
A52: Submódulo 2.3 – Benefícios Mensais e Diários
A53: A | B53: Transporte | E53: 0 | F53: 52 | G53: =IF(ROUND((E53*F53)-(G27*0.06),2)<0,0,ROUND((E53*F53)-(G27*0.06),2)) -> 0
A54: B | B54: Auxílio Refeição | E54: =20.76-1.39 -> 19.37 | F54: 26 | G54: =ROUND((E54*F54),2) -> 503.62
A55: C | B55: Auxílio Alimentação | E55: 144.68 | F55: 1 | G55: =ROUND((E55*F55),2) -> 144.68
A56: D | B56: Benefício Médico Ambulatorial e Odontológico | E56: 35.33 | F56: 1 | G56: =ROUND((E56*F56),2) -> 35.33
A57: E | B57: Auxílio Creche | E57: =ROUND((F18*30%)*5%,2)*0 -> 0 | F57: 1 | G57: =ROUND((E57*F57),2) -> 0
A58: F | B58: Dia Trabalhador em Asseio e Conservação | E58: =20.76 -> 20.76 | F58: 1 | G58: =ROUND((E58*F58)/12,2) -> 1.73
A59: G | B59: Benefício Social | E59: =15.96 -> 15.96 | F59: 1 | G59: =ROUND((E59*F59),2) -> 15.96
A60: H | B60: Prêmio Assiduidade | E60: 300 | F60: 1 | G60: =ROUND((E60*F60),2) -> 300
A61: I | B61: Outros (Especificar) | E61: 0 | F61: 1 | G61: =ROUND((E61*F61),2) -> 0
A62: J | B62: Outros (Especificar) | E62: 0 | F62: 1 | G62: 0
A63: Total do Submódulo 2.3 | G63: =SUM(G53:G62) -> 1001.32
A64: QUADRO RESUMO - MÓDULO 2
A65: 2.1 | B65: 13º Salário, Férias e Adicional de Férias | F65: =F41 -> 0.2734 | G65: =G41 -> 678.03
A66: 2.2 | B66: Encargos Previdenciários (GPS), FGTS e Outras Contribuições | F66: =F51 -> 0.338 | G66: =G51 -> 838.24
A67: 2.3 | B67: Benefícios Mensais e Diários | G67: =G63 -> 1001.32
A68: TOTAL MÓDULO 2 | G68: =SUM(G65:G67) -> 2517.59
A69: MÓDULO 3 - PROVISÃO PARA RESCISÃO
A70: 3 | B70: Provisão para Rescisão
A71: A | B71: Aviso Prévio Indenizado | F71: =ROUND((1/12)*0.05,4)*0 -> 0 | G71: =ROUND(G$34*F71,2) -> 0
A72: B | B72: Incidência do FGTS sobre Aviso Prévio Indenizado | F72: =ROUND((F71*F50),4)*0 -> 0 | G72: =ROUND(G$34*F72,2) -> 0
A73: C | B73: Multa do FGTS sobre o Aviso Prévio Indenizado | F73: =ROUND((0.08*0.4*0.9)*(1+0.09+0.09+0.3),2)*0 -> 0 | G73: =ROUND(G$34*F73,2) -> 0
A74: D | B74: Aviso Prévio Trabalhado | F74: =ROUND(100%/30*7/12*100%,4)*0 -> 0 | G74: =ROUND(G$34*F74,2) -> 0
A75: E | B75: Incidência de GPS, FGTS e outras contribuições sobre Aviso Prévio Trabalhado | F75: =ROUND(F74*F51,4) -> 0 | G75: =ROUND(G$34*F75,2) -> 0
A76: F | B76: Multa do FGTS sobre o Aviso Prévio Trabalhado. | F76: 0 | G76: =ROUND(G$34*F76,2) -> 0
A77: TOTAL MÓDULO 3 | F77: =SUM(F71:F76) -> 0 | G77: =SUM(G71:G76) -> 0 | H77: =ROUND(G34*F77,2) -> 0
A78: MÓDULO 4 - CUSTO DE REPOSIÇÃO DO PROFISSIONAL AUSENTE
A79: Submódulo 4.1 - Substituto nas Ausências Legais
A80: A | B80: Substituto na cobertura de Férias (Somente se não aportado no submódulo 2.1) | F80: 0 | G80: =ROUND(G$34*F80,2) -> 0
A81: B | B81: Substituto na cobertura de Ausências Legais | F81: =ROUND(((1/30)/12)*1,4)*0 -> 0 | G81: =ROUND(G$34*F81,2) -> 0
A82: C | B82: Substituto na cobertura de Licença Paternidade | F82: =ROUND((((1/30)/12)*5)*0.02,4)*0 -> 0 | G82: =ROUND(G$34*F82,2) -> 0
A83: D | B83: Substituto na cobertura de Ausência por Acidente de Trabalho | F83: =ROUND((((1/30)/12)*15)*0.05,4)*0 -> 0 | G83: =ROUND(G$34*F83,2) -> 0
A84: E | B84: Substituto na cobertura de Afastamento Maternidade (aportar no 4.1.1) | F84: 0 | G84: =ROUND(G$34*F84,2) -> 0
A85: F | B85: Substituto na cobertura de Outras Ausências | F85: =ROUND((((1/30)/12)*5)*0.5,4)*0 -> 0 | G85: =ROUND(G$34*F85,2) -> 0
A86: Total do Submódulo 4.1 | F86: =SUM(F80:F85) -> 0 | G86: =SUM(G80:G85) -> 0 | H86: =ROUND(G34*F86,2) -> 0
A87: Submódulo 4.1.1 - Afastamento Maternidade (120 dias)
A88: A | B88: Férias pagas ao substituto pelos 120 dias de reposição | F88: =ROUND((((ROUND((1/11)+(1/11)/3, 3))*4)/12)*1%,4)*0 -> 0 | G88: =ROUND(G$34*F88,2) -> 0
A89: B | B89: Incidência dos encargos do submódulo 2.2 sobre as férias pagas ao substituto | F89: =ROUND(F88*F51,4) -> 0 | G89: =ROUND(G$34*F89,2) -> 0
A90: C | B90: Incidencia do submódulo 2.2 s/ a remuneração e o 13º proporcionais aos 120 d | F90: =ROUND(ROUND(ROUND(((1+1/12)*4)/12,4)*1%,4)*F51,4)*0 -> 0 | G90: =ROUND(G$34*F90,2) -> 0
A91: D | B91: Outros | F91: 0 | G91: =ROUND(G$34*F91,2) -> 0
A92: Total do Submódulo 4.1.1 | F92: =SUM(F88:F91) -> 0 | G92: =SUM(G88:G91) -> 0 | H92: =ROUND(G34*F92,2) -> 0
A93: Submódulo 4.2 - Intrajornada
A94: A | B94: Cobertura de Intervalo para repouso ou alimentação | F94: =((1/220)*22)*0 -> 0 | G94: =ROUND(G$34*F94,2) -> 0
A95: B | B95: Incidência do Sub módulo 2.2 | F95: =F94*F51 -> 0 | G95: =ROUND(G$34*F95,2) -> 0
A96: Total do Submódulo 4.2 | F96: =SUM(F94:F95) -> 0 | G96: =SUM(G94:G95) -> 0 | H96: =ROUND(G34*F96,2) -> 0
A97: Submódulo 4.2.1 - Cobertura de Feriados, Dias Ponte, e outros (exceto para postos 12 x 36)
A98: A | B98: Cobertura Feriados, Dias Ponte, e outros (exceto para postos 12 x 36) | F98: =((((8*13)/12)/220)+((((8*13)/12)/220)*100%))*0 -> 0 | G98: =ROUND(G$34*F98,2) -> 0
A99: B | B99: Incidência do Sub módulo 2.2 | F99: =F98*F51 -> 0 | G99: =ROUND(G$34*F99,2) -> 0
A100: Total do Submódulo 4.2.1 | F100: =SUM(F98:F99) -> 0 | G100: =SUM(G98:G99) -> 0 | H100: =ROUND(G44*F100,2) -> 0
A101: QUADRO RESUMO - MÓDULO 4
A102: 4.1 | B102: Substituto nas Ausências Legais | F102: =F86 -> 0 | G102: =G86 -> 0
...

Sheet Quadro Resumo M² - CESJC
B1: PROCESSO Nº 125/2025 - LOTE 02
B2: QUADRO RESUMO LICITANTE - CÁLCULO VALOR M²
B3: OBJETO: PRESTAÇÃO DE SERVIÇOS DE LIMPEZA, CONSERVAÇÃO E HIGIENIZAÇÃO EM DIVERSOS ENTREPOSTO DO INTERIOR
B4: ENTRADA DE DADOS
B6: Áreas reais da unidade (em M²) | C6: SÃO JOSÉ DOS CAMPOS/SP
B7: Tipos de Áreas (1) | C7: TOTAL | D7: Produtividade/ M² | E7: Dimensionamento de Pessoas | F7: Quant. Mínimo conforme Termo de Referência
B8: ÁREAS INTERNAS | C8: 613.65 | D8: 800 | E8: =C8/D8 -> 0.77 | F8: =ROUNDDOWN(SUM(E8:E13),0) -> 11
B9: AREAS EXTERNAS | C9: 50562.16 | D9: 6000 | E9: =C9/D9 -> 8.43
B10: ÁREAS ENVIDRAÇADAS | C10: 82.84 | D10: 300 | E10: =C10/D10 -> 0.28
B11: SANITÁRIOS | C11: 51.67 | D11: 200 | E11: =C11/D11 -> 0.26
B12: SANITÁRIOS (Diuturno) | C12: 88.82 | D12: 200 | E12: =C12/D12 -> 0.44
B13: AREAS VERDES | C13: 16000 | D13: 15000 | E13: =C13/D13 -> 1.07
B14: ='Agente de Hig_CESJC_Diuturno'!F16 -> Agente de Higienização - Diuturno | F14: ='Agente de Hig_CESJC_Diuturno'!F22 -> 2
B15: ='Agente de Higienização_CESJC'!F16 -> Agente de Higienização | F15: ='Agente de Higienização_CESJC'!F22 -> 7
B16: =Jardineiro_CESJC!F16 -> Jardineiro | F16: =Jardineiro_CESJC!F22 -> 1
B17: =Líder_CESJC!F16 -> Agente de Higienização - Líder | F17: =Líder_CESJC!F22 -> 1
B18: Quantidade mínimo de pessoas conforme Termo de Referência | F18: =SUM(F14:F17) -> 11
B20: Preço do homem-mês (2) : | C20: Valor m.o./ mês
B21: =B14 -> Agente de Higienização - Diuturno | C21: ='Agente de Hig_CESJC_Diuturno'!G140 -> 5162.64
B22: =B15 -> Agente de Higienização | C22: ='Agente de Higienização_CESJC'!G140 -> 4893.67
B23: =B16 -> Jardineiro | C23: =Jardineiro_CESJC!G140 -> 3876.41
B24: =Líder_CESJC!F16 -> Agente de Higienização - Líder | C24: =Líder_CESJC!G140 -> 5152.15
B26: Tipo de área | C26: Produtividade ( I ) (1/m²) (1) | D26: Preço do homem-mês ( II ) | E26: Subtotal (R$/m²) ( I ) x ( II )
B27: área interna
B28: =B21 -> Agente de Higienização - Diuturno | C28: =ROUND(1/(26*D$8),9) -> 4.8077e-05 | D28: =C21 -> 5162.64 | E28: =ROUND(D28*C28,2) -> 0.25
B29: =B22 -> Agente de Higienização | C29: =ROUND(1/(26*D$8),9) -> 4.8077e-05 | D29: =C22 -> 4893.67 | E29: =ROUND(D29*C29,2) -> 0.24
B30: =B24 -> Agente de Higienização - Líder | C30: =ROUND(1/(26*D$8),9) -> 4.8077e-05 | D30: =C24 -> 5152.15 | E30: =ROUND(D30*C30,2) -> 0.25
C31: preço por m² total - área interna | E31: =SUM(E28:E30) -> 0.74
B32: Tipo de área | C32: Produtividade ( I ) (1/m²) (1) | D32: Preço do homem-mês ( II ) | E32: Subtotal (R$/m²) ( I ) x ( II )
B33: área externa
B34: =B21 -> Agente de Higienização - Diuturno | C34: =ROUND(1/(4*D$9),9) -> 4.1667e-05 | D34: =C21 -> 5162.64 | E34: =ROUND(D34*C34,2) -> 0.22
B35: =B22 -> Agente de Higienização | C35: =ROUND(1/(4*D$9),9) -> 4.1667e-05 | D35: =C22 -> 4893.67 | E35: =ROUND(D35*C35,2) -> 0.2
B36: =B24 -> Agente de Higienização - Líder | C36: =ROUND(1/(4*D$9),9) -> 4.1667e-05 | D36: =C24 -> 5152.15 | E36: =ROUND(D36*C36,2) -> 0.21
C37: preço por m² total - área externa | E37: =SUM(E34:E36) -> 0.63
B38: sanitários
B39: =B22 -> Agente de Higienização | C39: =ROUND(1/(26*D$11),9) -> 0.000192308 | D39: =C22 -> 4893.67 | E39: =ROUND(D39*C39,2) -> 0.94
B40: =B24 -> Agente de Higienização - Líder | C40: =ROUND(1/(26*D$11),9) -> 0.000192308 | D40: =C24 -> 5152.15 | E40: =ROUND(D40*C40,2) -> 0.99
C41: preço por m² total - sanitários | E41: =SUM(E39:E40) -> 1.93
B42: sanitários (diuturno)
B43: =B21 -> Agente de Higienização - Diuturno | C43: =ROUND(1/(26*D12),9) -> 0.000192308 | D43: =C21 -> 5162.64 | E43: =ROUND(D43*C43,2) -> 0.99
B44: =B24 -> Agente de Higienização - Líder | C44: =ROUND(1/(26*D$12),9) -> 0.000192308 | D44: =C24 -> 5152.15 | E44: =ROUND(D44*C44,2) -> 0.99
C45: preço por m² total - sanitários | E45: =SUM(E43:E44) -> 1.98
B47: Tipo de área | C47: Produtividade ( I ) (1/m²) (1) | D47: Frequência mês (II) (em horas) | E47: Jornada no mês (III) (em horas) | F47: Coeficiente (ki) ( I )x( II )x( III )=( IV ) | G47: Preço do homem-mês ( V ) | H47: Subtotal(R$/m²) ( IV )x( V )
B49: vidros- fachada interna e externa (3)
B50: =B21 -> Agente de Higienização - Diuturno | C50: =ROUND(1/D$10,9) -> 0.003333333 | D50: =ROUNDUP(((C$10/D$10)*8),2) -> 2 | E50: =ROUND(1/188.76,9) -> 0.005297733 | F50: =ROUND(((C50)*(E50)*(D50)),9) -> 3.5318e-05 | G50: =C21 -> 5162.64 | H50: =ROUND(G50*F50,2) -> 0.18
B51: =B22 -> Agente de Higienização | C51: =ROUND(1/D$10,9) -> 0.003333333 | D51: =ROUNDUP(((C$10/D$10)*8),2) -> 2 | E51: =ROUND(1/188.76,9) -> 0.005297733 | F51: =ROUND(((C51)*(E51)*(D51)),9) -> 3.5318e-05 | G51: =C22 -> 4893.67 | H51: =ROUND(G51*F51,2) -> 0.17
B52: =B24 -> Agente de Higienização - Líder | C52: =ROUND(1/D10,9) -> 0.003333333 | D52: =ROUNDUP(((C$10/D$10)*8),2) -> 2 | E52: =ROUND(1/188.76,9) -> 0.005297733 | F52: =ROUND(((C52)*(E52)*(D52)),9) -> 3.5318e-05 | G52: =C24 -> 5152.15 | H52: =ROUND(G52*F52,2) -> 0.18
G53: preço por m² total - esquadria interna e externa | H53: =ROUND(SUM(H50:H52),2) -> 0.53
B55: Tipo de área | C55: Produtividade ( I ) (1/m²) (1) | D55: Preço do homem-mês ( II ) | E55: Subtotal (R$/m²) ( I ) x ( II )
B56: área verde
B57: =B23 -> Jardineiro | C57: =ROUND(1/(D$13),9) -> 6.6667e-05 | D57: =C23 -> 3876.41 | E57: =ROUND(D57*C57,2) -> 0.26
B58: =B22 -> Agente de Higienização | C58: =ROUND(1/(26*D$13),9) -> 2.564e-06 | D58: =C22 -> 4893.67 | E58: =ROUND(D58*C58,2) -> 0.01
B59: =B24 -> Agente de Higienização - Líder | C59: =ROUND(1/(26*D$13),9) -> 2.564e-06 | D59: =C24 -> 5152.15 | E59: =ROUND(D59*C59,2) -> 0.01
C60: preço por m² total - área verde | E60: =SUM(E57:E59) -> 0.28
B62: Tipo de área | C62: Preço por m² mensal (R$/m²) | D62: Área (m²) / Mês | E62: Limite por tipo de área(R$) / Mês | F62: Área (M²) / 12 Meses | G62: Limite por tipo de Área (R$) 12 Meses
B64: área interna | C64: =E31 -> 0.74 | D64: =C8 -> 613.65 | E64: =ROUND(D64*C64,2) -> 454.1 | F64: =D64*12 -> 7363.8 | G64: =E64*12 -> 5449.2
B65: área externa | C65: =E37 -> 0.63 | D65: =C9 -> 50562.16 | E65: =ROUND(D65*C65,2) -> 31854.16 | F65: =D65*12 -> 606745.92 | G65: =E65*12 -> 382249.92
B66: áreas envidraçadas | C66: =H53 -> 0.53 | D66: =C10 -> 82.84 | E66: =ROUND(D66*C66,2) -> 43.91 | F66: =D66*12 -> 994.08 | G66: =E66*12 -> 526.92
B67: sanitários | C67: =E41 -> 1.93 | D67: =C11 -> 51.67 | E67: =ROUND(D67*C67,2) -> 99.72 | F67: =D67*12 -> 620.04 | G67: =E67*12 -> 1196.64
B68: sanitários (diuturno) | C68: =E45 -> 1.98 | D68: =C12 -> 88.82 | E68: =ROUND(D68*C68,2) -> 175.86 | F68: =D68*12 -> 1065.84 | G68: =E68*12 -> 2110.32
B69: áreas verdes | C69: =E60 -> 0.28 | D69: =C13 -> 16000 | E69: =ROUND(D69*C69,2) -> 4480 | F69: =D69*12 -> 192000 | G69: =E69*12 -> 53760
A70: % | B70: Limite Máximo Contratação por Tipo de Área mensal (R$) | G70: =SUM(E64:E69) -> 37107.75
B71: Limite Máximo Contratação por Tipo de Área - Período de 12 Meses (R$) | G71: =G70*12 -> 445293
B72: Insumos Diversos Mensal (R$) | G72: ='Insumos Diversos'!H136 -> 0
B73: Insumos Diversos - Período de 12 Meses (R$) | G73: =G72*12 -> 0
B74: TOTAL MENSAL MÃO DE OBRA + INSUMOS DIVERSOS | G74: =SUM(G70,G72) -> 37107.75
B75: TOTAL POR 12 MESES DA MÃO DE OBRA + INSUMOS DIVERSOS | G75: =G74*12 -> 445293 | I75: =SUM(G71+G73) -> 445293
B76: Observações:
B77: (1) Produtividades auferidas de acordo com o Termo de Referência e informações enviadas pela área gestora.
B78: (2) O preço do homem-mês está acrescido da provisão dos insumos diversos.
B79: (3) Freqüência em horas por mês, no caso da área de vidros - fachada externa.
B80: (4) Freqüência em horas por mês, no caso da área de vidros - fachada interna.
B81: Os valores contidos neste quadro devem espelhar a PROPOSTA COMERCIAL.

Sheet Agente de Hig_div_turnos_CESOR
A1: PLANILHA DE CUSTO E FORMAÇÃO DE PREÇOS
A2: PROCESSO Nº 125/2025 | F2: LOTE 02
A3: OBJETO: PRESTAÇÃO DE SERVIÇOS DE LIMPEZA, CONSERVAÇÃO E HIGIENIZAÇÃO EM DIVERSOS ENTREPOSTO DO INTERIOR
A5: I - DISCRIMINAÇÃO DOS SERVIÇOS
A6: Data de Apresentação da Proposta:
A7: Município/UF: | F7: Sorocaba/SP
A8: Sindicato: SEAC/SP SINDICATO DAS EMPRESAS DE ASSEIO E CONSERVAÇÃO NO ESTADO DE SAO PAULO e SIEMACO-SP - SINDICATO TRABALHADORES EMPRESAS PRESTACAO DE SERVICOS DE ASSEIO E CONSERVACAO E LIMPEZA URBANA DE SP
A10: Ano do acordo, convenção ou dissídio coletivo: | F10: 2025
A11: Tipo de serviço: | F11: LIMPEZA
A12: Unidade de Medida: | F12: Posto/Hora
A13: Período contratual: | F13: 12 MESES
A14: DADOS COMPLEMENTARES
A15: Salário mínimo oficial vigente: | F15: 1518
A16: Categoria Profissional: | F16: Agente de Higienização (Diversos)
A17: Classificação Brasileira de Ocupações (CBO): | F17: 5143-20
A18: Salário Normativo da Categoria Profissional: | F18: 1717.2
A19: Data Base da Categoria: | F19: 45658
A20: Posto de Trabalho: | F20: 44 HORAS SEMANAIS
A21: Quantidade de Pessoas por Posto: | F21: 1
A22: Quantidade de Postos: | F22: 9
A23: Outras Informações: | F23: DIURNO
A24: Posto de trabalho: 2ª a 6ª feira e Sábado – 4 h (diversos turnos conforme edital) - com intervalo para refeição
A25: MODULO 1 - COMPOSIÇÃO DA REMUNERAÇÃO
A26: 1 | B26: Composição da Remuneração | F26: Quant/Horas/Perc | G26: Valor Total
A27: A | B27: Salário Base | F27: 1 | G27: =F18*F27 -> 1717.2
A28: B | B28: Adicional Periculosidade | G28: =ROUND(F18*F28,2) -> 0
A29: C | B29: Adicional Insalubridade | F29: 0.4 | G29: =ROUND(F15*F29,2) -> 607.2
A30: D | B30: Adicional de Liderança | G30: =ROUND(F18*F30,2) -> 0
A31: E | B31: Adicional Noturno (Hora Noturna/Hora Reduzida) | F31: =ROUND((ROUND((3*22),2)/52.5)*60,2)*0 -> 0 | G31: =ROUND((F18/192*0.2)*F31,2) -> 0
A32: F | B32: DSR Sobre Adicional Noturno | F32: =ROUND(SUM(F31)/25*5,2) -> 0 | G32: =ROUND((F18/192*0.2)*F32,2) -> 0
A33: G | B33: Outrros (especificar) | G33: 0
A34: Total da Remuneração/MÓDULO 1 | G34: =SUM(G27:G33) -> 2324.4
A35: MÓDULO 2 - ENCARGOS E BENEFÍCIOS ANUAIS, MENSAIS E DIÁRIOS
A36: Submódulo 2.1 - 13º Salário, Férias e Adicional de Férias
A37: A | B37: 13º Salário | F37: =ROUND((1/12),6) -> 0.0833 | G37: =ROUND(G$34*F37,2) -> 193.62
A38: B | B38: Ferias e terço constitucional | F38: =ROUND((1/11)+(1/11)/3, 3) -> 0.121 | G38: =ROUND(G$34*F38,2) -> 281.25
B39: Subtotal | F39: =SUM(F37:F38) -> 0.2043
A40: C | B40: Incidência do Submódulo 2.2 sobre o Submódulo 2.1 | F40: =ROUND((F51*F39),4) -> 0.0691 | G40: =ROUND(G$34*F40,2) -> 160.62
A41: Total do Submódulo 2.1 | F41: =ROUND(SUM(F39:F40),4) -> 0.2734 | G41: =SUM(G37:G40) -> 635.49 | H41: =ROUND(G34*F41,2) -> 635.49
A42: Submódulo 2.2 – Encargos Previdenciários (GPS), FGTS e Outras Contribuições | H42: =SUM(G41,G34) -> 2959.89
A43: A | B43: INSS | F43: 0.2 | G43: =ROUND((G$34)*F43,2) -> 464.88
A44: B | B44: Salário Educação | F44: 0.025 | G44: =ROUND((G$34)*F44,2) -> 58.11
A45: C | B45: SAT (Seguro Acidente de Trabalho) | F45: 0 | G45: =ROUND((G$34)*F45,2) -> 0
A46: D | B46: SESC ou SESI | F46: 0.015 | G46: =ROUND((G$34)*F46,2) -> 34.87
A47: E | B47: SENAI - SENAC | F47: 0.01 | G47: =ROUND((G$34)*F47,2) -> 23.24
A48: F | B48: SEBRAE | F48: 0.006 | G48: =ROUND((G$34)*F48,2) -> 13.95
A49: G | B49: INCRA | F49: 0.002 | G49: =ROUND((G$34)*F49,2) -> 4.65
A50: H | B50: FGTS | F50: 0.08 | G50: =ROUND((G$34)*F50,2) -> 185.95
A51: Total do Submódulo 2.2 | F51: =SUM(F43:F50) -> 0.338 | G51: =SUM(G43:G50) -> 785.65 | H51: =ROUND(G34*F51,2) -> 785.65
A52: Submódulo 2.3 – Benefícios Mensais e Diários
A53: A | B53: Transporte | E53: 0 | F53: 52 | G53: =IF(ROUND((E53*F53)-(G27*0.06),2)<0,0,ROUND((E53*F53)-(G27*0.06),2)) -> 0
A54: B.1 | B54: Auxílio Refeição | E54: =20.76-1.39 -> 19.37 | F54: 26 | G54: =ROUND((E54*F54),2) -> 503.62
A55: B.2 | B55: Auxílio Alimentação | E55: 144.68 | F55: 1 | G55: =ROUND((E55*F55),2) -> 144.68
A56: C | B56: Benefício Médico Ambulatorial e Odontológico | E56: 35.33 | F56: 1 | G56: =ROUND((E56*F56),2) -> 35.33
A57: D | B57: Auxílio Creche | E57: =ROUND((F18*30%)*5%,2)*0 -> 0 | F57: 1 | G57: =ROUND((E57*F57),2) -> 0
A58: E | B58: Dia Trabalhador em Asseio e Conservação | E58: =20.76 -> 20.76 | F58: 1 | G58: =ROUND((E58*F58)/12,2) -> 1.73
A59: F | B59: Benefício Social | E59: =15.96 -> 15.96 | F59: 1 | G59: =ROUND((E59*F59),2) -> 15.96
A60: G | B60: Prêmio Assiduidade | E60: 300 | F60: 1 | G60: =ROUND((E60*F60),2) -> 300
A61: H | B61: Outros (Especificar) | E61: 0 | F61: 1 | G61: =ROUND((E61*F61),2) -> 0
A62: I | B62: Outros (Especificar) | E62: 0 | F62: 1 | G62: 0
A63: Total do Submódulo 2.3 | G63: =SUM(G53:G62) -> 1001.32
A64: QUADRO RESUMO - MÓDULO 2
A65: 2.1 | B65: 13º Salário, Férias e Adicional de Férias | F65: =F41 -> 0.2734 | G65: =G41 -> 635.49
A66: 2.2 | B66: Encargos Previdenciários (GPS), FGTS e Outras Contribuições | F66: =F51 -> 0.338 | G66: =G51 -> 785.65
A67: 2.3 | B67: Benefícios Mensais e Diários | G67: =G63 -> 1001.32
A68: TOTAL MÓDULO 2 | G68: =SUM(G65:G67) -> 2422.46
A69: MÓDULO 3 - PROVISÃO PARA RESCISÃO
A70: 3 | B70: Provisão para Rescisão
A71: A | B71: Aviso Prévio Indenizado | F71: =ROUND((1/12)*0.05,4)*0 -> 0 | G71: =ROUND(G$34*F71,2) -> 0
A72: B | B72: Incidência do FGTS sobre Aviso Prévio Indenizado | F72: =ROUND((F71*F50),4)*0 -> 0 | G72: =ROUND(G$34*F72,2) -> 0
A73: C | B73: Multa do FGTS sobre o Aviso Prévio Indenizado | F73: =ROUND((0.08*0.4*0.9)*(1+0.09+0.09+0.3),2)*0 -> 0 | G73: =ROUND(G$34*F73,2) -> 0
A74: D | B74: Aviso Prévio Trabalhado | F74: =ROUND(100%/30*7/12*100%,4)*0 -> 0 | G74: =ROUND(G$34*F74,2) -> 0
A75: E | B75: Incidência de GPS, FGTS e outras contribuições sobre Aviso Prévio Trabalhado | F75: =ROUND(F74*F51,4) -> 0 | G75: =ROUND(G$34*F75,2) -> 0
A76: F | B76: Multa do FGTS sobre o Aviso Prévio Trabalhado. | F76: 0 | G76: =ROUND(G$34*F76,2) -> 0
A77: TOTAL MÓDULO 3 | F77: =SUM(F71:F76) -> 0 | G77: =SUM(G71:G76) -> 0 | H77: =ROUND(G34*F77,2) -> 0
A78: MÓDULO 4 - CUSTO DE REPOSIÇÃO DO PROFISSIONAL AUSENTE
A79: Submódulo 4.1 - Substituto nas Ausências Legais
A80: A | B80: Substituto na cobertura de Férias (Somente se não aportado no submódulo 2.1) | F80: 0 | G80: =ROUND(G$34*F80,2) -> 0
A81: B | B81: Substituto na cobertura de Ausências Legais | F81: =ROUND(((1/30)/12)*1,4)*0 -> 0 | G81: =ROUND(G$34*F81,2) -> 0
A82: C | B82: Substituto na cobertura de Licença Paternidade | F82: =ROUND((((1/30)/12)*5)*0.02,4)*0 -> 0 | G82: =ROUND(G$34*F82,2) -> 0
A83: D | B83: Substituto na cobertura de Ausência por Acidente de Trabalho | F83: =ROUND((((1/30)/12)*15)*0.05,4)*0 -> 0 | G83: =ROUND(G$34*F83,2) -> 0
A84: E | B84: Substituto na cobertura de Afastamento Maternidade (aportar no 4.1.1) | F84: 0 | G84: =ROUND(G$34*F84,2) -> 0
A85: F | B85: Substituto na cobertura de Outras Ausências | F85: =ROUND((((1/30)/12)*5)*0.5,4)*0 -> 0 | G85: =ROUND(G$34*F85,2) -> 0
A86: Total do Submódulo 4.1 | F86: =SUM(F80:F85) -> 0 | G86: =SUM(G80:G85) -> 0 | H86: =ROUND(G34*F86,2) -> 0
A87: Submódulo 4.1.1 - Afastamento Maternidade (120 dias)
A88: A | B88: Férias pagas ao substituto pelos 120 dias de reposição | F88: =ROUND((((ROUND((1/11)+(1/11)/3, 3))*4)/12)*1%,4)*0 -> 0 | G88: =ROUND(G$34*F88,2) -> 0
A89: B | B89: Incidência dos encargos do submódulo 2.2 sobre as férias pagas ao substituto | F89: =ROUND(F88*F51,4) -> 0 | G89: =ROUND(G$34*F89,2) -> 0
A90: C | B90: Incidencia do submódulo 2.2 s/ a remuneração e o 13º proporcionais aos 120 d | F90: =ROUND(ROUND(ROUND(((1+1/12)*4)/12,4)*1%,4)*F51,4)*0 -> 0 | G90: =ROUND(G$34*F90,2) -> 0
A91: D | B91: Outros | F91: 0 | G91: =ROUND(G$34*F91,2) -> 0
A92: Total do Submódulo 4.1.1 | F92: =SUM(F88:F91) -> 0 | G92: =SUM(G88:G91) -> 0 | H92: =ROUND(G34*F92,2) -> 0
A93: Submódulo 4.2 - Intrajornada
A94: A | B94: Cobertura de Intervalo para repouso ou alimentação | F94: =((1/220)*22)*0 -> 0 | G94: =ROUND(G$34*F94,2) -> 0
A95: B | B95: Incidência do Sub módulo 2.2 | F95: =F94*F51 -> 0 | G95: =ROUND(G$34*F95,2) -> 0
A96: Total do Submódulo 4.2 | F96: =SUM(F94:F95) -> 0 | G96: =SUM(G94:G95) -> 0 | H96: =ROUND(G34*F96,2) -> 0
A97: Submódulo 4.2.1 - Cobertura de Feriados, Dias Ponte, e outros (exceto para postos 12 x 36)
A98: A | B98: Cobertura Feriados, Dias Ponte, e outros (exceto para postos 12 x 36) | F98: =((((8*13)/12)/220)+((((8*13)/12)/220)*100%))*0 -> 0 | G98: =ROUND(G$34*F98,2) -> 0
A99: B | B99: Incidência do Sub módulo 2.2 | F99: =F98*F51 -> 0 | G99: =ROUND(G$34*F99,2) -> 0
A100: Total do Submódulo 4.2.1 | F100: =SUM(F98:F99) -> 0 | G100: =SUM(G98:G99) -> 0 | H100: =ROUND(G44*F100,2) -> 0
A101: QUADRO RESUMO - MÓDULO 4
A102: 4.1 | B102: Substituto nas Ausências Legais | F102: =F86 -> 0 | G102: =G86 -> 0
...

Sheet Agente de Hig_Diuturno_CESOR
A1: PLANILHA DE CUSTO E FORMAÇÃO DE PREÇOS
A2: PROCESSO Nº 125/2025 | F2: LOTE 02
A3: OBJETO: PRESTAÇÃO DE SERVIÇOS DE LIMPEZA, CONSERVAÇÃO E HIGIENIZAÇÃO EM DIVERSOS ENTREPOSTO DO INTERIOR
A5: I - DISCRIMINAÇÃO DOS SERVIÇOS
A6: Data de Apresentação da Proposta:
A7: Município/UF: | F7: Sorocaba/SP
A8: Sindicato: SEAC/SP SINDICATO DAS EMPRESAS DE ASSEIO E CONSERVAÇÃO NO ESTADO DE SAO PAULO e SIEMACO-SP - SINDICATO TRABALHADORES EMPRESAS PRESTACAO DE SERVICOS DE ASSEIO E CONSERVACAO E LIMPEZA URBANA DE SP
A10: Ano do acordo, convenção ou dissídio coletivo: | F10: 2025
A11: Tipo de serviço: | F11: LIMPEZA
A12: Unidade de Medida: | F12: Posto/Hora
A13: Período contratual: | F13: 12 MESES
A14: DADOS COMPLEMENTARES
A15: Salário mínimo oficial vigente: | F15: 1518
A16: Categoria Profissional: | F16: Agente de Higienização (Diuturno)
A17: Classificação Brasileira de Ocupações (CBO): | F17: 5143-20
A18: Salário Normativo da Categoria Profissional: | F18: 1717.2
A19: Data Base da Categoria: | F19: 45658
A20: Posto de Trabalho: | F20: 44 HORAS SEMANAIS
A21: Quantidade de Pessoas por Posto: | F21: 1
A22: Quantidade de Postos: | F22: 3
A23: Outras Informações: | F23: DIUTURNO
A24: Posto de trabalho: 2ª, 4ª e 6ª feira início as 04h00, 3ª e 5ª início as 08h00 e Sábado (4h) - início as 06h00 (1 func. Masculino e 1 feminino) Sábado – 4h – início as 12h00 (1 func. masculino) - (com intervalo para refeição)
A25: MODULO 1 - COMPOSIÇÃO DA REMUNERAÇÃO
A26: 1 | B26: Composição da Remuneração | F26: Quant/Horas/Perc | G26: Valor Total
A27: A | B27: Salário Base | F27: 1 | G27: =F18*F27 -> 1717.2
A28: B | B28: Adicional Periculosidade | G28: =ROUND(F18*F28,2) -> 0
A29: C | B29: Adicional Insalubridade | F29: 0.4 | G29: =ROUND(F15*F29,2) -> 607.2
A30: D | B30: Adicional de Liderança | G30: =ROUND(F18*F30,2) -> 0
A31: E | B31: Adicional Noturno (Hora Noturna/Hora Reduzida) | F31: =ROUND((ROUND((1*13),2)/52.5)*60,2) -> 14.86 | G31: =ROUND((F18/192*0.2)*F31,2) -> 26.58
A32: F | B32: DSR Sobre Adicional Noturno | F32: =ROUND(SUM(F31)/25*5,2) -> 2.97 | G32: =ROUND((F18/192*0.2)*F32,2) -> 5.31
A33: G | B33: Outrros (especificar) | G33: 0
A34: Total da Remuneração/MÓDULO 1 | G34: =SUM(G27:G33) -> 2356.29
A35: MÓDULO 2 - ENCARGOS E BENEFÍCIOS ANUAIS, MENSAIS E DIÁRIOS
A36: Submódulo 2.1 - 13º Salário, Férias e Adicional de Férias
A37: A | B37: 13º Salário | F37: =ROUND((1/12),6) -> 0.0833 | G37: =ROUND(G$34*F37,2) -> 196.28
A38: B | B38: Ferias e terço constitucional | F38: =ROUND((1/11)+(1/11)/3, 3) -> 0.121 | G38: =ROUND(G$34*F38,2) -> 285.11
B39: Subtotal | F39: =SUM(F37:F38) -> 0.2043
A40: C | B40: Incidência do Submódulo 2.2 sobre o Submódulo 2.1 | F40: =ROUND((F51*F39),4) -> 0.0691 | G40: =ROUND(G$34*F40,2) -> 162.82
A41: Total do Submódulo 2.1 | F41: =ROUND(SUM(F39:F40),4) -> 0.2734 | G41: =SUM(G37:G40) -> 644.21 | H41: =ROUND(G34*F41,2) -> 644.21
A42: Submódulo 2.2 – Encargos Previdenciários (GPS), FGTS e Outras Contribuições | H42: =SUM(G41,G34) -> 3000.5
A43: A | B43: INSS | F43: 0.2 | G43: =ROUND((G$34)*F43,2) -> 471.26
A44: B | B44: Salário Educação | F44: 0.025 | G44: =ROUND((G$34)*F44,2) -> 58.91
A45: C | B45: SAT (Seguro Acidente de Trabalho) | F45: 0 | G45: =ROUND((G$34)*F45,2) -> 0
A46: D | B46: SESC ou SESI | F46: 0.015 | G46: =ROUND((G$34)*F46,2) -> 35.34
A47: E | B47: SENAI - SENAC | F47: 0.01 | G47: =ROUND((G$34)*F47,2) -> 23.56
A48: F | B48: SEBRAE | F48: 0.006 | G48: =ROUND((G$34)*F48,2) -> 14.14
A49: G | B49: INCRA | F49: 0.002 | G49: =ROUND((G$34)*F49,2) -> 4.71
A50: H | B50: FGTS | F50: 0.08 | G50: =ROUND((G$34)*F50,2) -> 188.5
A51: Total do Submódulo 2.2 | F51: =SUM(F43:F50) -> 0.338 | G51: =SUM(G43:G50) -> 796.42 | H51: =ROUND(G34*F51,2) -> 796.43
A52: Submódulo 2.3 – Benefícios Mensais e Diários
A53: A | B53: Transporte | E53: 0 | F53: 52 | G53: =IF(ROUND((E53*F53)-(G27*0.06),2)<0,0,ROUND((E53*F53)-(G27*0.06),2)) -> 0
A54: B.1 | B54: Auxílio Refeição | E54: =20.76-1.39 -> 19.37 | F54: 26 | G54: =ROUND((E54*F54),2) -> 503.62
A55: B.2 | B55: Auxílio Alimentação | E55: 144.68 | F55: 1 | G55: =ROUND((E55*F55),2) -> 144.68
A56: C | B56: Benefício Médico Ambulatorial e Odontológico | E56: 35.33 | F56: 1 | G56: =ROUND((E56*F56),2) -> 35.33
A57: D | B57: Auxílio Creche | E57: =ROUND((F18*30%)*5%,2)*0 -> 0 | F57: 1 | G57: =ROUND((E57*F57),2) -> 0
A58: E | B58: Dia Trabalhador em Asseio e Conservação | E58: =20.76 -> 20.76 | F58: 1 | G58: =ROUND((E58*F58)/12,2) -> 1.73
A59: F | B59: Benefício Social | E59: =15.96 -> 15.96 | F59: 1 | G59: =ROUND((E59*F59),2) -> 15.96
A60: G | B60: Prêmio Assiduidade | E60: 300 | F60: 1 | G60: =ROUND((E60*F60),2) -> 300
A61: H | B61: Outros (Especificar) | E61: 0 | F61: 1 | G61: =ROUND((E61*F61),2) -> 0
A62: I | B62: Outros (Especificar) | E62: 0 | F62: 1 | G62: 0
A63: Total do Submódulo 2.3 | G63: =SUM(G53:G62) -> 1001.32
A64: QUADRO RESUMO - MÓDULO 2
A65: 2.1 | B65: 13º Salário, Férias e Adicional de Férias | F65: =F41 -> 0.2734 | G65: =G41 -> 644.21
A66: 2.2 | B66: Encargos Previdenciários (GPS), FGTS e Outras Contribuições | F66: =F51 -> 0.338 | G66: =G51 -> 796.42
A67: 2.3 | B67: Benefícios Mensais e Diários | G67: =G63 -> 1001.32
A68: TOTAL MÓDULO 2 | G68: =SUM(G65:G67) -> 2441.95
A69: MÓDULO 3 - PROVISÃO PARA RESCISÃO
A70: 3 | B70: Provisão para Rescisão
A71: A | B71: Aviso Prévio Indenizado | F71: =ROUND((1/12)*0.05,4)*0 -> 0 | G71: =ROUND(G$34*F71,2) -> 0
A72: B | B72: Incidência do FGTS sobre Aviso Prévio Indenizado | F72: =ROUND((F71*F50),4)*0 -> 0 | G72: =ROUND(G$34*F72,2) -> 0
A73: C | B73: Multa do FGTS sobre o Aviso Prévio Indenizado | F73: =ROUND((0.08*0.4*0.9)*(1+0.09+0.09+0.3),2)*0 -> 0 | G73: =ROUND(G$34*F73,2) -> 0
A74: D | B74: Aviso Prévio Trabalhado | F74: =ROUND(100%/30*7/12*100%,4)*0 -> 0 | G74: =ROUND(G$34*F74,2) -> 0
A75: E | B75: Incidência de GPS, FGTS e outras contribuições sobre Aviso Prévio Trabalhado | F75: =ROUND(F74*F51,4) -> 0 | G75: =ROUND(G$34*F75,2) -> 0
A76: F | B76: Multa do FGTS sobre o Aviso Prévio Trabalhado. | F76: 0 | G76: =ROUND(G$34*F76,2) -> 0
A77: TOTAL MÓDULO 3 | F77: =SUM(F71:F76) -> 0 | G77: =SUM(G71:G76) -> 0 | H77: =ROUND(G34*F77,2) -> 0
A78: MÓDULO 4 - CUSTO DE REPOSIÇÃO DO PROFISSIONAL AUSENTE
A79: Submódulo 4.1 - Substituto nas Ausências Legais
A80: A | B80: Substituto na cobertura de Férias (Somente se não aportado no submódulo 2.1) | F80: 0 | G80: =ROUND(G$34*F80,2) -> 0
A81: B | B81: Substituto na cobertura de Ausências Legais | F81: =ROUND(((1/30)/12)*1,4)*0 -> 0 | G81: =ROUND(G$34*F81,2) -> 0
A82: C | B82: Substituto na cobertura de Licença Paternidade | F82: =ROUND((((1/30)/12)*5)*0.02,4)*0 -> 0 | G82: =ROUND(G$34*F82,2) -> 0
A83: D | B83: Substituto na cobertura de Ausência por Acidente de Trabalho | F83: =ROUND((((1/30)/12)*15)*0.05,4)*0 -> 0 | G83: =ROUND(G$34*F83,2) -> 0
A84: E | B84: Substituto na cobertura de Afastamento Maternidade (aportar no 4.1.1) | F84: 0 | G84: =ROUND(G$34*F84,2) -> 0
A85: F | B85: Substituto na cobertura de Outras Ausências | F85: =ROUND((((1/30)/12)*5)*0.5,4)*0 -> 0 | G85: =ROUND(G$34*F85,2) -> 0
A86: Total do Submódulo 4.1 | F86: =SUM(F80:F85) -> 0 | G86: =SUM(G80:G85) -> 0 | H86: =ROUND(G34*F86,2) -> 0
A87: Submódulo 4.1.1 - Afastamento Maternidade (120 dias)
A88: A | B88: Férias pagas ao substituto pelos 120 dias de reposição | F88: =ROUND((((ROUND((1/11)+(1/11)/3, 3))*4)/12)*1%,4)*0 -> 0 | G88: =ROUND(G$34*F88,2) -> 0
A89: B | B89: Incidência dos encargos do submódulo 2.2 sobre as férias pagas ao substituto | F89: =ROUND(F88*F51,4) -> 0 | G89: =ROUND(G$34*F89,2) -> 0
A90: C | B90: Incidencia do submódulo 2.2 s/ a remuneração e o 13º proporcionais aos 120 d | F90: =ROUND(ROUND(ROUND(((1+1/12)*4)/12,4)*1%,4)*F51,4)*0 -> 0 | G90: =ROUND(G$34*F90,2) -> 0
A91: D | B91: Outros | F91: 0 | G91: =ROUND(G$34*F91,2) -> 0
A92: Total do Submódulo 4.1.1 | F92: =SUM(F88:F91) -> 0 | G92: =SUM(G88:G91) -> 0 | H92: =ROUND(G34*F92,2) -> 0
A93: Submódulo 4.2 - Intrajornada
A94: A | B94: Cobertura de Intervalo para repouso ou alimentação | F94: =((1/220)*22)*0 -> 0 | G94: =ROUND(G$34*F94,2) -> 0
A95: B | B95: Incidência do Sub módulo 2.2 | F95: =F94*F51 -> 0 | G95: =ROUND(G$34*F95,2) -> 0
A96: Total do Submódulo 4.2 | F96: =SUM(F94:F95) -> 0 | G96: =SUM(G94:G95) -> 0 | H96: =ROUND(G34*F96,2) -> 0
A97: Submódulo 4.2.1 - Cobertura de Feriados, Dias Ponte, e outros (exceto para postos 12 x 36)
A98: A | B98: Cobertura Feriados, Dias Ponte, e outros (exceto para postos 12 x 36) | F98: =((((8*13)/12)/220)+((((8*13)/12)/220)*100%))*0 -> 0 | G98: =ROUND(G$34*F98,2) -> 0
A99: B | B99: Incidência do Sub módulo 2.2 | F99: =F98*F51 -> 0 | G99: =ROUND(G$34*F99,2) -> 0
A100: Total do Submódulo 4.2.1 | F100: =SUM(F98:F99) -> 0 | G100: =SUM(G98:G99) -> 0 | H100: =ROUND(G44*F100,2) -> 0
A101: QUADRO RESUMO - MÓDULO 4
A102: 4.1 | B102: Substituto nas Ausências Legais | F102: =F86 -> 0 | G102: =G86 -> 0
...

Sheet Jardineiro_CESOR
A1: PLANILHA DE CUSTO E FORMAÇÃO DE PREÇOS
A2: PROCESSO Nº 125/2025 | F2: LOTE 02
A3: OBJETO: PRESTAÇÃO DE SERVIÇOS DE LIMPEZA, CONSERVAÇÃO E HIGIENIZAÇÃO EM DIVERSOS ENTREPOSTO DO INTERIOR
A5: I - DISCRIMINAÇÃO DOS SERVIÇOS
A6: Data de Apresentação da Proposta:
A7: Município/UF: | F7: Sorocaba/SP
A8: Sindicato: SINDVERDE - SINDICATO DAS EMPRESAS DE MANUTENCAO E EXECUCAO DE AREAS VERDES PÚBLICAS E PRIVADAS DO ESTADO DE SÃO PAULO
A10: Ano do acordo, convenção ou dissídio coletivo: | F10: 2025 / 2026
A11: Tipo de serviço: | F11: LIMPEZA
A12: Unidade de Medida: | F12: Posto/Hora
A13: Período contratual: | F13: 12 MESES
A14: DADOS COMPLEMENTARES
A15: Salário mínimo oficial vigente: | F15: 1518
A16: Categoria Profissional: | F16: Jardineiro
A17: Classificação Brasileira de Ocupações (CBO): | F17: 6220-10
A18: Salário Normativo da Categoria Profissional: | F18: 1732.39
A19: Data Base da Categoria: | F19: 45717
A20: Posto de Trabalho: | F20: 44 HORAS SEMANAIS
A21: Quantidade de Pessoas por Posto: | F21: 1
A22: Quantidade de Postos: | F22: 2
A23: Outras Informações: | F23: DIURNO
A24: Posto de trabalho: 2ª a 6ª feira - início as 07h00 (com intervalo para refeição)
A25: MODULO 1 - COMPOSIÇÃO DA REMUNERAÇÃO
A26: 1 | B26: Composição da Remuneração | F26: Quant/Horas/Perc | G26: Valor Total
A27: A | B27: Salário Base | F27: 1 | G27: =F18*F27 -> 1732.39
A28: B | B28: Adicional Periculosidade | G28: =ROUND(F18*F28,2) -> 0
A29: C | B29: Adicional Insalubridade | F29: 0.2 | G29: =ROUND(F15*F29,2) -> 303.6
A30: D | B30: Adicional de Liderança | G30: =ROUND(F18*F30,2) -> 0
A31: E | B31: Adicional Noturno (Hora Noturna/Hora Reduzida) | F31: =ROUND((ROUND((0*15.22),2)/52.5)*60,2) -> 0 | G31: =ROUND((F18/192*0.2)*F31,2) -> 0
A32: F | B32: DSR Sobre Adicional Noturno | F32: =ROUND(SUM(F31)/25*5,2) -> 0 | G32: =ROUND((F18/192*0.2)*F32,2) -> 0
A33: G | B33: Outrros (especificar) | G33: 0
A34: Total da Remuneração/MÓDULO 1 | G34: =SUM(G27:G33) -> 2035.99
A35: MÓDULO 2 - ENCARGOS E BENEFÍCIOS ANUAIS, MENSAIS E DIÁRIOS
A36: Submódulo 2.1 - 13º Salário, Férias e Adicional de Férias
A37: A | B37: 13º Salário | F37: =ROUND((1/12),6) -> 0.0833 | G37: =ROUND(G$34*F37,2) -> 169.6
A38: B | B38: Ferias e terço constitucional | F38: =ROUND((1/11)+(1/11)/3, 3) -> 0.121 | G38: =ROUND(G$34*F38,2) -> 246.35
B39: Subtotal | F39: =SUM(F37:F38) -> 0.2043
A40: C | B40: Incidência do Submódulo 2.2 sobre o Submódulo 2.1 | F40: =ROUND((F51*F39),4) -> 0.0691 | G40: =ROUND(G$34*F40,2) -> 140.69
A41: Total do Submódulo 2.1 | F41: =ROUND(SUM(F39:F40),4) -> 0.2734 | G41: =SUM(G37:G40) -> 556.64 | H41: =ROUND(G34*F41,2) -> 556.64
A42: Submódulo 2.2 – Encargos Previdenciários (GPS), FGTS e Outras Contribuições | H42: =SUM(G41,G34) -> 2592.63
A43: A | B43: INSS | F43: 0.2 | G43: =ROUND((G$34)*F43,2) -> 407.2
A44: B | B44: Salário Educação | F44: 0.025 | G44: =ROUND((G$34)*F44,2) -> 50.9
A45: C | B45: SAT (Seguro Acidente de Trabalho) | F45: 0 | G45: =ROUND((G$34)*F45,2) -> 0
A46: D | B46: SESC ou SESI | F46: 0.015 | G46: =ROUND((G$34)*F46,2) -> 30.54
A47: E | B47: SENAI - SENAC | F47: 0.01 | G47: =ROUND((G$34)*F47,2) -> 20.36
A48: F | B48: SEBRAE | F48: 0.006 | G48: =ROUND((G$34)*F48,2) -> 12.22
A49: G | B49: INCRA | F49: 0.002 | G49: =ROUND((G$34)*F49,2) -> 4.07
A50: H | B50: FGTS | F50: 0.08 | G50: =ROUND((G$34)*F50,2) -> 162.88
A51: Total do Submódulo 2.2 | F51: =SUM(F43:F50) -> 0.338 | G51: =SUM(G43:G50) -> 688.17 | H51: =ROUND(G34*F51,2) -> 688.16
A52: Submódulo 2.3 – Benefícios Mensais e Diários
A53: A | B53: Transporte | E53: 0 | F53: 42 | G53: =IF(ROUND((E53*F53)-(G27*0.06),2)<0,0,ROUND((E53*F53)-(G27*0.06),2)) -> 0
A54: B.1 | B54: Auxílio Refeição | E54: =(12.5-1.4) -> 11.1 | F54: 21 | G54: =ROUND((E54*F54),2) -> 233.1
A55: B.2 | B55: Auxílio Alimentação | E55: =138.6 -> 138.6 | F55: 1 | G55: =ROUND((E55*F55),2) -> 138.6
A56: C | B56: Auxílio Saúde | E56: 34.94 | F56: 1 | G56: =ROUND((E56*F56),2) -> 34.94
A57: D | B57: Auxílio Creche | E57: =ROUND((F18*30%)*5%,2)*0 -> 0 | F57: 1 | G57: =ROUND((E57*F57),2) -> 0
A58: E | B58: Dia Trabalhador | E58: =ROUND(((F18/220)*8)*1.5,2) -> 94.49 | F58: 1 | G58: =ROUND((E58*F58)/12,2) -> 7.87
A59: F | B59: Benefício Social | E59: =9.31 -> 9.31 | F59: 1 | G59: =ROUND((E59*F59),2) -> 9.31
A60: G | B60: Outros (Especificar) | E60: 0 | F60: 1 | G60: =ROUND((E60*F60),2) -> 0
A61: H | B61: Outros (Especificar) | E61: 0 | F61: 1 | G61: =ROUND((E61*F61),2) -> 0
A62: I | B62: Outros (Especificar) | E62: 0 | F62: 1 | G62: 0
A63: Total do Submódulo 2.3 | G63: =SUM(G53:G62) -> 423.82
A64: QUADRO RESUMO - MÓDULO 2
A65: 2.1 | B65: 13º Salário, Férias e Adicional de Férias | F65: =F41 -> 0.2734 | G65: =G41 -> 556.64
A66: 2.2 | B66: Encargos Previdenciários (GPS), FGTS e Outras Contribuições | F66: =F51 -> 0.338 | G66: =G51 -> 688.17
A67: 2.3 | B67: Benefícios Mensais e Diários | G67: =G63 -> 423.82
A68: TOTAL MÓDULO 2 | G68: =SUM(G65:G67) -> 1668.63
A69: MÓDULO 3 - PROVISÃO PARA RESCISÃO
A70: 3 | B70: Provisão para Rescisão
A71: A | B71: Aviso Prévio Indenizado | F71: =ROUND((1/12)*0.05,4)*0 -> 0 | G71: =ROUND(G$34*F71,2) -> 0
A72: B | B72: Incidência do FGTS sobre Aviso Prévio Indenizado | F72: =ROUND((F71*F50),4)*0 -> 0 | G72: =ROUND(G$34*F72,2) -> 0
A73: C | B73: Multa do FGTS sobre o Aviso Prévio Indenizado | F73: =ROUND((0.08*0.4*0.9)*(1+0.09+0.09+0.3),2)*0 -> 0 | G73: =ROUND(G$34*F73,2) -> 0
A74: D | B74: Aviso Prévio Trabalhado | F74: =ROUND(100%/30*7/12*100%,4)*0 -> 0 | G74: =ROUND(G$34*F74,2) -> 0
A75: E | B75: Incidência de GPS, FGTS e outras contribuições sobre Aviso Prévio Trabalhado | F75: =ROUND(F74*F51,4) -> 0 | G75: =ROUND(G$34*F75,2) -> 0
A76: F | B76: Multa do FGTS sobre o Aviso Prévio Trabalhado. | F76: 0 | G76: =ROUND(G$34*F76,2) -> 0
A77: TOTAL MÓDULO 3 | F77: =SUM(F71:F76) -> 0 | G77: =SUM(G71:G76) -> 0 | H77: =ROUND(G34*F77,2) -> 0
A78: MÓDULO 4 - CUSTO DE REPOSIÇÃO DO PROFISSIONAL AUSENTE
A79: Submódulo 4.1 - Substituto nas Ausências Legais
A80: A | B80: Substituto na cobertura de Férias (Somente se não aportado no submódulo 2.1) | F80: 0 | G80: =ROUND(G$34*F80,2) -> 0
A81: B | B81: Substituto na cobertura de Ausências Legais | F81: =ROUND(((1/30)/12)*1,4)*0 -> 0 | G81: =ROUND(G$34*F81,2) -> 0
A82: C | B82: Substituto na cobertura de Licença Paternidade | F82: =ROUND((((1/30)/12)*5)*0.02,4)*0 -> 0 | G82: =ROUND(G$34*F82,2) -> 0
A83: D | B83: Substituto na cobertura de Ausência por Acidente de Trabalho | F83: =ROUND((((1/30)/12)*15)*0.05,4)*0 -> 0 | G83: =ROUND(G$34*F83,2) -> 0
A84: E | B84: Substituto na cobertura de Afastamento Maternidade (aportar no 4.1.1) | F84: 0 | G84: =ROUND(G$34*F84,2) -> 0
A85: F | B85: Substituto na cobertura de Outras Ausências | F85: =ROUND((((1/30)/12)*5)*0.5,4)*0 -> 0 | G85: =ROUND(G$34*F85,2) -> 0
A86: Total do Submódulo 4.1 | F86: =SUM(F80:F85) -> 0 | G86: =SUM(G80:G85) -> 0 | H86: =ROUND(G34*F86,2) -> 0
A87: Submódulo 4.1.1 - Afastamento Maternidade (120 dias)
A88: A | B88: Férias pagas ao substituto pelos 120 dias de reposição | F88: =ROUND((((ROUND((1/11)+(1/11)/3, 3))*4)/12)*1%,4)*0 -> 0 | G88: =ROUND(G$34*F88,2) -> 0
A89: B | B89: Incidência dos encargos do submódulo 2.2 sobre as férias pagas ao substituto | F89: =ROUND(F88*F51,4) -> 0 | G89: =ROUND(G$34*F89,2) -> 0
A90: C | B90: Incidencia do submódulo 2.2 s/ a remuneração e o 13º proporcionais aos 120 d | F90: =ROUND(ROUND(ROUND(((1+1/12)*4)/12,4)*1%,4)*F51,4)*0 -> 0 | G90: =ROUND(G$34*F90,2) -> 0
A91: D | B91: Outros | F91: 0 | G91: =ROUND(G$34*F91,2) -> 0
A92: Total do Submódulo 4.1.1 | F92: =SUM(F88:F91) -> 0 | G92: =SUM(G88:G91) -> 0 | H92: =ROUND(G34*F92,2) -> 0
A93: Submódulo 4.2 - Intrajornada
A94: A | B94: Cobertura de Intervalo para repouso ou alimentação | F94: =((1/220)*22)*0 -> 0 | G94: =ROUND(G$34*F94,2) -> 0
A95: B | B95: Incidência do Sub módulo 2.2 | F95: =F94*F51 -> 0 | G95: =ROUND(G$34*F95,2) -> 0
A96: Total do Submódulo 4.2 | F96: =SUM(F94:F95) -> 0 | G96: =SUM(G94:G95) -> 0 | H96: =ROUND(G34*F96,2) -> 0
A97: Submódulo 4.2.1 - Cobertura de Feriados, Dias Ponte, e outros (exceto para postos 12 x 36)
A98: A | B98: Cobertura Feriados, Dias Ponte, e outros (exceto para postos 12 x 36) | F98: =((((8*13)/12)/220)+((((8*13)/12)/220)*100%))*0 -> 0 | G98: =ROUND(G$34*F98,2) -> 0
A99: B | B99: Incidência do Sub módulo 2.2 | F99: =F98*F51 -> 0 | G99: =ROUND(G$34*F99,2) -> 0
A100: Total do Submódulo 4.2.1 | F100: =SUM(F98:F99) -> 0 | G100: =SUM(G98:G99) -> 0 | H100: =ROUND(G44*F100,2) -> 0
A101: QUADRO RESUMO - MÓDULO 4
A102: 4.1 | B102: Substituto nas Ausências Legais | F102: =F86 -> 0 | G102: =G86 -> 0
...

Sheet Tratorista_CESOR
A1: PLANILHA DE CUSTO E FORMAÇÃO DE PREÇOS
A2: PROCESSO Nº 125/2025 | F2: LOTE 02
A3: OBJETO: PRESTAÇÃO DE SERVIÇOS DE LIMPEZA, CONSERVAÇÃO E HIGIENIZAÇÃO EM DIVERSOS ENTREPOSTO DO INTERIOR
A5: I - DISCRIMINAÇÃO DOS SERVIÇOS
A6: Data de Apresentação da Proposta:
A7: Município/UF: | F7: Sorocaba/SP
A8: Sindicato: SINDVERDE - SINDICATO DAS EMPRESAS DE MANUTENCAO E EXECUCAO DE AREAS VERDES PÚBLICAS E PRIVADAS DO ESTADO DE SÃO PAULO
A10: Ano do acordo, convenção ou dissídio coletivo: | F10: 2025 / 2026
A11: Tipo de serviço: | F11: LIMPEZA
A12: Unidade de Medida: | F12: Posto/Hora
A13: Período contratual: | F13: 12 MESES
A14: DADOS COMPLEMENTARES
A15: Salário mínimo oficial vigente: | F15: 1518
A16: Categoria Profissional: | F16: Tratorista
A17: Classificação Brasileira de Ocupações (CBO): | F17: 6410-15
A18: Salário Normativo da Categoria Profissional: | F18: 1951.37
A19: Data Base da Categoria: | F19: 45717
A20: Posto de Trabalho: | F20: 44 HORAS SEMANAIS
A21: Quantidade de Pessoas por Posto: | F21: 1
A22: Quantidade de Postos: | F22: 1
A23: Outras Informações: | F23: DIURNO
A24: Posto de trabalho: 2ª a 6ª feira - início as 07h00 (com intervalo para refeição)
A25: MODULO 1 - COMPOSIÇÃO DA REMUNERAÇÃO
A26: 1 | B26: Composição da Remuneração | F26: Quant/Horas/Perc | G26: Valor Total
A27: A | B27: Salário Base | F27: 1 | G27: =F18*F27 -> 1951.37
A28: B | B28: Adicional Periculosidade | G28: =ROUND(F18*F28,2) -> 0
A29: C | B29: Adicional Insalubridade | F29: 0.2 | G29: =ROUND(F15*F29,2) -> 303.6
A30: D | B30: Adicional de Liderança | G30: =ROUND(F18*F30,2) -> 0
A31: E | B31: Adicional Noturno (Hora Noturna/Hora Reduzida) | F31: =ROUND((ROUND((0*15.22),2)/52.5)*60,2) -> 0 | G31: =ROUND((F18/192*0.2)*F31,2) -> 0
A32: F | B32: DSR Sobre Adicional Noturno | F32: =ROUND(SUM(F31)/25*5,2) -> 0 | G32: =ROUND((F18/192*0.2)*F32,2) -> 0
A33: G | B33: Outrros (especificar) | G33: 0
A34: Total da Remuneração/MÓDULO 1 | G34: =SUM(G27:G33) -> 2254.97
A35: MÓDULO 2 - ENCARGOS E BENEFÍCIOS ANUAIS, MENSAIS E DIÁRIOS
A36: Submódulo 2.1 - 13º Salário, Férias e Adicional de Férias
A37: A | B37: 13º Salário | F37: =ROUND((1/12),6) -> 0.0833 | G37: =ROUND(G$34*F37,2) -> 187.84
A38: B | B38: Ferias e terço constitucional | F38: =ROUND((1/11)+(1/11)/3, 3) -> 0.121 | G38: =ROUND(G$34*F38,2) -> 272.85
B39: Subtotal | F39: =SUM(F37:F38) -> 0.2043
A40: C | B40: Incidência do Submódulo 2.2 sobre o Submódulo 2.1 | F40: =ROUND((F51*F39),4) -> 0.0691 | G40: =ROUND(G$34*F40,2) -> 155.82
A41: Total do Submódulo 2.1 | F41: =ROUND(SUM(F39:F40),4) -> 0.2734 | G41: =SUM(G37:G40) -> 616.51 | H41: =ROUND(G34*F41,2) -> 616.51
A42: Submódulo 2.2 – Encargos Previdenciários (GPS), FGTS e Outras Contribuições | H42: =SUM(G41,G34) -> 2871.48
A43: A | B43: INSS | F43: 0.2 | G43: =ROUND((G$34)*F43,2) -> 450.99
A44: B | B44: Salário Educação | F44: 0.025 | G44: =ROUND((G$34)*F44,2) -> 56.37
A45: C | B45: SAT (Seguro Acidente de Trabalho) | F45: 0 | G45: =ROUND((G$34)*F45,2) -> 0
A46: D | B46: SESC ou SESI | F46: 0.015 | G46: =ROUND((G$34)*F46,2) -> 33.82
A47: E | B47: SENAI - SENAC | F47: 0.01 | G47: =ROUND((G$34)*F47,2) -> 22.55
A48: F | B48: SEBRAE | F48: 0.006 | G48: =ROUND((G$34)*F48,2) -> 13.53
A49: G | B49: INCRA | F49: 0.002 | G49: =ROUND((G$34)*F49,2) -> 4.51
A50: H | B50: FGTS | F50: 0.08 | G50: =ROUND((G$34)*F50,2) -> 180.4
A51: Total do Submódulo 2.2 | F51: =SUM(F43:F50) -> 0.338 | G51: =SUM(G43:G50) -> 762.17 | H51: =ROUND(G34*F51,2) -> 762.18
A52: Submódulo 2.3 – Benefícios Mensais e Diários
A53: A | B53: Transporte | E53: 0 | F53: 42 | G53: =IF(ROUND((E53*F53)-(G27*0.06),2)<0,0,ROUND((E53*F53)-(G27*0.06),2)) -> 0
A54: B.1 | B54: Auxílio Refeição | E54: =(12.5-1.4) -> 11.1 | F54: 21 | G54: =ROUND((E54*F54),2) -> 233.1
A55: B.2 | B55: Auxílio Alimentação | E55: =138.6 -> 138.6 | F55: 1 | G55: =ROUND((E55*F55),2) -> 138.6
A56: C | B56: Auxílio Saúde | E56: 34.94 | F56: 1 | G56: =ROUND((E56*F56),2) -> 34.94
A57: D | B57: Auxílio Creche | E57: =ROUND((F18*30%)*5%,2)*0 -> 0 | F57: 1 | G57: =ROUND((E57*F57),2) -> 0
A58: E | B58: Dia Trabalhador | E58: =ROUND(((F18/220)*8)*1.5,2) -> 106.44 | F58: 1 | G58: =ROUND((E58*F58)/12,2) -> 8.87
A59: F | B59: Benefício Social | E59: =9.31 -> 9.31 | F59: 1 | G59: =ROUND((E59*F59),2) -> 9.31
A60: G | B60: Outros (Especificar) | E60: 0 | F60: 1 | G60: =ROUND((E60*F60),2) -> 0
A61: H | B61: Outros (Especificar) | E61: 0 | F61: 1 | G61: =ROUND((E61*F61),2) -> 0
A62: I | B62: Outros (Especificar) | E62: 0 | F62: 1 | G62: 0
A63: Total do Submódulo 2.3 | G63: =SUM(G53:G62) -> 424.82
A64: QUADRO RESUMO - MÓDULO 2
A65: 2.1 | B65: 13º Salário, Férias e Adicional de Férias | F65: =F41 -> 0.2734 | G65: =G41 -> 616.51
A66: 2.2 | B66: Encargos Previdenciários (GPS), FGTS e Outras Contribuições | F66: =F51 -> 0.338 | G66: =G51 -> 762.17
A67: 2.3 | B67: Benefícios Mensais e Diários | G67: =G63 -> 424.82
A68: TOTAL MÓDULO 2 | G68: =SUM(G65:G67) -> 1803.5
A69: MÓDULO 3 - PROVISÃO PARA RESCISÃO
A70: 3 | B70: Provisão para Rescisão
A71: A | B71: Aviso Prévio Indenizado | F71: =ROUND((1/12)*0.05,4)*0 -> 0 | G71: =ROUND(G$34*F71,2) -> 0
A72: B | B72: Incidência do FGTS sobre Aviso Prévio Indenizado | F72: =ROUND((F71*F50),4)*0 -> 0 | G72: =ROUND(G$34*F72,2) -> 0
A73: C | B73: Multa do FGTS sobre o Aviso Prévio Indenizado | F73: =ROUND((0.08*0.4*0.9)*(1+0.09+0.09+0.3),2)*0 -> 0 | G73: =ROUND(G$34*F73,2) -> 0
A74: D | B74: Aviso Prévio Trabalhado | F74: =ROUND(100%/30*7/12*100%,4)*0 -> 0 | G74: =ROUND(G$34*F74,2) -> 0
A75: E | B75: Incidência de GPS, FGTS e outras contribuições sobre Aviso Prévio Trabalhado | F75: =ROUND(F74*F51,4) -> 0 | G75: =ROUND(G$34*F75,2) -> 0
A76: F | B76: Multa do FGTS sobre o Aviso Prévio Trabalhado. | F76: 0 | G76: =ROUND(G$34*F76,2) -> 0
A77: TOTAL MÓDULO 3 | F77: =SUM(F71:F76) -> 0 | G77: =SUM(G71:G76) -> 0 | H77: =ROUND(G34*F77,2) -> 0
A78: MÓDULO 4 - CUSTO DE REPOSIÇÃO DO PROFISSIONAL AUSENTE
A79: Submódulo 4.1 - Substituto nas Ausências Legais
A80: A | B80: Substituto na cobertura de Férias (Somente se não aportado no submódulo 2.1) | F80: 0 | G80: =ROUND(G$34*F80,2) -> 0
A81: B | B81: Substituto na cobertura de Ausências Legais | F81: =ROUND(((1/30)/12)*1,4)*0 -> 0 | G81: =ROUND(G$34*F81,2) -> 0
A82: C | B82: Substituto na cobertura de Licença Paternidade | F82: =ROUND((((1/30)/12)*5)*0.02,4)*0 -> 0 | G82: =ROUND(G$34*F82,2) -> 0
A83: D | B83: Substituto na cobertura de Ausência por Acidente de Trabalho | F83: =ROUND((((1/30)/12)*15)*0.05,4)*0 -> 0 | G83: =ROUND(G$34*F83,2) -> 0
A84: E | B84: Substituto na cobertura de Afastamento Maternidade (aportar no 4.1.1) | F84: 0 | G84: =ROUND(G$34*F84,2) -> 0
A85: F | B85: Substituto na cobertura de Outras Ausências | F85: =ROUND((((1/30)/12)*5)*0.5,4)*0 -> 0 | G85: =ROUND(G$34*F85,2) -> 0
A86: Total do Submódulo 4.1 | F86: =SUM(F80:F85) -> 0 | G86: =SUM(G80:G85) -> 0 | H86: =ROUND(G34*F86,2) -> 0
A87: Submódulo 4.1.1 - Afastamento Maternidade (120 dias)
A88: A | B88: Férias pagas ao substituto pelos 120 dias de reposição | F88: =ROUND((((ROUND((1/11)+(1/11)/3, 3))*4)/12)*1%,4)*0 -> 0 | G88: =ROUND(G$34*F88,2) -> 0
A89: B | B89: Incidência dos encargos do submódulo 2.2 sobre as férias pagas ao substituto | F89: =ROUND(F88*F51,4) -> 0 | G89: =ROUND(G$34*F89,2) -> 0
A90: C | B90: Incidencia do submódulo 2.2 s/ a remuneração e o 13º proporcionais aos 120 d | F90: =ROUND(ROUND(ROUND(((1+1/12)*4)/12,4)*1%,4)*F51,4)*0 -> 0 | G90: =ROUND(G$34*F90,2) -> 0
A91: D | B91: Outros | F91: 0 | G91: =ROUND(G$34*F91,2) -> 0
A92: Total do Submódulo 4.1.1 | F92: =SUM(F88:F91) -> 0 | G92: =SUM(G88:G91) -> 0 | H92: =ROUND(G34*F92,2) -> 0
A93: Submódulo 4.2 - Intrajornada
A94: A | B94: Cobertura de Intervalo para repouso ou alimentação | F94: =((1/220)*22)*0 -> 0 | G94: =ROUND(G$34*F94,2) -> 0
A95: B | B95: Incidência do Sub módulo 2.2 | F95: =F94*F51 -> 0 | G95: =ROUND(G$34*F95,2) -> 0
A96: Total do Submódulo 4.2 | F96: =SUM(F94:F95) -> 0 | G96: =SUM(G94:G95) -> 0 | H96: =ROUND(G34*F96,2) -> 0
A97: Submódulo 4.2.1 - Cobertura de Feriados, Dias Ponte, e outros (exceto para postos 12 x 36)
A98: A | B98: Cobertura Feriados, Dias Ponte, e outros (exceto para postos 12 x 36) | F98: =((((8*13)/12)/220)+((((8*13)/12)/220)*100%))*0 -> 0 | G98: =ROUND(G$34*F98,2) -> 0
A99: B | B99: Incidência do Sub módulo 2.2 | F99: =F98*F51 -> 0 | G99: =ROUND(G$34*F99,2) -> 0
A100: Total do Submódulo 4.2.1 | F100: =SUM(F98:F99) -> 0 | G100: =SUM(G98:G99) -> 0 | H100: =ROUND(G44*F100,2) -> 0
A101: QUADRO RESUMO - MÓDULO 4
A102: 4.1 | B102: Substituto nas Ausências Legais | F102: =F86 -> 0 | G102: =G86 -> 0
...

Sheet Ajudante de Tratorista_CESOR
A1: PLANILHA DE CUSTO E FORMAÇÃO DE PREÇOS
A2: PROCESSO Nº 125/2025 | F2: LOTE 02
A3: OBJETO: PRESTAÇÃO DE SERVIÇOS DE LIMPEZA, CONSERVAÇÃO E HIGIENIZAÇÃO EM DIVERSOS ENTREPOSTO DO INTERIOR
A5: I - DISCRIMINAÇÃO DOS SERVIÇOS
A6: Data de Apresentação da Proposta:
A7: Município/UF: | F7: Sorocaba/SP
A8: Sindicato: SINDVERDE - SINDICATO DAS EMPRESAS DE MANUTENCAO E EXECUCAO DE AREAS VERDES PÚBLICAS E PRIVADAS DO ESTADO DE SÃO PAULO
A10: Ano do acordo, convenção ou dissídio coletivo: | F10: 2025 / 2026
A11: Tipo de serviço: | F11: LIMPEZA
A12: Unidade de Medida: | F12: Posto/Hora
A13: Período contratual: | F13: 12 MESES
A14: DADOS COMPLEMENTARES
A15: Salário mínimo oficial vigente: | F15: 1518
A16: Categoria Profissional: | F16: Ajudante de Tratorista
A17: Classificação Brasileira de Ocupações (CBO): | F17: 6410-15
A18: Salário Normativo da Categoria Profissional: | F18: 1692.55
A19: Data Base da Categoria: | F19: 45717
A20: Posto de Trabalho: | F20: 44 HORAS SEMANAIS
A21: Quantidade de Pessoas por Posto: | F21: 1
A22: Quantidade de Postos: | F22: 1
A23: Outras Informações: | F23: DIURNO
A24: Posto de trabalho: 2ª a 6ª feira - início as 07h00 (com intervalo para refeição)
A25: MODULO 1 - COMPOSIÇÃO DA REMUNERAÇÃO
A26: 1 | B26: Composição da Remuneração | F26: Quant/Horas/Perc | G26: Valor Total
A27: A | B27: Salário Base | F27: 1 | G27: =F18*F27 -> 1692.55
A28: B | B28: Adicional Periculosidade | G28: =ROUND(F18*F28,2) -> 0
A29: C | B29: Adicional Insalubridade | F29: 0.2 | G29: =ROUND(F15*F29,2) -> 303.6
A30: D | B30: Adicional de Liderança | G30: =ROUND(F18*F30,2) -> 0
A31: E | B31: Adicional Noturno (Hora Noturna/Hora Reduzida) | F31: =ROUND((ROUND((0*15.22),2)/52.5)*60,2) -> 0 | G31: =ROUND((F18/192*0.2)*F31,2) -> 0
A32: F | B32: DSR Sobre Adicional Noturno | F32: =ROUND(SUM(F31)/25*5,2) -> 0 | G32: =ROUND((F18/192*0.2)*F32,2) -> 0
A33: G | B33: Outrros (especificar) | G33: 0
A34: Total da Remuneração/MÓDULO 1 | G34: =SUM(G27:G33) -> 1996.15
A35: MÓDULO 2 - ENCARGOS E BENEFÍCIOS ANUAIS, MENSAIS E DIÁRIOS
A36: Submódulo 2.1 - 13º Salário, Férias e Adicional de Férias
A37: A | B37: 13º Salário | F37: =ROUND((1/12),6) -> 0.0833 | G37: =ROUND(G$34*F37,2) -> 166.28
A38: B | B38: Ferias e terço constitucional | F38: =ROUND((1/11)+(1/11)/3, 3) -> 0.121 | G38: =ROUND(G$34*F38,2) -> 241.53
B39: Subtotal | F39: =SUM(F37:F38) -> 0.2043
A40: C | B40: Incidência do Submódulo 2.2 sobre o Submódulo 2.1 | F40: =ROUND((F51*F39),4) -> 0.0691 | G40: =ROUND(G$34*F40,2) -> 137.93
A41: Total do Submódulo 2.1 | F41: =ROUND(SUM(F39:F40),4) -> 0.2734 | G41: =SUM(G37:G40) -> 545.74 | H41: =ROUND(G34*F41,2) -> 545.75
A42: Submódulo 2.2 – Encargos Previdenciários (GPS), FGTS e Outras Contribuições | H42: =SUM(G41,G34) -> 2541.89
A43: A | B43: INSS | F43: 0.2 | G43: =ROUND((G$34)*F43,2) -> 399.23
A44: B | B44: Salário Educação | F44: 0.025 | G44: =ROUND((G$34)*F44,2) -> 49.9
A45: C | B45: SAT (Seguro Acidente de Trabalho) | F45: 0 | G45: =ROUND((G$34)*F45,2) -> 0
A46: D | B46: SESC ou SESI | F46: 0.015 | G46: =ROUND((G$34)*F46,2) -> 29.94
A47: E | B47: SENAI - SENAC | F47: 0.01 | G47: =ROUND((G$34)*F47,2) -> 19.96
A48: F | B48: SEBRAE | F48: 0.006 | G48: =ROUND((G$34)*F48,2) -> 11.98
A49: G | B49: INCRA | F49: 0.002 | G49: =ROUND((G$34)*F49,2) -> 3.99
A50: H | B50: FGTS | F50: 0.08 | G50: =ROUND((G$34)*F50,2) -> 159.69
A51: Total do Submódulo 2.2 | F51: =SUM(F43:F50) -> 0.338 | G51: =SUM(G43:G50) -> 674.69 | H51: =ROUND(G34*F51,2) -> 674.7
A52: Submódulo 2.3 – Benefícios Mensais e Diários
A53: A | B53: Transporte | E53: 0 | F53: 42 | G53: =IF(ROUND((E53*F53)-(G27*0.06),2)<0,0,ROUND((E53*F53)-(G27*0.06),2)) -> 0
A54: B.1 | B54: Auxílio Refeição | E54: =(12.5-1.4) -> 11.1 | F54: 21 | G54: =ROUND((E54*F54),2) -> 233.1
A55: B.2 | B55: Auxílio Alimentação | E55: =138.6 -> 138.6 | F55: 1 | G55: =ROUND((E55*F55),2) -> 138.6
A56: C | B56: Auxílio Saúde | E56: 34.94 | F56: 1 | G56: =ROUND((E56*F56),2) -> 34.94
A57: D | B57: Auxílio Creche | E57: =ROUND((F18*30%)*5%,2)*0 -> 0 | F57: 1 | G57: =ROUND((E57*F57),2) -> 0
A58: E | B58: Dia Trabalhador | E58: =ROUND(((F18/220)*8)*1.5,2) -> 92.32 | F58: 1 | G58: =ROUND((E58*F58)/12,2) -> 7.69
A59: F | B59: Benefício Social | E59: =9.31 -> 9.31 | F59: 1 | G59: =ROUND((E59*F59),2) -> 9.31
A60: G | B60: Outros (Especificar) | E60: 0 | F60: 1 | G60: =ROUND((E60*F60),2) -> 0
A61: H | B61: Outros (Especificar) | E61: 0 | F61: 1 | G61: =ROUND((E61*F61),2) -> 0
A62: I | B62: Outros (Especificar) | E62: 0 | F62: 1 | G62: 0
A63: Total do Submódulo 2.3 | G63: =SUM(G53:G62) -> 423.64
A64: QUADRO RESUMO - MÓDULO 2
A65: 2.1 | B65: 13º Salário, Férias e Adicional de Férias | F65: =F41 -> 0.2734 | G65: =G41 -> 545.74
A66: 2.2 | B66: Encargos Previdenciários (GPS), FGTS e Outras Contribuições | F66: =F51 -> 0.338 | G66: =G51 -> 674.69
A67: 2.3 | B67: Benefícios Mensais e Diários | G67: =G63 -> 423.64
A68: TOTAL MÓDULO 2 | G68: =SUM(G65:G67) -> 1644.07
A69: MÓDULO 3 - PROVISÃO PARA RESCISÃO
A70: 3 | B70: Provisão para Rescisão
A71: A | B71: Aviso Prévio Indenizado | F71: =ROUND((1/12)*0.05,4)*0 -> 0 | G71: =ROUND(G$34*F71,2) -> 0
A72: B | B72: Incidência do FGTS sobre Aviso Prévio Indenizado | F72: =ROUND((F71*F50),4)*0 -> 0 | G72: =ROUND(G$34*F72,2) -> 0
A73: C | B73: Multa do FGTS sobre o Aviso Prévio Indenizado | F73: =ROUND((0.08*0.4*0.9)*(1+0.09+0.09+0.3),2)*0 -> 0 | G73: =ROUND(G$34*F73,2) -> 0
A74: D | B74: Aviso Prévio Trabalhado | F74: =ROUND(100%/30*7/12*100%,4)*0 -> 0 | G74: =ROUND(G$34*F74,2) -> 0
A75: E | B75: Incidência de GPS, FGTS e outras contribuições sobre Aviso Prévio Trabalhado | F75: =ROUND(F74*F51,4) -> 0 | G75: =ROUND(G$34*F75,2) -> 0
A76: F | B76: Multa do FGTS sobre o Aviso Prévio Trabalhado. | F76: 0 | G76: =ROUND(G$34*F76,2) -> 0
A77: TOTAL MÓDULO 3 | F77: =SUM(F71:F76) -> 0 | G77: =SUM(G71:G76) -> 0 | H77: =ROUND(G34*F77,2) -> 0
A78: MÓDULO 4 - CUSTO DE REPOSIÇÃO DO PROFISSIONAL AUSENTE
A79: Submódulo 4.1 - Substituto nas Ausências Legais
A80: A | B80: Substituto na cobertura de Férias (Somente se não aportado no submódulo 2.1) | F80: 0 | G80: =ROUND(G$34*F80,2) -> 0
A81: B | B81: Substituto na cobertura de Ausências Legais | F81: =ROUND(((1/30)/12)*1,4)*0 -> 0 | G81: =ROUND(G$34*F81,2) -> 0
A82: C | B82: Substituto na cobertura de Licença Paternidade | F82: =ROUND((((1/30)/12)*5)*0.02,4)*0 -> 0 | G82: =ROUND(G$34*F82,2) -> 0
A83: D | B83: Substituto na cobertura de Ausência por Acidente de Trabalho | F83: =ROUND((((1/30)/12)*15)*0.05,4)*0 -> 0 | G83: =ROUND(G$34*F83,2) -> 0
A84: E | B84: Substituto na cobertura de Afastamento Maternidade (aportar no 4.1.1) | F84: 0 | G84: =ROUND(G$34*F84,2) -> 0
A85: F | B85: Substituto na cobertura de Outras Ausências | F85: =ROUND((((1/30)/12)*5)*0.5,4)*0 -> 0 | G85: =ROUND(G$34*F85,2) -> 0
A86: Total do Submódulo 4.1 | F86: =SUM(F80:F85) -> 0 | G86: =SUM(G80:G85) -> 0 | H86: =ROUND(G34*F86,2) -> 0
A87: Submódulo 4.1.1 - Afastamento Maternidade (120 dias)
A88: A | B88: Férias pagas ao substituto pelos 120 dias de reposição | F88: =ROUND((((ROUND((1/11)+(1/11)/3, 3))*4)/12)*1%,4)*0 -> 0 | G88: =ROUND(G$34*F88,2) -> 0
A89: B | B89: Incidência dos encargos do submódulo 2.2 sobre as férias pagas ao substituto | F89: =ROUND(F88*F51,4) -> 0 | G89: =ROUND(G$34*F89,2) -> 0
A90: C | B90: Incidencia do submódulo 2.2 s/ a remuneração e o 13º proporcionais aos 120 d | F90: =ROUND(ROUND(ROUND(((1+1/12)*4)/12,4)*1%,4)*F51,4)*0 -> 0 | G90: =ROUND(G$34*F90,2) -> 0
A91: D | B91: Outros | F91: 0 | G91: =ROUND(G$34*F91,2) -> 0
A92: Total do Submódulo 4.1.1 | F92: =SUM(F88:F91) -> 0 | G92: =SUM(G88:G91) -> 0 | H92: =ROUND(G34*F92,2) -> 0
A93: Submódulo 4.2 - Intrajornada
A94: A | B94: Cobertura de Intervalo para repouso ou alimentação | F94: =((1/220)*22)*0 -> 0 | G94: =ROUND(G$34*F94,2) -> 0
A95: B | B95: Incidência do Sub módulo 2.2 | F95: =F94*F51 -> 0 | G95: =ROUND(G$34*F95,2) -> 0
A96: Total do Submódulo 4.2 | F96: =SUM(F94:F95) -> 0 | G96: =SUM(G94:G95) -> 0 | H96: =ROUND(G34*F96,2) -> 0
A97: Submódulo 4.2.1 - Cobertura de Feriados, Dias Ponte, e outros (exceto para postos 12 x 36)
A98: A | B98: Cobertura Feriados, Dias Ponte, e outros (exceto para postos 12 x 36) | F98: =((((8*13)/12)/220)+((((8*13)/12)/220)*100%))*0 -> 0 | G98: =ROUND(G$34*F98,2) -> 0
A99: B | B99: Incidência do Sub módulo 2.2 | F99: =F98*F51 -> 0 | G99: =ROUND(G$34*F99,2) -> 0
A100: Total do Submódulo 4.2.1 | F100: =SUM(F98:F99) -> 0 | G100: =SUM(G98:G99) -> 0 | H100: =ROUND(G44*F100,2) -> 0
A101: QUADRO RESUMO - MÓDULO 4
A102: 4.1 | B102: Substituto nas Ausências Legais | F102: =F86 -> 0 | G102: =G86 -> 0
...

Sheet Encarregado de Limpeza_CESOR
A1: PLANILHA DE CUSTO E FORMAÇÃO DE PREÇOS
A2: PROCESSO Nº 125/2025 | F2: LOTE 02
A3: OBJETO: PRESTAÇÃO DE SERVIÇOS DE LIMPEZA, CONSERVAÇÃO E HIGIENIZAÇÃO EM DIVERSOS ENTREPOSTO DO INTERIOR
A5: I - DISCRIMINAÇÃO DOS SERVIÇOS
A6: Data de Apresentação da Proposta:
A7: Município/UF: | F7: Sorocaba/SP
A8: Sindicato: SEAC/SP SINDICATO DAS EMPRESAS DE ASSEIO E CONSERVAÇÃO NO ESTADO DE SAO PAULO e SIEMACO-SP - SINDICATO TRABALHADORES EMPRESAS PRESTACAO DE SERVICOS DE ASSEIO E CONSERVACAO E LIMPEZA URBANA DE SP
A10: Ano do acordo, convenção ou dissídio coletivo: | F10: 2025
A11: Tipo de serviço: | F11: LIMPEZA
A12: Unidade de Medida: | F12: Posto/Hora
A13: Período contratual: | F13: 12 MESES
A14: DADOS COMPLEMENTARES
A15: Salário mínimo oficial vigente: | F15: 1518
A16: Categoria Profissional: | F16: Encarregado de Limpeza
A17: Classificação Brasileira de Ocupações (CBO): | F17: 4101-05
A18: Salário Normativo da Categoria Profissional: | F18: 2247.37
A19: Data Base da Categoria: | F19: 45658
A20: Posto de Trabalho: | F20: 44 HORAS SEMANAIS
A21: Quantidade de Pessoas por Posto: | F21: 1
A22: Quantidade de Postos: | F22: 1
A23: Outras Informações: | F23: DIURNO
A24: Posto de trabalho: 2ª a 6ª feira com ínício às 08:00hs e Sábado(4h) com início às 12hs (com intervalo para refeição)
A25: MODULO 1 - COMPOSIÇÃO DA REMUNERAÇÃO
A26: 1 | B26: Composição da Remuneração | F26: Quant/Horas/Perc | G26: Valor Total
A27: A | B27: Salário Base | F27: 1 | G27: =F18*F27 -> 2247.37
A28: B | B28: Adicional Periculosidade | G28: =ROUND(F18*F28,2) -> 0
A29: C | B29: Adicional Insalubridade | F29: 0.4 | G29: =ROUND(F15*F29,2) -> 607.2
A30: D | B30: Adicional de Liderança | G30: =ROUND(F18*F30,2) -> 0
A31: E | B31: Adicional Noturno (Hora Noturna/Hora Reduzida) | F31: =ROUND((ROUND((3*22),2)/52.5)*60,2)*0 -> 0 | G31: =ROUND((F18/192*0.2)*F31,2) -> 0
A32: F | B32: DSR Sobre Adicional Noturno | F32: =ROUND(SUM(F31)/25*5,2) -> 0 | G32: =ROUND((F18/192*0.2)*F32,2) -> 0
A33: G | B33: Outrros (especificar) | G33: 0
A34: Total da Remuneração/MÓDULO 1 | G34: =SUM(G27:G33) -> 2854.57
A35: MÓDULO 2 - ENCARGOS E BENEFÍCIOS ANUAIS, MENSAIS E DIÁRIOS
A36: Submódulo 2.1 - 13º Salário, Férias e Adicional de Férias
A37: A | B37: 13º Salário | F37: =ROUND((1/12),6) -> 0.0833 | G37: =ROUND(G$34*F37,2) -> 237.79
A38: B | B38: Ferias e terço constitucional | F38: =ROUND((1/11)+(1/11)/3, 3) -> 0.121 | G38: =ROUND(G$34*F38,2) -> 345.4
B39: Subtotal | F39: =SUM(F37:F38) -> 0.2043
A40: C | B40: Incidência do Submódulo 2.2 sobre o Submódulo 2.1 | F40: =ROUND((F51*F39),4) -> 0.0691 | G40: =ROUND(G$34*F40,2) -> 197.25
A41: Total do Submódulo 2.1 | F41: =ROUND(SUM(F39:F40),4) -> 0.2734 | G41: =SUM(G37:G40) -> 780.44 | H41: =ROUND(G34*F41,2) -> 780.44
A42: Submódulo 2.2 – Encargos Previdenciários (GPS), FGTS e Outras Contribuições | H42: =SUM(G41,G34) -> 3635.01
A43: A | B43: INSS | F43: 0.2 | G43: =ROUND((G$34)*F43,2) -> 570.91
A44: B | B44: Salário Educação | F44: 0.025 | G44: =ROUND((G$34)*F44,2) -> 71.36
A45: C | B45: SAT (Seguro Acidente de Trabalho) | F45: 0 | G45: =ROUND((G$34)*F45,2) -> 0
A46: D | B46: SESC ou SESI | F46: 0.015 | G46: =ROUND((G$34)*F46,2) -> 42.82
A47: E | B47: SENAI - SENAC | F47: 0.01 | G47: =ROUND((G$34)*F47,2) -> 28.55
A48: F | B48: SEBRAE | F48: 0.006 | G48: =ROUND((G$34)*F48,2) -> 17.13
A49: G | B49: INCRA | F49: 0.002 | G49: =ROUND((G$34)*F49,2) -> 5.71
A50: H | B50: FGTS | F50: 0.08 | G50: =ROUND((G$34)*F50,2) -> 228.37
A51: Total do Submódulo 2.2 | F51: =SUM(F43:F50) -> 0.338 | G51: =SUM(G43:G50) -> 964.85 | H51: =ROUND(G34*F51,2) -> 964.84
A52: Submódulo 2.3 – Benefícios Mensais e Diários
A53: A | B53: Transporte | E53: 0 | F53: 52 | G53: =IF(ROUND((E53*F53)-(G27*0.06),2)<0,0,ROUND((E53*F53)-(G27*0.06),2)) -> 0
A54: B.1 | B54: Auxílio Refeição | E54: =20.76-1.39 -> 19.37 | F54: 26 | G54: =ROUND((E54*F54),2) -> 503.62
A55: B.2 | B55: Auxílio Alimentação | E55: 144.68 | F55: 1 | G55: =ROUND((E55*F55),2) -> 144.68
A56: C | B56: Benefício Médico Ambulatorial e Odontológico | E56: 35.33 | F56: 1 | G56: =ROUND((E56*F56),2) -> 35.33
A57: D | B57: Auxílio Creche | E57: =ROUND((F18*30%)*5%,2)*0 -> 0 | F57: 1 | G57: =ROUND((E57*F57),2) -> 0
A58: E | B58: Dia Trabalhador em Asseio e Conservação | E58: =20.76 -> 20.76 | F58: 1 | G58: =ROUND((E58*F58)/12,2) -> 1.73
A59: F | B59: Benefício Social | E59: =15.96 -> 15.96 | F59: 1 | G59: =ROUND((E59*F59),2) -> 15.96
A60: G | B60: Prêmio Assiduidade | E60: 300 | F60: 1 | G60: =ROUND((E60*F60),2) -> 300
A61: H | B61: Outros (Especificar) | E61: 0 | F61: 1 | G61: =ROUND((E61*F61),2) -> 0
A62: I | B62: Outros (Especificar) | E62: 0 | F62: 1 | G62: 0
A63: Total do Submódulo 2.3 | G63: =SUM(G53:G62) -> 1001.32
A64: QUADRO RESUMO - MÓDULO 2
A65: 2.1 | B65: 13º Salário, Férias e Adicional de Férias | F65: =F41 -> 0.2734 | G65: =G41 -> 780.44
A66: 2.2 | B66: Encargos Previdenciários (GPS), FGTS e Outras Contribuições | F66: =F51 -> 0.338 | G66: =G51 -> 964.85
A67: 2.3 | B67: Benefícios Mensais e Diários | G67: =G63 -> 1001.32
A68: TOTAL MÓDULO 2 | G68: =SUM(G65:G67) -> 2746.61
A69: MÓDULO 3 - PROVISÃO PARA RESCISÃO
A70: 3 | B70: Provisão para Rescisão
A71: A | B71: Aviso Prévio Indenizado | F71: =ROUND((1/12)*0.05,4)*0 -> 0 | G71: =ROUND(G$34*F71,2) -> 0
A72: B | B72: Incidência do FGTS sobre Aviso Prévio Indenizado | F72: =ROUND((F71*F50),4)*0 -> 0 | G72: =ROUND(G$34*F72,2) -> 0
A73: C | B73: Multa do FGTS sobre o Aviso Prévio Indenizado | F73: =ROUND((0.08*0.4*0.9)*(1+0.09+0.09+0.3),2)*0 -> 0 | G73: =ROUND(G$34*F73,2) -> 0
A74: D | B74: Aviso Prévio Trabalhado | F74: =ROUND(100%/30*7/12*100%,4)*0 -> 0 | G74: =ROUND(G$34*F74,2) -> 0
A75: E | B75: Incidência de GPS, FGTS e outras contribuições sobre Aviso Prévio Trabalhado | F75: =ROUND(F74*F51,4) -> 0 | G75: =ROUND(G$34*F75,2) -> 0
A76: F | B76: Multa do FGTS sobre o Aviso Prévio Trabalhado. | F76: 0 | G76: =ROUND(G$34*F76,2) -> 0
A77: TOTAL MÓDULO 3 | F77: =SUM(F71:F76) -> 0 | G77: =SUM(G71:G76) -> 0 | H77: =ROUND(G34*F77,2) -> 0
A78: MÓDULO 4 - CUSTO DE REPOSIÇÃO DO PROFISSIONAL AUSENTE
A79: Submódulo 4.1 - Substituto nas Ausências Legais
A80: A | B80: Substituto na cobertura de Férias (Somente se não aportado no submódulo 2.1) | F80: 0 | G80: =ROUND(G$34*F80,2) -> 0
A81: B | B81: Substituto na cobertura de Ausências Legais | F81: =ROUND(((1/30)/12)*1,4)*0 -> 0 | G81: =ROUND(G$34*F81,2) -> 0
A82: C | B82: Substituto na cobertura de Licença Paternidade | F82: =ROUND((((1/30)/12)*5)*0.02,4)*0 -> 0 | G82: =ROUND(G$34*F82,2) -> 0
A83: D | B83: Substituto na cobertura de Ausência por Acidente de Trabalho | F83: =ROUND((((1/30)/12)*15)*0.05,4)*0 -> 0 | G83: =ROUND(G$34*F83,2) -> 0
A84: E | B84: Substituto na cobertura de Afastamento Maternidade (aportar no 4.1.1) | F84: 0 | G84: =ROUND(G$34*F84,2) -> 0
A85: F | B85: Substituto na cobertura de Outras Ausências | F85: =ROUND((((1/30)/12)*5)*0.5,4)*0 -> 0 | G85: =ROUND(G$34*F85,2) -> 0
A86: Total do Submódulo 4.1 | F86: =SUM(F80:F85) -> 0 | G86: =SUM(G80:G85) -> 0 | H86: =ROUND(G34*F86,2) -> 0
A87: Submódulo 4.1.1 - Afastamento Maternidade (120 dias)
A88: A | B88: Férias pagas ao substituto pelos 120 dias de reposição | F88: =ROUND((((ROUND((1/11)+(1/11)/3, 3))*4)/12)*1%,4)*0 -> 0 | G88: =ROUND(G$34*F88,2) -> 0
A89: B | B89: Incidência dos encargos do submódulo 2.2 sobre as férias pagas ao substituto | F89: =ROUND(F88*F51,4) -> 0 | G89: =ROUND(G$34*F89,2) -> 0
A90: C | B90: Incidencia do submódulo 2.2 s/ a remuneração e o 13º proporcionais aos 120 d | F90: =ROUND(ROUND(ROUND(((1+1/12)*4)/12,4)*1%,4)*F51,4)*0 -> 0 | G90: =ROUND(G$34*F90,2) -> 0
A91: D | B91: Outros | F91: 0 | G91: =ROUND(G$34*F91,2) -> 0
A92: Total do Submódulo 4.1.1 | F92: =SUM(F88:F91) -> 0 | G92: =SUM(G88:G91) -> 0 | H92: =ROUND(G34*F92,2) -> 0
A93: Submódulo 4.2 - Intrajornada
A94: A | B94: Cobertura de Intervalo para repouso ou alimentação | F94: =((1/220)*22)*0 -> 0 | G94: =ROUND(G$34*F94,2) -> 0
A95: B | B95: Incidência do Sub módulo 2.2 | F95: =F94*F51 -> 0 | G95: =ROUND(G$34*F95,2) -> 0
A96: Total do Submódulo 4.2 | F96: =SUM(F94:F95) -> 0 | G96: =SUM(G94:G95) -> 0 | H96: =ROUND(G34*F96,2) -> 0
A97: Submódulo 4.2.1 - Cobertura de Feriados, Dias Ponte, e outros (exceto para postos 12 x 36)
A98: A | B98: Cobertura Feriados, Dias Ponte, e outros (exceto para postos 12 x 36) | F98: =((((8*13)/12)/220)+((((8*13)/12)/220)*100%))*0 -> 0 | G98: =ROUND(G$34*F98,2) -> 0
A99: B | B99: Incidência do Sub módulo 2.2 | F99: =F98*F51 -> 0 | G99: =ROUND(G$34*F99,2) -> 0
A100: Total do Submódulo 4.2.1 | F100: =SUM(F98:F99) -> 0 | G100: =SUM(G98:G99) -> 0 | H100: =ROUND(G44*F100,2) -> 0
A101: QUADRO RESUMO - MÓDULO 4
A102: 4.1 | B102: Substituto nas Ausências Legais | F102: =F86 -> 0 | G102: =G86 -> 0
...

Sheet Quadro Resumo M² - CESOR
B1: PROCESSO Nº 125/2025 - LOTE 02
B2: QUADRO RESUMO LICITANTE - CÁLCULO VALOR M²
B3: OBJETO: PRESTAÇÃO DE SERVIÇOS DE LIMPEZA, CONSERVAÇÃO E HIGIENIZAÇÃO EM DIVERSOS ENTREPOSTO DO INTERIOR
B4: ENTRADA DE DADOS
B6: Áreas reais da unidade (em M²) | C6: SOROCABA/SP
B7: Tipos de Áreas (1) | C7: TOTAL | D7: Produtividade/ M² | E7: Dimensionamento de Pessoas | F7: Quant. Mínimo conforme Termo de Referência
B8: ÁREAS INTERNAS | C8: 355.6 | D8: 800 | E8: =C8/D8 -> 0.44 | F8: =ROUNDUP(SUM(E8:E12),0) -> 13
B9: AREAS EXTERNAS | C9: 75915.04 | D9: 6800 | E9: =C9/D9 -> 11.16
B10: ÁREAS ENVIDRAÇADAS | C10: 110.94 | D10: 300 | E10: =C10/D10 -> 0.37
B11: SANITÁRIOS | C11: 52.54 | D11: 200 | E11: =C11/D11 -> 0.26
B12: SANITÁRIOS (Diuturno) | C12: 145.28 | D12: 200 | E12: =C12/D12 -> 0.73
B13: AREAS VERDES | C13: 97000 | D13: 24000 | E13: =C13/D13 -> 4.04 | F13: =ROUND((E13),0) -> 4
B14: ='Agente de Hig_div_turnos_CESOR'!F16 -> Agente de Higienização (Diversos) | F14: ='Agente de Hig_div_turnos_CESOR'!F22 -> 9
B15: ='Agente de Hig_Diuturno_CESOR'!F16 -> Agente de Higienização (Diuturno) | F15: ='Agente de Hig_Diuturno_CESOR'!F22 -> 3
B16: =Jardineiro_CESOR!F16 -> Jardineiro | F16: =Jardineiro_CESOR!F22 -> 2
B17: =Tratorista_CESOR!F16 -> Tratorista | F17: =Tratorista_CESOR!F22 -> 1
B18: ='Ajudante de Tratorista_CESOR'!F16 -> Ajudante de Tratorista | F18: ='Ajudante de Tratorista_CESOR'!F22 -> 1
B19: ='Encarregado de Limpeza_CESOR'!F16 -> Encarregado de Limpeza | F19: ='Encarregado de Limpeza_CESOR'!F22 -> 1
B20: Quantidade mínimo de pessoas conforme Termo de Referência | F20: =SUM(F14:F19) -> 17
B22: Preço do homem-mês (2) : | C22: Valor m.o./ mês
B23: =B14 -> Agente de Higienização (Diversos) | C23: ='Agente de Hig_div_turnos_CESOR'!G140 -> 4996.7
B24: =B15 -> Agente de Higienização (Diuturno) | C24: ='Agente de Hig_Diuturno_CESOR'!G140 -> 5050.78
B25: =B16 -> Jardineiro | C25: =Jardineiro_CESOR!G140 -> 3899.6
B26: =B17 -> Tratorista | C26: =Tratorista_CESOR!G140 -> 4272.07
B27: =B18 -> Ajudante de Tratorista | C27: ='Ajudante de Tratorista_CESOR'!G140 -> 3831.81
B28: =B19 -> Encarregado de Limpeza | C28: ='Encarregado de Limpeza_CESOR'!G140 -> 5895.98
B30: Tipo de área | C30: Produtividade ( I ) (1/m²) (1) | D30: Preço do homem-mês ( II ) | E30: Subtotal (R$/m²) ( I ) x ( II )
B31: área interna
B32: =B23 -> Agente de Higienização (Diversos) | C32: =ROUND(1/(26*D$8),9) -> 4.8077e-05 | D32: =C23 -> 4996.7 | E32: =ROUND(D32*C32,2) -> 0.24
B33: =B24 -> Agente de Higienização (Diuturno) | C33: =ROUND(1/(26*D$8),9) -> 4.8077e-05 | D33: =C24 -> 5050.78 | E33: =ROUND(D33*C33,2) -> 0.24
B34: =B28 -> Encarregado de Limpeza | C34: =ROUND(1/(26*D$8),9) -> 4.8077e-05 | D34: =C28 -> 5895.98 | E34: =ROUND(D34*C34,2) -> 0.28
C35: preço por m² total - área interna | E35: =SUM(E32:E34) -> 0.76
B36: Tipo de área | C36: Produtividade ( I ) (1/m²) (1) | D36: Preço do homem-mês ( II ) | E36: Subtotal (R$/m²) ( I ) x ( II )
B37: área externa
B38: =B23 -> Agente de Higienização (Diversos) | C38: =ROUND(1/(4*D$9),9) -> 3.6765e-05 | D38: =C23 -> 4996.7 | E38: =ROUND(D38*C38,2) -> 0.18
B39: =B24 -> Agente de Higienização (Diuturno) | C39: =ROUND(1/(4*D$9),9) -> 3.6765e-05 | D39: =C24 -> 5050.78 | E39: =ROUND(D39*C39,2) -> 0.19
B40: =B28 -> Encarregado de Limpeza | C40: =ROUND(1/(4*D$9),9) -> 3.6765e-05 | D40: =C28 -> 5895.98 | E40: =ROUND(D40*C40,2) -> 0.22
C41: preço por m² total - área externa | E41: =SUM(E38:E40) -> 0.59
B42: sanitários
B43: =B23 -> Agente de Higienização (Diversos) | C43: =ROUND(1/(26*D$11),9) -> 0.000192308 | D43: =C23 -> 4996.7 | E43: =ROUND(D43*C43,2) -> 0.96
B44: =B28 -> Encarregado de Limpeza | C44: =ROUND(1/(26*D$11),9) -> 0.000192308 | D44: =C28 -> 5895.98 | E44: =ROUND(D44*C44,2) -> 1.13
C45: preço por m² total - sanitários | E45: =SUM(E43:E44) -> 2.09
B46: sanitários (diuturno)
B47: =B24 -> Agente de Higienização (Diuturno) | C47: =ROUND(1/(26*D$12),9) -> 0.000192308 | D47: =C24 -> 5050.78 | E47: =ROUND(D47*C47,2) -> 0.97
B48: =B28 -> Encarregado de Limpeza | C48: =ROUND(1/(26*D$12),9) -> 0.000192308 | D48: =C28 -> 5895.98 | E48: =ROUND(D48*C48,2) -> 1.13
C49: preço por m² total - sanitários | E49: =SUM(E47:E48) -> 2.1
B51: Tipo de área | C51: Produtividade ( I ) (1/m²) (1) | D51: Frequência mês (II) (em horas) | E51: Jornada no mês (III) (em horas) | F51: Coeficiente (ki) ( I )x( II )x( III )=( IV ) | G51: Preço do homem-mês ( V ) | H51: Subtotal(R$/m²) ( IV )x( V )
B53: vidros- fachada interna e externa (3)
B54: =B23 -> Agente de Higienização (Diversos) | C54: =ROUND(1/D$10,9) -> 0.003333333 | D54: =ROUNDUP(((C$10/D$10)*8),2) -> 3 | E54: =ROUND(1/188.76,9) -> 0.005297733 | F54: =ROUND(((C54)*(E54)*(D54)),9) -> 5.2977e-05 | G54: =C23 -> 4996.7 | H54: =ROUND(G54*F54,2) -> 0.26
B55: =B24 -> Agente de Higienização (Diuturno) | C55: =ROUND(1/D$10,9) -> 0.003333333 | D55: =ROUNDUP(((C$10/D$10)*8),2) -> 3 | E55: =ROUND(1/188.76,9) -> 0.005297733 | F55: =ROUND(((C55)*(E55)*(D55)),9) -> 5.2977e-05 | G55: =C24 -> 5050.78 | H55: =ROUND(G55*F55,2) -> 0.27
B56: =B28 -> Encarregado de Limpeza | C56: =ROUND(1/(26*D$10),9) -> 0.000128205 | D56: =ROUNDUP(((C$10/D$10)*8),2) -> 3 | E56: =ROUND(1/188.76,9) -> 0.005297733 | F56: =ROUND(((C56)*(E56)*(D56)),9) -> 2.038e-06 | G56: =C28 -> 5895.98 | H56: =ROUND(G56*F56,2) -> 0.01
G57: preço por m² total - esquadria interna e externa | H57: =ROUND(SUM(H54:H56),2) -> 0.54
B59: Tipo de área | C59: Produtividade ( I ) (1/m²) (1) | D59: Preço do homem-mês ( II ) | E59: Subtotal (R$/m²) ( I ) x ( II )
B60: área verde
B61: =B25 -> Jardineiro | C61: =ROUND(1/(D$13),9) -> 4.1667e-05 | D61: =C25 -> 3899.6 | E61: =ROUND(D61*C61,2) -> 0.16
B62: =B26 -> Tratorista | C62: =ROUND(1/(D$13),9) -> 4.1667e-05 | D62: =C26 -> 4272.07 | E62: =ROUND(D62*C62,2) -> 0.18
B63: =B27 -> Ajudante de Tratorista | C63: =ROUND(1/(D$13),9) -> 4.1667e-05 | D63: =C27 -> 3831.81 | E63: =ROUND(D63*C63,2) -> 0.16
B64: =B28 -> Encarregado de Limpeza | C64: =ROUND(1/(26*D13),9) -> 1.603e-06 | D64: =C28 -> 5895.98 | E64: =ROUND(D64*C64,2) -> 0.01
C65: preço por m² total - área verde | E65: =SUM(E61:E64) -> 0.51
B67: Tipo de área | C67: Preço por m² mensal (R$/m²) | D67: Área (m²) / Mês | E67: Limite por tipo de área(R$) / Mês | F67: Área (M²) / 12 Meses | G67: Limite por tipo de Área (R$) 12 Meses
B69: área interna | C69: =E35 -> 0.76 | D69: =C8 -> 355.6 | E69: =ROUND(D69*C69,2) -> 270.26 | F69: =D69*12 -> 4267.2 | G69: =E69*12 -> 3243.12
B70: área externa | C70: =E41 -> 0.59 | D70: =C9 -> 75915.04 | E70: =ROUND(D70*C70,2) -> 44789.87 | F70: =D70*12 -> 910980.48 | G70: =E70*12 -> 537478.44
B71: áreas envidraçadas | C71: =H57 -> 0.54 | D71: =C10 -> 110.94 | E71: =ROUND(D71*C71,2) -> 59.91 | F71: =D71*12 -> 1331.28 | G71: =E71*12 -> 718.92
B72: sanitários | C72: =E45 -> 2.09 | D72: =C11 -> 52.54 | E72: =ROUND(D72*C72,2) -> 109.81 | F72: =D72*12 -> 630.48 | G72: =E72*12 -> 1317.72
B73: sanitários (diuturno) | C73: =E49 -> 2.1 | D73: =C12 -> 145.28 | E73: =ROUND(D73*C73,2) -> 305.09 | F73: =D73*12 -> 1743.36 | G73: =E73*12 -> 3661.08
B74: áreas verdes | C74: =E65 -> 0.51 | D74: =C13 -> 97000 | E74: =ROUND(D74*C74,2) -> 49470 | F74: =D74*12 -> 1164000 | G74: =E74*12 -> 593640
A75: % | B75: Limite Máximo Contratação por Tipo de Área mensal (R$) | G75: =SUM(E69:E74) -> 95004.94
B76: Limite Máximo Contratação por Tipo de Área - Período de 12 Meses (R$) | G76: =G75*12 -> 1140059.3
B77: Insumos Diversos Mensal (R$) | G77: ='Insumos Diversos'!J136 -> 0
B78: Insumos Diversos - Período de 12 Meses (R$) | G78: =G77*12 -> 0
B79: TOTAL MENSAL MÃO DE OBRA + INSUMOS DIVERSOS | G79: =SUM(G75,G77) -> 95004.94
B80: TOTAL POR 12 MESES DA MÃO DE OBRA + INSUMOS DIVERSOS | G80: =G79*12 -> 1140059.3
B81: Observações:
B82: (1) Produtividades auferidas de acordo com o Termo de Referência e informações enviadas pela área gestora.
B83: (2) O preço do homem-mês está acrescido da provisão dos insumos diversos.
B84: (3) Freqüência em horas por mês, no caso da área de vidros - fachada externa.
B85: (4) Freqüência em horas por mês, no caso da área de vidros - fachada interna.
B86: Os valores contidos neste quadro devem espelhar a PROPOSTA COMERCIAL.

Sheet Quadro Resumo Geral M²
B1: PROCESSO Nº 125/2025 - LOTE 02
B2: QUADRO RESUMO GERAL - PROPOSTA LICITANTE
B3: OBJETO: PRESTAÇÃO DE SERVIÇOS DE LIMPEZA E CONSERVAÇÃO NOS ENTREPOSTOS DO INTERIOR
B4: ENTREPOSTO DE GUARATINGUETÁ/SP
B6: Tipo de área | C6: Preço por m² mensal (R$/m²) | D6: Área (m²) / Mês | E6: Limite por tipo de área(R$) / Mês | F6: Área (m²) / Anual | G6: Limite por tipo de área(R$) Anual
B8: área interna | C8: ='Quadro Resumo M² - CEGUA'!C48 -> 0.24 | D8: ='Quadro Resumo M² - CEGUA'!D48 -> 273.97 | E8: =ROUND(D8*C8,2) -> 65.75 | F8: =D8*12 -> 3287.64 | G8: =E8*12 -> 789
B9: área externa | C9: ='Quadro Resumo M² - CEGUA'!C49 -> 0.14 | D9: ='Quadro Resumo M² - CEGUA'!D49 -> 9323.57 | E9: =ROUND(D9*C9,2) -> 1305.3 | F9: =D9*12 -> 111882.84 | G9: =E9*12 -> 15663.6
B10: áreas envidraçadas | C10: ='Quadro Resumo M² - CEGUA'!C50 -> 0.09 | D10: ='Quadro Resumo M² - CEGUA'!D50 -> 43.93 | E10: =ROUND(D10*C10,2) -> 3.95 | F10: =D10*12 -> 527.16 | G10: =E10*12 -> 47.4
B11: sanitários | C11: ='Quadro Resumo M² - CEGUA'!C51 -> 0.94 | D11: ='Quadro Resumo M² - CEGUA'!D51 -> 52.35 | E11: =ROUND(D11*C11,2) -> 49.21 | F11: =D11*12 -> 628.2 | G11: =E11*12 -> 590.52
B12: sanitários diuturno | C12: ='Quadro Resumo M² - CEGUA'!C52 -> 0 | D12: ='Quadro Resumo M² - CEGUA'!D52 -> 0 | E12: =ROUND(D12*C12,2) -> 0 | F12: =D12*12 -> 0 | G12: =E12*12 -> 0
B13: áreas verdes | C13: ='Quadro Resumo M² - CEGUA'!C53 -> 0.45 | D13: ='Quadro Resumo M² - CEGUA'!D53 -> 11100 | E13: =ROUND(D13*C13,2) -> 4995 | F13: =D13*12 -> 133200 | G13: =E13*12 -> 59940
B14: Limite Máximo Contratação Mensal (R$) | G14: =SUM(E8:E13) -> 6419.21
B15: Limite Máximo Contratação - Período de 12 Meses (R$) | G15: =G14*12 -> 77030.52
B16: Insumos Diversos Mensal (R$) | G16: ='Insumos Diversos'!D136 -> 0
B17: Insumos Diversos - Período de 12 Meses (R$) | G17: =G16*12 -> 0
B18: TOTAL MENSAL MÃO DE OBRA + INSUMOS DIVERSOS | G18: =SUM(G14,G16) -> 6419.21
B19: TOTAL POR 12 MESES DA MÃO DE OBRA + INSUMOS DIVERSOS | G19: =G18*12 -> 77030.52
B20: Agente de Higienização | G20: ='Quadro Resumo M² - CEGUA'!F14 -> 1
B21: Jardineiro | G21: ='Quadro Resumo M² - CEGUA'!F15 -> 1
B22: Quantidade mínima de pessoas conforme Termo de Referência | G22: =SUM(G20:G21) -> 2
B23: ENTREPOSTO DE PIRACICABA/SP
B25: Tipo de área | C25: Preço por m² mensal (R$/m²) | D25: Área (m²) / Mês | E25: Limite por tipo de área(R$) / Mês | F25: Área (m²) / Anual | G25: Limite por tipo de área(R$) Anual
B27: área interna | C27: ='Quadro Resumo M² - CEPIR'!C53 -> 0.3 | D27: ='Quadro Resumo M² - CEPIR'!D53 -> 632.56 | E27: =ROUND(D27*C27,2) -> 189.77 | F27: =D27*12 -> 7590.72 | G27: =E27*12 -> 2277.24
B28: área externa | C28: ='Quadro Resumo M² - CEPIR'!C54 -> 0.5 | D28: ='Quadro Resumo M² - CEPIR'!D54 -> 18822.37 | E28: =ROUND(D28*C28,2) -> 9411.19 | F28: =D28*12 -> 225868.44 | G28: =E28*12 -> 112934.28
B29: áreas envidraçadas | C29: ='Quadro Resumo M² - CEPIR'!C55 -> 0.18 | D29: ='Quadro Resumo M² - CEPIR'!D55 -> 65.71 | E29: =ROUND(D29*C29,2) -> 11.83 | F29: =D29*12 -> 788.52 | G29: =E29*12 -> 141.96
B30: sanitários | C30: ='Quadro Resumo M² - CEPIR'!C56 -> 1.19 | D30: ='Quadro Resumo M² - CEPIR'!D56 -> 54.58 | E30: =ROUND(D30*C30,2) -> 64.95 | F30: =D30*12 -> 654.96 | G30: =E30*12 -> 779.4
B31: sanitários (diuturno) | C31: ='Quadro Resumo M² - CEPIR'!C57 -> 0 | D31: ='Quadro Resumo M² - CEPIR'!D57 -> 0 | E31: =ROUND(D31*C31,2) -> 0 | F31: =D31*12 -> 0 | G31: =E31*12 -> 0
B32: áreas verdes | C32: ='Quadro Resumo M² - CEPIR'!C58 -> 0.21 | D32: ='Quadro Resumo M² - CEPIR'!D58 -> 22000 | E32: =ROUND(D32*C32,2) -> 4620 | F32: =D32*12 -> 264000 | G32: =E32*12 -> 55440
B33: Limite Máximo Contratação mensal (R$) | G33: =SUM(E27:E32) -> 14297.74
B34: Limite Máximo Contratação - Período de 12 Meses (R$) | G34: =SUM(G27:G32) -> 171572.88
B35: Insumos Diversos Mensal (R$) | G35: ='Quadro Resumo M² - CEPIR'!G61 -> 0
B36: Insumos Diversos - Período de 12 Meses (R$) | G36: =G35*12 -> 0
B37: Ajudante de Serviços Diversos - Mensal (R$) | G37: ='Ajud. de Serv. Diversos_CEPIR'!G142 -> 4483.56
B38: Ajudante de Serviços Diversos - Período de 12 Meses (R$) | G38: =G37*12 -> 53802.72
B39: TOTAL MENSAL MÃO DE OBRA + AJUDANTE DE SERVIVOS DIVERSOS + INSUMOS DIVERSOS | G39: =SUM(G33,G35,G37) -> 18781.3
B40: TOTAL POR 12 MESES DA MÃO DE OBRA + AJUDANTE DE SERVIÇOS DIVERSOS + INSUMOS DIVERSOS | G40: =G39*12 -> 225375.6
B41: ='Agente de Higienização_CEPIR'!F16 -> Agente de Higienização | G41: ='Agente de Higienização_CEPIR'!F22 -> 5
B42: =Jardineiro_CEPIR!F16 -> Jardineiro | G42: =Jardineiro_CEPIR!F22 -> 1
B43: ='Ajud. de Serv. Diversos_CEPIR'!F16 -> Ajudante de Serviços Diversos | G43: ='Ajud. de Serv. Diversos_CEPIR'!F22 -> 1
B44: Quantidade mínimo de pessoas conforme Termo de Referência | G44: =SUM(G41:G43) -> 7
B45: ENTREPOSTO DE SÃO JOSÉ DOS CAMPOS/SP
B47: Tipo de área | C47: Preço por m² mensal (R$/m²) | D47: Área (m²) / Mês | E47: Limite por tipo de área(R$) / Mês | F47: Área (m²) / Anual | G47: Limite por tipo de área(R$) Anual
B49: área interna | C49: ='Quadro Resumo M² - CESJC'!C64 -> 0.74 | D49: ='Quadro Resumo M² - CESJC'!D64 -> 613.65 | E49: =ROUND(D49*C49,2) -> 454.1 | F49: =D49*12 -> 7363.8 | G49: =E49*12 -> 5449.2
B50: área externa | C50: ='Quadro Resumo M² - CESJC'!C65 -> 0.63 | D50: ='Quadro Resumo M² - CESJC'!D65 -> 50562.16 | E50: =ROUND(D50*C50,2) -> 31854.16 | F50: =D50*12 -> 606745.92 | G50: =E50*12 -> 382249.92
B51: áreas envidraçadas c/ expos.risco | C51: ='Quadro Resumo M² - CESJC'!C66 -> 0.53 | D51: ='Quadro Resumo M² - CESJC'!D66 -> 82.84 | E51: =ROUND(D51*C51,2) -> 43.91 | F51: =D51*12 -> 994.08 | G51: =E51*12 -> 526.92
B52: sanitários | C52: ='Quadro Resumo M² - CESJC'!C67 -> 1.93 | D52: ='Quadro Resumo M² - CESJC'!D67 -> 51.67 | E52: =ROUND(D52*C52,2) -> 99.72 | F52: =D52*12 -> 620.04 | G52: =E52*12 -> 1196.64
B53: sanitários - Diuturno | C53: ='Quadro Resumo M² - CESJC'!C68 -> 1.98 | D53: ='Quadro Resumo M² - CESJC'!D68 -> 88.82 | E53: =ROUND(D53*C53,2) -> 175.86 | F53: =D53*12 -> 1065.84 | G53: =E53*12 -> 2110.32
B54: áreas verdes | C54: ='Quadro Resumo M² - CESJC'!C69 -> 0.28 | D54: ='Quadro Resumo M² - CESJC'!D69 -> 16000 | E54: =ROUND(D54*C54,2) -> 4480 | F54: =D54*12 -> 192000 | G54: =E54*12 -> 53760
B55: Limite Máximo Contratação mensal (R$) | G55: =SUM(E49:E54) -> 37107.75
B56: Limite Máximo Contratação - Período de 12 Meses (R$) | G56: =G55*12 -> 445293
B57: Insumos Diversos Mensal (R$) | G57: ='Quadro Resumo M² - CESJC'!G72 -> 0
B58: Insumos Diversos - Período de 12 Meses (R$) | G58: =G57*12 -> 0
B59: TOTAL MENSAL MÃO DE OBRA + INSUMOS DIVERSOS | G59: =SUM(G55,G57) -> 37107.75
B60: TOTAL POR 12 MESES DA MÃO DE OBRA + INSUMOS DIVERSOS | G60: =G59*12 -> 445293
B61: ='Quadro Resumo M² - CESJC'!B14 -> Agente de Higienização - Diuturno | G61: ='Quadro Resumo M² - CESJC'!F14 -> 2
B62: ='Quadro Resumo M² - CESJC'!B15 -> Agente de Higienização | G62: ='Quadro Resumo M² - CESJC'!F15 -> 7 | H62: =SUM(G61:G62) -> 9
B63: ='Quadro Resumo M² - CESJC'!B16 -> Jardineiro | G63: ='Quadro Resumo M² - CESJC'!F16 -> 1
B64: ='Quadro Resumo M² - CESJC'!B17 -> Agente de Higienização - Líder | G64: ='Quadro Resumo M² - CESJC'!F17 -> 1
B65: Quantidade mínimo de pessoas conforme Termo de Referência | G65: =SUM(G61:G64) -> 11
B66: ENTREPOSTO DE SOROCABA/SP
B68: Tipo de área | C68: Preço por m² mensal (R$/m²) | D68: Área (m²) / Mês | E68: Limite por tipo de área(R$) / Mês | F68: Área (m²) / Anual | G68: Limite por tipo de área(R$) Anual
